Workbook

Sheet Tudalen Flaen
B1: Offeryn i Ddefnyddwyr: Amcangyfrifon o'r Angen am Dai yng Nghymru yn ôl Deiliadaeth (yn seiliedig ar 2018)
B2: Fersiwn: | C2: 1
B3: Dyddiad Cyhoeddi: | C3: 5 Mehefin 2019
B4: Manylion Cyswllt: | C4: ystadegau.tai@llyw.cymru
B6: Cyfarwyddiadau
B7: Mae'r offeryn hwn yn caniatáu i ddefnyddwyr archwilio amcangyfrifon o'r angen am dai yng Nghymru yn ôl Deiliadaeth, ac mae'n cynnwys yr opsiwn i newid y rhagdybiaethau sylfaenol a ffynonellau'r data. Ym mis Ionawr 2019, cyhoeddodd Llywodraeth Cymru amcangyfrifon cyffredinol o'r angen am dai ychwanegol ar lefel cenedlaethol a rhanbarthol dros gyfnod o 20 mlynedd (2018/19 i 2037/38). Yn dilyn hyn, cafwyd ail gyhoeddiad sy'n rhannu'r acmangyfrifon cyffredinol ar gyfer y pum mlynedd cyntaf i ddeiliadaeth tai (naill ai marchnad neu fforddiadwy). Ceir dolen at yr erthyglau yma isod ac maent yn rhoi'r gwybodaeth gefndirol berthnasol i'r adnodd hwn. At ddiben yr adroddiad hwn, diffinnir tai'r farchnad a thai fforddiadwy fel a ganlyn: Tai'r Farchnad: Unedau tai sydd â pherchennog-ddeiliad neu a rentir yn breifat. Mae'n cynnwys unedau tai Cymorth i Brynu a Pherchentyaeth Cost Isel Canolradd (ee Cymorth Prynu a Rhanberchnogaeth). Tai Fforddiadwy : Tai cymdeithasol a thai rhent canolradd. Nid yw'n cynnwys unedau tai Perchentyaeth Cost Isel Canolradd. Fel y trafodwyd yn yr erthygl ystadegol (dolen isod), mae'r offeryn hwn hefyd yn caniatáu i ddefnyddwyr archwilio amcangyfrifon sydd wedi'u rhannu yn bedair deiliadaeth. Ceir taflenni gwahanol ar gyfer pob un o'r ardaloedd daearyddol (Cymru, Gogledd Cymru, Canolbarth a De-orllewin Cymru, De-ddwyrain Cymru). Yn y daflen sy'n dangos Rhaniad y Ddeiliadaeth (CYMRU), mae gan ddefnyddwyr yr opsiwn i newid ffynonellau'r data a'r rhagdybiaethau sylfaenol. Darllenwch drwy'r CANLLAWIAU AR NEWIDYNNAU a fydd yn egluro sut y mae pob newidyn yn cael ei ddefnyddio a ffynhonnell y newidyn sydd wedi'i ragosod. Ar ôl dewis o'r blychau glas, bydd cyfarwyddiadau'n ymddangos er mwyn gallu cyflwyno data. Ar ôl cwblhau mewnbynnu'r data, bydd amcangyfrifon yn ymddangos ar ffurf siartiau a thablau a rhywfaint o sylwadau am y rhagdybiaethau a ddewiswyd.
B25: Mae'r holl gelloedd sy'n cynnig opsiwn i ddefnyddwyr ddewis neu fewnbynnu data wedi'u lliwio'n las.
B27: Ymwadiad
B28: Nid yw'r amcangyfrifon a gynhyrchwyd gan ddefnyddio'r Offeryn i Ddefnyddwyr: Amcangyfrifon o'r Angen am Dai yng Nghymru yn ôl Deiliadaeth yn ffigurau swyddogol a gynhyrchwyd nac a gymeradwywyd gan Lywodraeth Cymru. Mae gan ddefnyddwyr yr opsiwn i drawsysgrifo'r rhagdybiaethau sylfaenol i archwilio'r effaith y byddai'r newid yn ei gael ar yr amcangyfrifon. Nid targedau ar gyfer tai yw'r amcangyfrifon hyn. Amcangyfrifon o'r angen am dai yn ôl deiliadaeth wedi'u seilio ar set o ragdybiaethau ydynt. Wrth rannu unrhyw amcangyfrifon sydd wedi'u cynhyrchu gan yr offeryn pan fydd defnyddwyr wedi cyflwyno eu rhagdybiaethau eu hunain, rhaid i hynny gael ei ddatgan yn glir.
B33: Disgrifiad o'r Taflenni
B34: Enw | C34: Disgrifiad
B35: Canllawiau ar Newidynnau | C35: Yn rhestru'r newidynnau sydd eu hangen i'w rhannu yn ddeiliadaeth, pam y mae eu hangen a ffynhonnell y newidyn sydd wedi'i ragosod (os yw'n berthnasol)
B36: Rhaniad y Ddeiliadaeth (Cymru) | C36: Yn caniatáu i ddefnyddwyr archwilio amcangyfrifon o unedau tai ychwanegol yng Nghymru wedi'u rhannu yn ôl deiliadaeth (rhaniad o ddwy ddeiliadaeth a rhaniad o bedair deiliadaeth)
B37: Rhaniad y Ddeiliadaeth (Gogledd Cymru) | C37: Yn caniatáu i ddefnyddwyr archwilio amcangyfrifon o unedau tai ychwanegol yng Ngogledd Cymru wedi'u rhannu yn ôl deiliadaeth (rhaniad o ddwy ddeiliadaeth a rhaniad o bedair deiliadaeth)
B38: Rhaniad y Ddeiliadaeth (Canolbarth a De-orllewin Cymru) | C38: Yn caniatáu i ddefnyddwyr archwilio amcangyfrifon o unedau tai ychwanegol yng Nghanolbarth a De-orllewin Cymru wedi'u rhannu yn ôl deiliadaeth (rhaniad o ddwy ddeiliadaeth a rhaniad o bedair deiliadaeth)
B39: Rhaniad y Ddeiliadaeth (De-ddwyrain Cymru) | C39: Yn caniatáu i ddefnyddwyr archwilio amcangyfrifon o unedau tai ychwanegol yn Ne-ddwyrain Cymru wedi'u rhannu yn ôl deiliadaeth (rhaniad o ddwy ddeiliadaeth a rhaniad o bedair deiliadaeth)
B40: Cyfrifiadau - Cymru | C40: Cyfrifiadau cam wrth gam o amcangyfrifon wedi'u rhannu yn ôl deiliadaeth (Cymru)
B41: Cyfrifiadau - Gogledd Cymru | C41: Cyfrifiadau cam wrth gam o amcangyfrifon wedi'u rhannu yn ôl deiliadaeth (Gogledd Cymru)
B42: Cyfrifiadau - Canolbarth a De-orllewin Cymru | C42: Cyfrifiadau cam wrth gam o amcangyfrifon wedi'u rhannu yn ôl deiliadaeth (Canolbarth a De-orllewin Cymru)
B43: Cyfrifiadau - De-ddwyrain Cymru | C43: Cyfrifiadau cam wrth gam o amcangyfrifon wedi'u rhannu yn ôl deiliadaeth (De-ddwyrain Cymru)
B44: Amcanestyniadau o Aelwydydd | C44: Holl Amrywiolion Amcanestyniadau o Aelwydydd
B45: Rhagdybiaethau Blynyddol | C45: Yr holl ragdybiaethau sy'n gyson drwy gydol cyfnod o bum mlynedd yr amcangyfrifon
... B58: Map Rhanbarthol | C58: Map o'r tair rhanbarth economaidd yng Nghymru
B60: Dolenni defnyddiol
B61: Erthygl Ystadegol ar Raniad Deiliadaeth Amcangyfrifon Tai
B62: Erthygl Ystadegol ar Gyfanswm yr Unedau Tai Ychwanegol
B68: Mae'r holl gynnwys ar gael o dan Drwydded Llywodraeth Agored f3.0, oni nodir fel arall.

Sheet Canllawiau ar Newidynnau
B1: Canllawiau ar y Newidynnau
B2: Mae'r daflen hon yn cynnig arweiniad ar bob un o'r newidynnau sydd eu hangen i gynhyrchu amcangyfrifon yn ôl rhaniad y ddeiliadaeth.
C6: Newidyn | D6: Disgrifiad o'r newidyn | E6: Sylwadau ar y Newidyn sydd wedi'i Ragosod | F6: Ffynhonnell y Newidyn sydd wedi'i Ragosod | G6: Nodiadau
B7: Mae angen y newidynnau hyn i gynhyrchu amcangyfrifon wedi'u rhannu yn ddwy ddeiliadaeth (ar y farchnad a fforddiadwy). | C7: Ffynonellau Data (rhaniad 2 ddeiliadaeth)
C8: Amcanestyniadau o Aelwydydd | D8: Defnyddir amcanestyniadau aelwydydd i gyfrifo'r angen newydd sy’n codi’n flynyddol. Diffinnir angen newydd sy’n codi fel nifer amcanestynedig o aelwydydd newydd bydd angen tai ychwanegol arnynt am gyfnod yn y dyfodol. Mae nifer o newidynnau o amcanestyniadau aelwydydd: - Prif Amcanestyniadau (y sail ar gyfer amcanion canolog angen tai) - Amrywiolyn uwch - Amrywiolyn is - Amrywiolyn Ymfudo Cymedrig Deng Mlynedd - Amrywiolyn Dim Ymfudo | E8: Defnyddir Amcanestyniadau Aelwydydd sy'n seiliedig ar 2014 gan Lywodraeth Cymru fel y ffynhonnell sydd wedi'i rhagosod ar gyfer lefel genedlaethol a lefel ranbarthol. Mae gan ddefnyddwyr yr opsiwn i ddewis amrywiolyn amcanestyniadau aelwydydd y maent yn ei ddefnyddio. Ceir diffiniadau llawn o'r gwahanol amrywiolion yn yr erthygl ystadegol gyntaf. | F8: https://llyw.cymru/amcanestyniadau-aelwydydd-awdurdodau-lleol-sail-2014 | G8: Mae amcanestyniadau aelwydydd Awdurdodau lleol wedi'u cyfansymu i gyfrifo amcanestyniadau cenedlaethol a rhanbarthol.
C9: Yr Angen Presennol nas Diwallwyd | D9: Defnyddir amcangyfrifon o'r angen presennol nas diwallwyd ynghyd ag amcanestyniadau aelwydydd i amcangyfrif yr angen cyffredinol am unedau tai ychwanegol. Diffinnir yr angen presennol nas diwallwyd fel nifer yr aelwydydd sydd heb fynediad i dai digonol ac y byddai angen uned tai ychwanegol. Ni chaiff y rheini a all fod angen tai mwy priodol na fyddai angen tai ychwanegol arnynt eu cynnwys yn y dadansoddiad hwn. | E9: Mae'r amcangyfrifon sydd wedi'u rhagosod o'r angen presennol nas diwallwyd yn cynnwys dwy agwedd: aelwydydd digartref mewn llety dros dro (ciplun ar ddiwedd mis Mehefin 2018) ac aelwydydd sy'n orlawn ac yn gudd (Cyfrifiad 2011). | F9: https://statscymru.llyw.cymru/Catalogue/Housing/Homelessness/Temporary-Accommodation/householdsaccommodatedtemporarily-by-accommodationtype-householdtype https://cy.ons.gov.uk/peoplepopulationandcommunity/housing/adhocs/008905ct08512011census?:uri=peoplepopulationandcommunity/housing/adhocs/008905ct08512011census | G9: Daw'r data am aelwydydd sy'n orlawn ac yn gudd o Gyfrifiad 2011.
C10: Incwm yr Aelwyd | D10: Mae dosbarthiad incwm yr aelwyd yn ofynnol (ynghyd â meini prawf fforddiadwyedd pob deiliadaeth) ar lefel genedlaethol a rhanbarthol i gyfrifo pa gyfran o'r angen newydd sy’n codi fyddai'n addas ar gyfer pob deiliadaeth tai. | E10: At ddibenion y gwaith hwn, caiff incwm yr aelwyd ei ddiffinio'n incwm gros yr aelwyd nad yw'n cyfrif cyfwerthedd ar gyfer pob oedolyn sy'n byw yn yr aelwyd, yn deillio o gwestiynau manwl ar incwm yn Arolwg Cenedlaethol Cymru 2017. Mae hynny'n cynnwys budd-daliadau a lwfansau sy'n gysylltiedig â thai.
C11: Prisiau Rhenti Preifat | D11: Defnyddir data canolrif a 30 canradd rhent preifatar lefel genedlaethol a rhanbarthol ynghyd â dosbarthiad incwm aelwydydd er mwyn sefydlu faint o aelwydydd sydd yn addas ar gyfer tai’r farchnad. | E11: Defnyddir Data ar Renti Preifat a gasglwyd gan swyddogion rhenti Llywodraeth Cymru fel y data wedi'u rhagosod. Mae'r gwerthoedd canolrifol a 30 canradd wedi'u cymryd o Orffennaf 2017 - Mehefin 2018. | F11: https://llyw.cymru/rhenti-yn-y-sector-preifat-2017 | G11: Mae'r data a ddefnyddiwyd at bwrpas y gwaith hwn yn cynnwys aelwydydd sydd yn derbyn cymhorthdal tai yn ogystal a aelwydydd myfyrwyr. Caiff y rhain eu heithrio o'r data a gyhoeddir ar StatsCymru ac felly nid oes modd cymharu'r data.
C12: Rhagdybiaethau Blynyddol Penodol (rhaniad 2 ddeiliadaeth)
C13: Meini Prawf Fforddiadwyedd (Marchnad) | D13: Mae'r dybiaeth yn ofynnol er mwyn cyfrifo (ynghyd â phris canolrif rhent preifat) yr incwm gofynnol sydd ei angen i fforddio tai ar y farchnad (rhent preifat neu berchen-feddiannydd). | E13: Byddai aelwydydd a fyddai'n gwario llai na 30% o incwm yr aelwyd ar rent preifat canolrifol yn addas ar gyfer rhentu'n breifat. Wrth i'r trothwy incwm aelwyd gynyddu (ee aelwydydd sy'n gwario llai na 35% o incwm aelwyd ar rhent canolrifol yn addas ar gyfer rhent preifat) felly hefyd fydd nifer yr aelwydydd a fyddai'n addas i rentu'n breifat.
C14: Blynyddoedd i gael gwared ar yr ôl-groniad | D14: Dyma'r hyd amser fydd angen i ddiwallu'r holl aelwydydd a chanddynt angen presennol nas diwallwyd. | E14: Y dybiaeth ragosod yw y bydd yn cymryd 5 mlynedd i gael gwared ar yr ôl-groniad o angen presennol nas diwallwyd. Casgliad y grŵp technegol oedd ei bod yn rhesymol i dybio y dylid cael gwared ar yr angen presennol o fewn 5 mlynedd. | F14: https://llyw.cymru/angen-ar-galw-am-dai-sail-2018
C15: Rhagdybiaethau 5 mlynedd (rhaniad 2 ddeiliadaeth)
C16: Newid i Incwm Canolrifol yr Aelwyd | D16: I ragweld tyfiant incwm yr aelwyd | E16: Mae’r Swyddfa Cyfrifoldeb Cyllidebol (OBR) yn cyhoeddi rhagolygon o incwm aelwydydd. Tra bo’r rhagolygon ar lefel DU mae wedi’i ddefnyddio ar lefel cenedlaethol a rhanbarthol yng Nghymru. Mae’r rhagolwg yn nodi twf o oddeutu 3% bob blwyddyn ar gyfer y cyfnod o bum mlynedd. | F16: https://obr.uk/download/march-2019-economic-and-fiscal-outlook-supplementary-economy-tables/ (Table 1.13) | G16: Defnyddiwyd rhagolygon ar gyfer blynyddoedd ariannol sydd ychydig yn wahanol i'r cyfnodau canol blwyddyn a ddefnyddir yn yr amcangyfrifon o dai ychwanegol.
C17: Newid i Ddosbarthiad Incwm yr Aelwyd | D17: I ragweld sut y bydd dosbarthiad incwm yr aelwyd yn newid dros amser. | E17: Yn seiliedig ar y llenyddiaeth sydd ar gael, y dybiaeth ragosod yw y bydd, dros amser, mwy o anghydraddoldeb yn nosbarthiad incwm aelwydydd. Mae hyn yn golygu y bydd aelwydydd incwm uchel yn cynyddu yn gynt na'r rhai o gartrefi incwm isel.
C18: Newid i brisiau rhenti | D18: I ragweld tyfiant prisiau rhenti preifat. | E18: Cyhoeddodd y Swyddfa Cyfrifoldeb Cyllidebol (OBR) ei Rhagolygon Economaidd a Chyllidol diweddaraf ym mis Mawrth 2019. Maent yn datgan y tybir bod rhenti preifat yn cynyddu yn unol â'u rhagolygon o enillion cyfartalog. Tra bo’r rhagolygon ar lefel DU mae wedi’i ddefnyddio ar lefel cenedlaethol a rhanbarthol yng Nghymru. Mae’r rhagolwg yn nodi twf o oddeutu 3% bob blwyddyn ar gyfer y cyfnod o bum mlynedd. | F18: https://obr.uk/download/march-2019-economic-and-fiscal-outlook-supplementary-economy-tables/ (Table 1.6) | G18: Defnyddiwyd rhagolygon ar gyfer blynyddoedd ariannol sydd ychydig yn wahanol i'r cyfnodau canol blwyddyn a ddefnyddir yn yr amcangyfrifon o dai ychwanegol.
B19: Mae angen y newidynnau ychwanegol hyn i gynhyrchu amcangyfrifon wedi'u rhannu yn bedair deiliadaeth (perchen-feddiannydd, rhent preifat, rhent canolradd a chymdeithasol). | C19: Ffynonellau Data (rhaniad 4 deiliadaeth)
C20: Dosbarthiad Prisiau Tai | D20: Mae'n ofynnol i brisiau tai sy'n addas ar gyfer tai'r farchnad agored gael eu dyrannu i berchen-feddianwyr a rhenti preifat. | E20: Mae data ar brisiau tai ar gael drwy set ddata Cofrestrfa Tir ar brisiau a dalwyd. | F20: http://landregistry.data.gov.uk/app/ppd/ | G20: Data yn gywir ar 6 Rhagfyr 2018.
C21: Rhagdybiaethau Blynyddol Penodol (rhaniad 4 deiliadaeth)
C22: Cymhareb Incwm Prynwyr am y Tro Cyntaf | D22: Mae angen y newidyn hwn er mwyn rhannu'r farchnad tai i berchen-feddianwyr a rhenti preifat. Y gymhareb fforddiadwyedd yw sawl gwaith eu hincwm y gall prynwyr tro cyntaf ddisgwyl talu am dŷ. | E22: Mae Cyllid y DU (a adwaenir gynt fel Cyngor Benthycwyr Morgeisi) yn cyhoeddi ffigurau chwarterol ar lefel Cymru. | F22: https://www.ukfinance.org.uk/data-and-research/data/mortgages/regional-lending-trends
C23: Canradd y Prynwyr sy'n Prynu Eiddo am y Tro Cyntaf | D23: Defnyddir y newidyn hwn ar y cyd gyda'r uchod i ddarganfod faint o incwm yr aelwyd sydd angen i Brynwyr am y Tro Cyntaf fedru prynu tŷ. | E23: O gymharu'r pris cyfartalog a dalwyd gan brynwyr am y tro cyntaf yng Nghymru yn ôl yr hyn a gyhoeddwyd gan y Swyddfa Ystadegau Gwladol â dosbarthiad set ddata Cofrestrfa Tir ar brisiau a dalwyd, mae prynwyr am y tro cyntaf yng Nghymru yn tueddu i allu prynu eiddo am y tro cyntaf yn ôl 40 canradd.
C24: Prynwyr sy'n mynd ymlaen i brynu eiddo am y tro cyntaf (nid oes newidyn wedi'i ragosod) | D24: Mae'r newidyn hwn yn ystyried na fydd pob aelwyd sy'n medru fforddio prynu tŷ (yn seiliedig ar y rhagdybiaeth uchod) mewn gwirionedd yn parhau i wneud hynny, unai drwy ddewis neu amgylchiad | E24: Ni chanfuwyd tystiolaeth gadarn er mwyn gwneud rhagdybiaeth gredadwy am y newidyn hwn yng Nghymru. Rhaid i ddefnyddwyr gyflwyno eu gwerth eu hunain i weld amcangyfrifon wedi'u rhannu yn bedair deiliadaeth. | G24: Heb ei ragosod.
C25: Meini Prawf Fforddiadwyedd (Cymdeithasol) | D25: Er mwyn dyrannu'r rheini a ystyrir yn addas ar gyfer rhent fforddiadwy i rhent cymdeithasol a chanolradd, mae gofyn am ragdybiaeth o ba aelwydydd sy'n addas ar gyfer rhent cymdeithasol. | E25: Byddai aelwydydd fyddai’n gwario mwy na 35% o incwm yr aelwyd ar renti 30 canradd yn addas ar gyfer tai cymdeithasol. Wrth i'r trothwy incwm aelwyd ostwng (ee aelwydydd sy'n mwy llai na 30% o incwm aelwyd ar rhent canolrifol yn addas ar gyfer tai cymdeithasol) bydd mwy o aelwydydd yn addas ar gyfer tai cymdeithasol
C26: Rhagdybiaethau 5 mlynedd (rhaniad 4 deiliadaeth)
C27: Newid i brisiau tai | D27: I ragweld tyfiant mewn prisiau tai. | E27: Mae'r Swyddfa Cyfrifoldeb Cyllidebol (OBR) yn cynhyrchu rhagolygon o brisiau tai ar gyfer y DU. | F27: https://www.ukfinance.org.uk/data-and-research/data/mortgages/regional-lending-trends | G27: Defnyddiwyd rhagolygon ar gyfer blynyddoedd ariannol sydd ychydig yn wahanol i'r cyfnodau canol blwyddyn a ddefnyddir yn yr amcangyfrifon o dai ychwanegol.

Sheet Cyngor
B2: Mae'r daflen hon yn anelu i roi cyngor defnyddiol ar gyfer defnyddio a llywio'r adnodd. Os ydych yn meddwl y byddai cyngor ychwanegol yn ddefnyddiol, cysylltwch â ni os gwelwch yn dda (manylion cyswllt ar y dudalen flaen).
B5: Defnydd cyffredinol o'r adnodd
B7: • Mae celloedd sydd wedi'u lliwio'n las yn nodi y gallwch ddewis o ddewislen, ychwanegu data, neu glicio ar fotwm.
B8: • Os nad oes amcangyfrifon yn ymddangos, gwiriwch nad oes celloedd coch yn dangos "N" yng ngholofn gyflawn pob taflen rhaniad y ddeiliadaeth. Os oes, dilynwch y testun coch i fewnbynnu data neu ddewis yr opsiwn wedi'i ragosod (lle'n bosib).
B9: • Er mwyn gweld amcangyfrifon wedi'u rhannu yn ddwy ddeiliadaeth, nid oes angen i chi mewngofnodi eich data chi o gwbl.
B10: • Er mwyn gweld amcangyfrifon wedi'u rhannu yn bedair deiliadaeth, mae'n rhaid i chi fewngofnodi eich data ar gyfer y gyfran o brynwyr am y tro cyntaf sy'n mynd ymlaen i brynu eiddo.
B12: Mewngofnodi eich data chi
B14: • Mae'r opsiwn gennych i ddefnyddio'ch data a'ch rhagdybiaethau eich hun. Gallwch roi eich data chi yn lle'r rhagdybiaethau a ffynonellau data wedi'u rhagosod, defnyddio cymysgedd o'ch data chi a data wedi'i ragosod, neu ddefnyddio'r holl ragdybiaethau a ffynonellau data wedi'u rhagosod.
B15: • Bydd y dewisiadau a wnewch ar daflen Rhaniad y Ddeiliadaeth (Cymru) i ddefnyddio data wedi'i ragosod neu eich data chi, yn dilyn drwodd i'r taflenni rhanbarthol. Ni fedrwch ddefnyddio'r rhagosodon mewn un ardal ddaearyddol a defnyddio'ch data eich hun mewn un arall.
B16: • Nid oes rhaid i chi fewngofnodi gwerthoedd ym mhob rhanbarth er mwyn i'r adnodd weithio. Cyhyd â'ch bod wedi mewngofnodi data ar lefel Cymru, mi fyddwch yn gweld amcangyfrifon ar lefel Cymru. Bydd y taflenni rhanbarthol yn dangos statws anorffenedig a pharhau yn wag.
B17: • Yn yr un modd, nid oes angen i chi fewngofnodi data ar lefel Cymru er mwyn i'r adnodd weithio. Os oes gennych ddiddordeb penodol mewn un rhanbarth, ac eisiau defnyddio eich data eich hun, gallwch wneud hynny drwy ddewis ar y daflen Cymru. Bydd mewngofnodi data ar lefel rhanbarthol yn unig yn darparu amcangyfrifon ar gyfer y rhanbarth hwnnw (bydd y taflenni eraill yn parhau yn anorffenedig ac ni fyddant yn arddangos canlyniadau).
B19: Deall y fethodoleg
B21: • Ar gyfer amcangyfrifon ar lefel Cymru a'r tair rhanbarth, mae yna daflen 'Cyfrifiadau'. Mae hwn yn torri'r fethodoleg i lawr gam wrth gam. Mae yna enghraifft weithredol yn Atodiad 4 o'r erthygl ystadegol (linc ar y dudalen flaen).

Sheet Rhaniad y Ddeiliadaeth (Cymru)
B1: Lefel Ddaearyddol: | D1: Cymru
B2: Llenwch y blychau GLAS a dilynwch unrhyw gyfarwyddiadau yn y golofn Cyfarwyddiadau/Gwirio
C4: Newidyn | D4: Dewislen | E4: Wedi'i gwblhau? | F4: Cyfarwyddiadau/Gwirio | K4: Dolenni defnyddiol i daenlenni eraill:
B5: Mae angen y newidynnau hyn i gynhyrchu amcangyfrifon wedi'u rhannu yn ddwy deiliadaeth (ar y farchnad a fforddiadwy). Mae'r daenlen "Canllawiau ar Newidynnau" yn darparu diffiniadau llawn. | C5: Ffynonellau Data (rhaniad 2 ddeiliadaeth)
C6: Rhagdybiaethau yr Aelwyd | D6: Prif Amcanestyniadau | E6: =IF(OR(F6=$B$195,F6=$B$196),"Y","N") -> Y | F6: =IF(D6="",$B$194,IF(D6="Rhagdybiaethau'r defnyddiwr",IF('Amcanestyniadau o Aelwyd'!J26<6,$B$197&B198,$B$196),$B$195)) -> Defnyddiwyd Data Wedi'i Ragosod
C7: Angen Nas Diwallwyd Presennol | D7: Amcangyfrifon LlC | E7: =IF(OR(F7=$B$195,F7=$B$196),"Y","N") -> Y | F7: =IF(D7="",$B$194,IF(D7="Arall",IF(ISBLANK('Angen Presennol Nas Diwallwyd'!C21),$B$197&B199,$B$196),$B$195)) -> Defnyddiwyd Data Wedi'i Ragosod
C8: Incwm yr Aelwyd | D8: Amcangyfrifon LlC | E8: =IF(OR(F8=$B$195,F8=$B$196),"Y","N") -> Y | F8: =IF(D8="",$B$194,IF(D8="Arall",IF('Incwm (Cymru)'!N85=1,$B$197&B200,$B$196),$B$195)) -> Defnyddiwyd Data Wedi'i Ragosod
C9: Prisiau Rhenti Preifat | D9: Data LlC ar Renti | E9: =IF(OR(F9=$B$195,F9=$B$196),"Y","N") -> Y | F9: =IF(D9="",$B$194,IF(D9="Arall",IF(OR(ISBLANK('Prisiau Rhenti'!C10),ISBLANK('Prisiau Rhenti'!D10)),$B$197&B202,$B$196),$B$195)) -> Defnyddiwyd Data Wedi'i Ragosod
C10: Rhagdybiaethau Blynyddol Penodol (rhaniad 2ddeiliadaeth)
C11: Meini Prawf Fforddiadwyedd (Marchnad) | D11: Wedi'i ragosod | E11: =IF(OR(F11=$B$195,F11=$B$196),"Y","N") -> Y | F11: =IF(D11="",$B$194,IF(D11="Arall",IF(ISBLANK('Rhagdybiaeth Blynyddol'!D9),$B$197&B203,$B$196),$B$195)) -> Defnyddiwyd Data Wedi'i Ragosod
C12: Blynyddoedd i Gael Gwared ar yr Ôl Groniad | D12: Wedi'i ragosod | E12: =IF(OR(F12=$B$195,F12=$B$196),"Y","N") -> Y | F12: =IF(D12="",$B$194,IF(D12="Arall",IF(ISBLANK('Angen Presennol Nas Diwallwyd'!C24),$B$197&B199,$B$196),$B$195)) -> Defnyddiwyd Data Wedi'i Ragosod
C13: Rhagdybiaethau Blynyddol Penodol (rhaniad 2 ddeiliadaeth)
C14: Newid i Incwm Canolrifol yr Aelwyd | D14: Wedi'i ragosod | E14: =IF(OR(F14=$B$195,F14=$B$196),"Y","N") -> Y | F14: =IF(D14="",$B$194,IF(D14="Arall",IF('Rhagolygon y Dyfodol'!I11<5,$B$197&B204,$B$196),$B$195)) -> Defnyddiwyd Data Wedi'i Ragosod
C15: Newid i Ddosbarthiad Incwm yr Aelwyd | D15: Mwy o Anghydraddoldeb | E15: =IF(OR(F15=$B$195,F15=$B$196),"Y","N") -> Y | F15: =IF(D15="",$B$194,IF(D15="Arall",IF('Rhagolygon y Dyfodol'!I16<5,$B$197&B204,$B$196),$B$195)) -> Defnyddiwyd Data Wedi'i Ragosod
C16: Newid i Brisiau Rhenti | D16: Wedi'i ragosod | E16: =IF(OR(F16=$B$195,F16=$B$196),"Y","N") -> Y | F16: =IF(D16="",$B$194,IF(D16="Arall",IF('Rhagolygon y Dyfodol'!I22<5,$B$197&B204,$B$196),$B$195)) -> Defnyddiwyd Data Wedi'i Ragosod
B17: Mae angen y newidynnau ychwanegol hyn i gynhyrchu amcangyfrifon wedi'u rhannu yn bedair deiliadaeth (perchen-feddiannydd, rhent preifat, rhent canolradd a chymdeithasol). Mae'r daenlen "Canllawiau ar Newidynnau" yn darparu diffiniadau llawn. | C17: Ffynonellau Data (rhaniad 4 deiliadaeth)
C18: Dosbarthiad Prisiau Tai | D18: Data Cofrestrfa Tir | E18: =IF(OR(F18=$B$195,F18=$B$196),"Y","N") -> Y | F18: =IF(D18="",$B$194,IF(D18="Arall",IF('Prisiau Tai (Cymru)'!N85=1,$B$197&B201,$B$196),$B$195)) -> Defnyddiwyd Data Wedi'i Ragosod
C19: Rhagdybiaethau Blynyddol Penodol (rhaniad 4 deiliadaeth)
C20: Cymhareb Incwm Prynwyr am y Tro Cyntaf | D20: Wedi'i ragosod | E20: =IF(OR(F20=$B$195,F20=$B$196),"Y","N") -> Y | F20: =IF(D20="",$B$194,IF(D20="Arall",IF(ISBLANK('Rhagdybiaeth Blynyddol'!D12),$B$197&B203,$B$196),$B$195)) -> Defnyddiwyd Data Wedi'i Ragosod
C21: Canradd y Prynwyr sy'n Prynu Eiddo am y Tro Cyntaf | D21: 25 | E21: =IF(OR(F21=$B$195,F21=$B$196),"Y","N") -> Y | F21: =IF(D21="",$B$194,IF(D21="Arall",IF(ISBLANK('Rhagdybiaeth Blynyddol'!D16),$B$197&B203,$B$196),$B$195)) -> Defnyddiwyd Data Wedi'i Ragosod
C22: Prynwyr sy'n mynd ymlaen i brynu eiddo am y tro cyntaf (nid oes newidyn wedi'i ragosod) | D22: Gwerth defnyddiwr (nid oes gwerth wedi'i ragosod) | E22: =IF(OR(F22=$B$195,F22=$B$196),"Y","N") -> N | F22: =IF(ISBLANK('Rhagdybiaeth Blynyddol'!D18),'Rhaniad y Ddeiliadaeth (Cymru)'!B197&'Rhaniad y Ddeiliadaeth (Cymru)'!B203,'Rhaniad y Ddeiliadaeth (Cymru)'!B196) -> Rhowch ddata'r defnyddiwr ar y daflen:'Rhagdybiaeth Blynyddol'
C23: Meini Prawf Fforddiadwyedd (Cymdeithasol) | D23: Wedi'i ragosod | E23: =IF(OR(F23=$B$195,F23=$B$196),"Y","N") -> Y | F23: =IF(D23="",$B$194,IF(D23="Arall",IF(ISBLANK('Rhagdybiaeth Blynyddol'!D21),$B$197&B203,$B$196),$B$195)) -> Defnyddiwyd Data Wedi'i Ragosod
C24: Rhagdybiaethau 5 mlynedd (rhaniad 4 deiliadaeth)
C25: Newid i Brisiau Tai | D25: Wedi'i ragosod | E25: =IF(OR(F25=$B$195,F25=$B$196),"Y","N") -> Y | F25: =IF(D25="",$B$194,IF(D25="Arall",IF('Rhagolygon y Dyfodol'!I27<5,$B$197&B204,$B$196),$B$195)) -> Defnyddiwyd Data Wedi'i Ragosod
B27: =IF(C133=1,"","Sylwadau ar y rhagdybiaethau a ddewiswyd ar gyfer rhaniad o ddwy ddeiliadaeth: "&D1) -> Sylwadau ar y rhagdybiaethau a ddewiswyd ar gyfer rhaniad o ddwy ddeiliadaeth: Cymru
B28: =B188 -> Mae'r ffigurau isod yn rhannu'r amcangyfrifon o'r angen o ran tai yn ddwy ddeiliadaeth, ac maent wedi'i seilio ar y rhagdybiaethau canlynol. Mae amcangyfrifon sylfaenol yr unedau tai ychwanegol wedi'u seilio ar amcanestyniadau aelwydydd gan Llywodraeth Cymru sy'n seiliedig ar 2014 (Prif Amcanestyniadau), ac amcangyfrif o 5645 aelwydydd o ran angen presennol nas diwallwyd a fydd yn cymryd 5 mlynedd i'w diwallu.Mae data ar incwm yn seiliedig ar Ddata Llywodraeth Cymru ac mae data ar renti preifat yn seiliedig ar Ddata Llywodraeth Cymru. Mae'r newid blynyddol i incwm canolrifol yr aelwyd yn seiliedig ar amcangyfrifon wedi'u rhagosod, mae'r newid blynyddol i ddosbarthiad incwm yr aelwyd yn seiliedig ar amcangyfrifon wedi'u rhagosod ac mae'r newid blynyddol i brisiau rhenti yn seiliedig ar amcangyfrifon wedi'u rhagosod.
B52: Noder: Gall fod gwahaniaethau bach rhwng swm y canlyniadau rhanbarthol a'r canlyniadau cenedlaethol o dan unrhyw amcangyfrifon a rhannwyd yn ôl daliadaeth. Mae hyn oherwydd y cyfrifir amcangyfrifon rhanbarthol gan ddefnyddio data rhanbarthol (incwm aelwyd, prisiau rhentu) ac felly bydd yn wahanol i lefel Cymru gyfan.
B55: Rhaniad o 2 Ddeiliadaeth a amcangyfrifir - Cymru (yn seiliedig ar ragdybiaethau defnyddwyr)
B56: =B148 | C56: =C148 -> 2018/19 | D56: =D148 -> 2019/20 | E56: =E148 -> 2020/21 | F56: =F148 -> 2021/22 | G56: =G148 -> 2022/23
B57: Tai'r Farchnad | C57: =C149 -> 4475.78 | D57: =D149 -> 4248.65 | E57: =E149 -> 4287.69 | F57: =F149 -> 4572.56 | G57: =G149 -> 4413.16
B58: Tai Fforddiadwy | C58: =C150 -> 3872.22 | D58: =D150 -> 3845.35 | E58: =E150 -> 3870.31 | F58: =F150 -> 4052.44 | G58: =G150 -> 3833.84
B60: Rhaniad Cymesur o 2 Ddeiliadaeth - Cymru (yn seiliedig ar ragdybiaethau defnyddwyr)
B61: =B151 | C61: =C151 -> 2018/19 | D61: =D151 -> 2019/20 | E61: =E151 -> 2020/21 | F61: =F151 -> 2021/22 | G61: =G151 -> 2022/23 | I61: =I151 -> Rhaniad Blynyddol Cyfartalog ar draws 5 mlynedd
B62: Tai'r Farchnad | C62: =C152 -> 0.53614998 | D62: =D152 -> 0.52491352 | E62: =E152 -> 0.52558102 | F62: =F152 -> 0.53015188 | G62: =G152 -> 0.53512308 | I62: =I152 -> 0.53042631
B63: Tai Fforddiadwy | C63: =C153 -> 0.46385002 | D63: =D153 -> 0.47508648 | E63: =E153 -> 0.47441898 | F63: =F153 -> 0.46984812 | G63: =G153 -> 0.46487692 | I63: =I153 -> 0.46957369
B65: =IF(C145=1,"","Sylwadau ar y rhagdybiaethau a ddewiswyd ar gyfer rhaniad o bediar deiliadaeth")
B66: =B192 -> Ni fydd amcangyfrifon wedi'u rhannu'n 4 deiliadaeth yn ymddangos hyd nes bod y tabl uchod wedi'i gwblhau.
B90: Amcangyfrif Rhaniad 4 deiliadaeth - Cymru (wedi'i seilio ar ragdybiaethau'r defnyddwyr)
B91: =B157 -> Cwblhewch y tabl i weld amcangyfrifon wedi'u rhannu'n 4 deiliadaeth.
C92: =C157 | D92: =D157 | E92: =E157 | F92: =F157 | G92: =G157
B93: =B158 | C93: =C158 | D93: =D158 | E93: =E158 | F93: =F158 | G93: =G158
B94: =B159 | C94: =C159 | D94: =D159 | E94: =E159 | F94: =F159 | G94: =G159
B95: =B160 | C95: =C160 | D95: =D160 | E95: =E160 | F95: =F160 | G95: =G160
B96: =B161 | C96: =C161 | D96: =D161 | E96: =E161 | F96: =F161 | G96: =G161
B98: Rhaniad 4 deiliadaeth Cyfraneddol - Cymru (wedi'i seilio ar ragdybiaethau'r defnyddwyr)
B99: =B162 -> Cwblhewch y tabl i weld amcangyfrifon wedi'u rhannu'n 4 deiliadaeth. | I99: =I162
C100: =C162 | D100: =D162 | E100: =E162 | F100: =F162 | G100: =G162
B101: =B163 | C101: =C163 | D101: =D163 | E101: =E163 | F101: =F163 | G101: =G163 | I101: =I163
B102: =B164 | C102: =C164 | D102: =D164 | E102: =E164 | F102: =F164 | G102: =G164 | I102: =I164
B103: =B165 | C103: =C165 | D103: =D165 | E103: =E165 | F103: =F165 | G103: =G165 | I103: =I165
B104: =B166 | C104: =C166 | D104: =D166 | E104: =E166 | F104: =F166 | G104: =G166 | I104: =I166
B106: Crynodeb o Ragdybiaethau a Ddewiswyd gan Ddefnyddwyr – Cymru
C107: 2018/19 | D107: 2019/20 | E107: 2020/21 | F107: 2021/22 | G107: 2022/23
B108: Meini Prawf Fforddiadwyedd (Marchnad) | C108: =IF($D11="Wedi'i ragosod",'Rhagdybiaeth Blynyddol'!$D$8,'Rhagdybiaeth Blynyddol'!$D$9) -> 0.3 | D108: =IF($D11="Wedi'i ragosod",'Rhagdybiaeth Blynyddol'!$D$8,'Rhagdybiaeth Blynyddol'!$D$9) -> 0.3 | E108: =IF($D11="Wedi'i ragosod",'Rhagdybiaeth Blynyddol'!$D$8,'Rhagdybiaeth Blynyddol'!$D$9) -> 0.3 | F108: =IF($D11="Wedi'i ragosod",'Rhagdybiaeth Blynyddol'!$D$8,'Rhagdybiaeth Blynyddol'!$D$9) -> 0.3 | G108: =IF($D11="Wedi'I ragosod",'Rhagdybiaeth Blynyddol'!$D$8,'Rhagdybiaeth Blynyddol'!$D$9) -> 0.3
B109: Y Cynnydd i Incwm yr Aelwyd | C109: =INDEX('Rhagolygon y Dyfodol'!D10:D11,MATCH('Rhaniad y Ddeiliadaeth (Cymru)'!$D$14,'Rhagolygon y Dyfodol'!$C$10:$C$11,0)) -> 0.035377363 | D109: =INDEX('Rhagolygon y Dyfodol'!E10:E11,MATCH('Rhaniad y Ddeiliadaeth (Cymru)'!$D$14,'Rhagolygon y Dyfodol'!$C$10:$C$11,0)) -> 0.025711194 | E109: =INDEX('Rhagolygon y Dyfodol'!F10:F11,MATCH('Rhaniad y Ddeiliadaeth (Cymru)'!$D$14,'Rhagolygon y Dyfodol'!$C$10:$C$11,0)) -> 0.032803012 | F109: =INDEX('Rhagolygon y Dyfodol'!G10:G11,MATCH('Rhaniad y Ddeiliadaeth (Cymru)'!$D$14,'Rhagolygon y Dyfodol'!$C$10:$C$11,0)) -> 0.037085853 | G109: =INDEX('Rhagolygon y Dyfodol'!H10:H11,MATCH('Rhaniad y Ddeiliadaeth (Cymru)'!$D$14,'Rhagolygon y Dyfodol'!$C$10:$C$11,0)) -> 0.038062223
B110: Newid i ddosbarthiad incwm | C110: =INDEX('Rhagolygon y Dyfodol'!D14:D16,MATCH('Rhaniad y Ddeiliadaeth (Cymru)'!$D$15,'Rhagolygon y Dyfodol'!$C$14:$C$16,0)) -> 0.01 | D110: =INDEX('Rhagolygon y Dyfodol'!E14:E16,MATCH('Rhaniad y Ddeiliadaeth (Cymru)'!$D$15,'Rhagolygon y Dyfodol'!$C$14:$C$16,0)) -> 0.01 | E110: =INDEX('Rhagolygon y Dyfodol'!F14:F16,MATCH('Rhaniad y Ddeiliadaeth (Cymru)'!$D$15,'Rhagolygon y Dyfodol'!$C$14:$C$16,0)) -> 0.01 | F110: =INDEX('Rhagolygon y Dyfodol'!G14:G16,MATCH('Rhaniad y Ddeiliadaeth (Cymru)'!$D$15,'Rhagolygon y Dyfodol'!$C$14:$C$16,0)) -> 0.01 | G110: =INDEX('Rhagolygon y Dyfodol'!H14:H16,MATCH('Rhaniad y Ddeiliadaeth (Cymru)'!$D$15,'Rhagolygon y Dyfodol'!$C$14:$C$16,0)) -> 0.01
B111: Y Cynnydd i Brisiau Rhenti Preifat | C111: =INDEX('Rhagolygon y Dyfodol'!D21:D22,MATCH('Rhaniad y Ddeiliadaeth (Cymru)'!$D$16,'Rhagolygon y Dyfodol'!$C$21:$C$22,0)) -> 0.029066131 | D111: =INDEX('Rhagolygon y Dyfodol'!E21:E22,MATCH('Rhaniad y Ddeiliadaeth (Cymru)'!$D$16,'Rhagolygon y Dyfodol'!$C$21:$C$22,0)) -> 0.029536239 | E111: =INDEX('Rhagolygon y Dyfodol'!F21:F22,MATCH('Rhaniad y Ddeiliadaeth (Cymru)'!$D$16,'Rhagolygon y Dyfodol'!$C$21:$C$22,0)) -> 0.030600924 | F111: =INDEX('Rhagolygon y Dyfodol'!G21:G22,MATCH('Rhaniad y Ddeiliadaeth (Cymru)'!$D$16,'Rhagolygon y Dyfodol'!$C$21:$C$22,0)) -> 0.031212409 | G111: =INDEX('Rhagolygon y Dyfodol'!H21:H22,MATCH('Rhaniad y Ddeiliadaeth (Cymru)'!$D$16,'Rhagolygon y Dyfodol'!$C$21:$C$22,0)) -> 0.03171645
B112: Rhenti Canolrifol Blynyddol | C112: =INDEX('Prisiau Rhenti'!D9:D10,MATCH('Rhaniad y Ddeiliadaeth (Cymru)'!D9,'Prisiau Rhenti'!B9:B10,0))*(1+C111) -> 6483.1166 | D112: =C112*(1+D111) -> 6674.6035 | E112: =D112*(1+E111) -> 6878.8525 | F112: =E112*(1+F111) -> 7093.5581 | G112: =F112*(1+G111) -> 7318.5406
B113: Rhenti 30 Canradd Blynyddol | C113: =INDEX('Prisiau Rhenti'!C9:C10,MATCH('Rhaniad y Ddeiliadaeth (Cymru)'!D9,'Prisiau Rhenti'!B9:B10,0))*(1+C111) -> 5865.6769 | D113: =C113*(1+D111) -> 6038.927 | E113: =D113*(1+E111) -> 6223.7237 | F113: =E113*(1+F111) -> 6417.9811 | G113: =F113*(1+G111) -> 6621.5367
B114: Cymhareb Incwm Prynwyr am y Tro Cyntaf | C114: =IF($D20="Wedi'i ragosod",'Rhagdybiaeth Blynyddol'!$D$11,'Rhagdybiaeth Blynyddol'!$D$12) -> 3.8 | D114: =IF($D20="Wedi'i ragosod",'Rhagdybiaeth Blynyddol'!$D$11,'Rhagdybiaeth Blynyddol'!$D$12) -> 3.8 | E114: =IF($D20="Wedi'i ragosod",'Rhagdybiaeth Blynyddol'!$D$11,'Rhagdybiaeth Blynyddol'!$D$12) -> 3.8 | F114: =IF($D20="Wedi'i ragosod",'Rhagdybiaeth Blynyddol'!$D$11,'Rhagdybiaeth Blynyddol'!$D$12) -> 3.8 | G114: =IF($D20="Wedi'i ragosod",'Rhagdybiaeth Blynyddol'!$D$11,'Rhagdybiaeth Blynyddol'!$D$12) -> 3.8
B115: Canradd y Prynwyr sy'n Prynu Eiddo am y Tro Cyntaf | C115: =IF($D21=25,25,IF($D21=40,40,'Rhagdybiaeth Blynyddol'!$D$16)) -> 25 | D115: =IF($D21=25,25,IF($D21=40,40,'Rhagdybiaeth Blynyddol'!$D$16)) -> 25 | E115: =IF($D21=25,25,IF($D21=40,40,'Rhagdybiaeth Blynyddol'!$D$16)) -> 25 | F115: =IF($D21=25,25,IF($D21=40,40,'Rhagdybiaeth Blynyddol'!$D$16)) -> 25 | G115: =IF($D21=25,25,IF($D21=40,40,'Rhagdybiaeth Blynyddol'!$D$16)) -> 25
B116: Prynwyr sy'n mynd ymlaen i brynu eiddo am y tro cyntaf | C116: =IF(ISBLANK('Rhagdybiaeth Blynyddol'!$D$18),"-",'Rhagdybiaeth Blynyddol'!$D$18) -> - | D116: =IF(ISBLANK('Rhagdybiaeth Blynyddol'!$D$18),"-",'Rhagdybiaeth Blynyddol'!$D$18) -> - | E116: =IF(ISBLANK('Rhagdybiaeth Blynyddol'!$D$18),"-",'Rhagdybiaeth Blynyddol'!$D$18) -> - | F116: =IF(ISBLANK('Rhagdybiaeth Blynyddol'!$D$18),"-",'Rhagdybiaeth Blynyddol'!$D$18) -> - | G116: =IF(ISBLANK('Rhagdybiaeth Blynyddol'!$D$18),"-",'Rhagdybiaeth Blynyddol'!$D$18) -> -
B117: Meini Prawf Fforddiadwyedd (Cymdeithasol) | C117: =IF($D23="Wedi'i ragosod",'Rhagdybiaeth Blynyddol'!$D$20,'Rhagdybiaeth Blynyddol'!$D$21) -> 0.35 | D117: =IF($D23="Wedi'i ragosod",'Rhagdybiaeth Blynyddol'!$D$20,'Rhagdybiaeth Blynyddol'!$D$21) -> 0.35 | E117: =IF($D23="Wedi'i ragosod",'Rhagdybiaeth Blynyddol'!$D$20,'Rhagdybiaeth Blynyddol'!$D$21) -> 0.35 | F117: =IF($D23="Wedi'i ragosod",'Rhagdybiaeth Blynyddol'!$D$20,'Rhagdybiaeth Blynyddol'!$D$21) -> 0.35 | G117: =IF($D23="Wedi'i ragosod",'Rhagdybiaeth Blynyddol'!$D$20,'Rhagdybiaeth Blynyddol'!$D$21) -> 0.35
B118: Y Cynnydd i Brisiau Tai | C118: =INDEX('Rhagolygon y Dyfodol'!D26:D27,MATCH('Rhaniad y Ddeiliadaeth (Cymru)'!$D$25,'Rhagolygon y Dyfodol'!$C$26:$C$27,0)) -> 0.028405585 | D118: =INDEX('Rhagolygon y Dyfodol'!E26:E27,MATCH('Rhaniad y Ddeiliadaeth (Cymru)'!$D$25,'Rhagolygon y Dyfodol'!$C$26:$C$27,0)) -> 0.0022265547 | E118: =INDEX('Rhagolygon y Dyfodol'!F26:F27,MATCH('Rhaniad y Ddeiliadaeth (Cymru)'!$D$25,'Rhagolygon y Dyfodol'!$C$26:$C$27,0)) -> 0.02152438 | F118: =INDEX('Rhagolygon y Dyfodol'!G26:G27,MATCH('Rhaniad y Ddeiliadaeth (Cymru)'!$D$25,'Rhagolygon y Dyfodol'!$C$26:$C$27,0)) -> 0.038999169 | G118: =INDEX('Rhagolygon y Dyfodol'!H26:H27,MATCH('Rhaniad y Ddeiliadaeth (Cymru)'!$D$25,'Rhagolygon y Dyfodol'!$C$26:$C$27,0)) -> 0.041479924
B120: Gwiriad Camgymeriadau - Newidynnau 2 Ddeiliadaeth
B121: Ffynonellau Data | C121: Problem?
B122: Amcanestyniadau o Aelwydydd | C122: =IF(E6="Y",0,1) -> 0
B123: Angen Presennol Nas Diwallwyd | C123: =IF(E7="Y",0,1) -> 0
B124: Dosbarthiad Incwm | C124: =IF(E8="Y",0,1) -> 0
B125: Prisiau Rhenti | C125: =IF(E9="Y",0,1) -> 0
B126: Gwerthoedd Blynyddol Penodol
B127: Trothwy Y Sector Rhentu Preifat | C127: =IF(E11="Y",0,1) -> 0
B128: Amser i gael gwared ar yr ôl groniad | C128: =IF(E12="Y",0,1) -> 0
B129: Rhagolygon 5 Mlynedd
B130: Newid i Incwm Canolrifol yr Aelwyd | C130: =IF(E14="Y",0,1) -> 0
B131: Newid i Ddosbarthiad Incwm yr Aelwyd | C131: =IF(E15="Y",0,1) -> 0
B132: Newid i brisiau rhenti | C132: =IF(E16="Y",0,1) -> 0
B133: Problemau Cyffredinol - 2 Ddeiliadaeth | C133: =IF(SUM(C122:C132)>0,1,0) -> 0
B135: Gwiriad Camgymeriadau - Newidynnau 4 deiliadaeth
B136: Ffynonellau Data
B137: Dosbarthiad Prisiau Tai | C137: =IF(E18="Y",0,1) -> 0
B138: Gwerthoedd Blynyddol Penodol
B139: Cymhareb Prynwyr am y Tro Cyntaf | C139: =IF(E20="Y",0,1) -> 0
B140: Prynwyr Sy'n Prynu Eiddo am y Tro Cyntaf | C140: =IF(E21="Y",0,1) -> 0
B141: % sy'n mynd ymlaen I brynu | C141: =IF(E22="Y",0,1) -> 1
B142: Trothwy Cymdeithasol | C142: =IF(E23="Y",0,1) -> 0
B143: Rhagolygon 5 Mlynedd
B144: Newid i brisiau tai | C144: =IF(E25="Y",0,1) -> 0
B145: Problemau Cyffredinol - 4 deiliadaeth | C145: =IF(SUM(C133,C137:C144)=0,0,1) -> 1
B147: Amcangyfrifon - Rhaniad 2 Ddeiliadaeth
B148: =IF(C133=1,"Cwblhewch y tabl i weld amcangyfrifon wedi'u rhannu'n 2 ddeiliadaeth.","") | C148: =IF($C$133=0,"2018/19","") -> 2018/19 | D148: =IF($C$133=0,"2019/20","") -> 2019/20 | E148: =IF($C$133=0,"2020/21","") -> 2020/21 | F148: =IF($C$133=0,"2021/22","") -> 2021/22 | G148: =IF($C$133=0,"2022/23","") -> 2022/23
B149: =IF($C$133=0,"Tai'r Farchnad","") -> Tai'r Farchnad | C149: =IF($C$133=0,'Cyfrifiadau - Cymru'!C29,"") -> 4475.78 | D149: =IF($C$133=0,'Cyfrifiadau - Cymru'!D29,"") -> 4248.65 | E149: =IF($C$133=0,'Cyfrifiadau - Cymru'!E29,"") -> 4287.69 | F149: =IF($C$133=0,'Cyfrifiadau - Cymru'!F29,"") -> 4572.56 | G149: =IF($C$133=0,'Cyfrifiadau - Cymru'!G29,"") -> 4413.16
B150: =IF($C$133=0,"Tai Fforddiadwy","") -> Tai Fforddiadwy | C150: =IF($C$133=0,'Cyfrifiadau - Cymru'!C30,"") -> 3872.22 | D150: =IF($C$133=0,'Cyfrifiadau - Cymru'!D30,"") -> 3845.35 | E150: =IF($C$133=0,'Cyfrifiadau - Cymru'!E30,"") -> 3870.31 | F150: =IF($C$133=0,'Cyfrifiadau - Cymru'!F30,"") -> 4052.44 | G150: =IF($C$133=0,'Cyfrifiadau - Cymru'!G30,"") -> 3833.84
B151: =IF(C133=1,"Cwblhewch y tabl i weld amcangyfrifon wedi'u rhannu'n 2 ddeiliadaeth.","") | C151: =IF($C$133=0,"2018/19","") -> 2018/19 | D151: =IF($C$133=0,"2019/20","") -> 2019/20 | E151: =IF($C$133=0,"2020/21","") -> 2020/21 | F151: =IF($C$133=0,"2021/22","") -> 2021/22 | G151: =IF($C$133=0,"2022/23","") -> 2022/23 | I151: =IF(C133=1,"","Rhaniad Blynyddol Cyfartalog ar draws 5 mlynedd") -> Rhaniad Blynyddol Cyfartalog ar draws 5 mlynedd
B152: =IF($C$133=0,"Tai'r Farchnad","") -> Tai'r Farchnad | C152: =IF($C$133=1,"",C149/SUM(C$149:C$150)) -> 0.53614998 | D152: =IF($C$133=1,"",D149/SUM(D$149:D$150)) -> 0.52491352 | E152: =IF($C$133=1,"",E149/SUM(E$149:E$150)) -> 0.52558102 | F152: =IF($C$133=1,"",F149/SUM(F$149:F$150)) -> 0.53015188 | G152: =IF($C$133=1,"",G149/SUM(G$149:G$150)) -> 0.53512308 | I152: =IF($C$133=1,"",SUM(C149:G149)/SUM(C149:G150)) -> 0.53042631
B153: =IF($C$133=0,"Tai Fforddiadwy","") -> Tai Fforddiadwy | C153: =IF($C$133=1,"",C150/SUM(C$149:C$150)) -> 0.46385002 | D153: =IF($C$133=1,"",D150/SUM(D$149:D$150)) -> 0.47508648 | E153: =IF($C$133=1,"",E150/SUM(E$149:E$150)) -> 0.47441898 | F153: =IF($C$133=1,"",F150/SUM(F$149:F$150)) -> 0.46984812 | G153: =IF($C$133=1,"",G150/SUM(G$149:G$150)) -> 0.46487692 | I153: =IF($C$133=1,"",SUM(C150:G150)/SUM(C149:G150)) -> 0.46957369
B156: Amcangyfrifon - Rhaniad 4 deiliadaeth
B157: =IF(C145=1,"Cwblhewch y tabl i weld amcangyfrifon wedi'u rhannu'n 4 deiliadaeth.","") -> Cwblhewch y tabl i weld amcangyfrifon wedi'u rhannu'n 4 deiliadaeth. | C157: =IF($C$145=0,"2018/19","") | D157: =IF($C$145=0,"2019/20","") | E157: =IF($C$145=0,"2020/21","") | F157: =IF($C$145=0,"2021/22","") | G157: =IF($C$145=0,"2022/23","")
B158: =IF($C$145=0,"Perchen-feddiannydd","") | C158: =IF($C$145=0,'Cyfrifiadau - Cymru'!C59,"") | D158: =IF($C$145=0,'Cyfrifiadau - Cymru'!D59,"") | E158: =IF($C$145=0,'Cyfrifiadau - Cymru'!E59,"") | F158: =IF($C$145=0,'Cyfrifiadau - Cymru'!F59,"") | G158: =IF($C$145=0,'Cyfrifiadau - Cymru'!G59,"")
B159: =IF($C$145=0,"Y Sector Rhentu Preifat","") | C159: =IF($C$145=0,'Cyfrifiadau - Cymru'!C60,"") | D159: =IF($C$145=0,'Cyfrifiadau - Cymru'!D60,"") | E159: =IF($C$145=0,'Cyfrifiadau - Cymru'!E60,"") | F159: =IF($C$145=0,'Cyfrifiadau - Cymru'!F60,"") | G159: =IF($C$145=0,'Cyfrifiadau - Cymru'!G60,"")
...

Sheet Rhaniad y Ddeiliadaeth (Gog)
B1: Lefel Ddaearyddol: | D1: Gogledd Cymru
B2: Mae'r dewisiadau a wnaed ar daflen: Rhaniad y Ddeiliadaeth (Cymru) yn cael eu cadw yn y taflenni rhanbarthol. Os byddwch wedi dewis defnyddio eich data eich hunain, ac nad ydych wedi nodi'r data rhanbarthol lle y mae angen eu rhoi, cewch eich atgoffa i wneud hynny.
C4: Newidyn | D4: Dewislen | E4: Wedi'i gwblhau? | F4: Cyfarwyddiadau/Gwirio | K4: Dolenni defnyddiol i daenlenni eraill:
B5: Mae angen y newidynnau hyn i gynhyrchu amcangyfrifon wedi'u rhannu yn ddwy deiliadaeth (ar y farchnad a fforddiadwy). Mae'r daenlen "Canllawiau ar Newidynnau" yn darparu diffiniadau llawn. | C5: Ffynonellau Data (rhaniad 2 ddeiliadaeth)
C6: Rhagdybiaethau yr Aelwyd | D6: ='Rhaniad y Ddeiliadaeth (Cymru)'!D6 -> Prif Amcanestyniadau | E6: =IF(OR(F6=$B$195,F6=$B$196),"Y","N") -> Y | F6: =IF(D6="",B194,IF(D6="Arall",IF('Amcanestyniadau o Aelwyd'!J23<6,B197&B198,B196),B195)) -> Defnyddiwyd Data Wedi'i Ragosod
C7: Angen Nas Diwallwyd Presennol | D7: ='Rhaniad y Ddeiliadaeth (Cymru)'!D7 -> Amcangyfrifon LlC | E7: =IF(OR(F7=$B$195,F7=$B$196),"Y","N") -> Y | F7: =IF(D7="",B194,IF(D7="Arall",IF(ISBLANK('Angen Presennol Nas Diwallwyd'!C18),'Rhaniad y Ddeiliadaeth (Gog)'!B197&'Rhaniad y Ddeiliadaeth (Gog)'!B199,'Rhaniad y Ddeiliadaeth (Gog)'!B196),'Rhaniad y Ddeiliadaeth (Gog)'!B195)) -> Defnyddiwyd Data Wedi'i Ragosod
C8: Incwm yr Aelwyd | D8: ='Rhaniad y Ddeiliadaeth (Cymru)'!D8 -> Amcangyfrifon LlC | E8: =IF(OR(F8=$B$195,F8=$B$196),"Y","N") -> Y | F8: =IF(D8="",B194,IF(D8="Arall",IF('Incwm (Gogledd)'!N85=0,B196,B197&B200),B195)) -> Defnyddiwyd Data Wedi'i Ragosod
C9: Prisiau Rhenti Preifat | D9: ='Rhaniad y Ddeiliadaeth (Cymru)'!D9 -> Data LlC ar Renti | E9: =IF(OR(F9=$B$195,F9=$B$196),"Y","N") -> Y | F9: =IF(D9="",B194,IF(D9="Arall",IF(OR(ISBLANK('Prisiau Rhenti'!C15),ISBLANK('Prisiau Rhenti'!D15)),'Rhaniad y Ddeiliadaeth (Gog)'!B197&'Rhaniad y Ddeiliadaeth (Gog)'!B202,'Rhaniad y Ddeiliadaeth (Gog)'!B196),'Rhaniad y Ddeiliadaeth (Gog)'!B195)) -> Defnyddiwyd Data Wedi'i Ragosod
C10: Rhagdybiaethau Blynyddol Penodol (rhaniad 2ddeiliadaeth)
C11: Meini Prawf Fforddiadwyedd (Marchnad) | D11: ='Rhaniad y Ddeiliadaeth (Cymru)'!D11 -> Wedi'i ragosod | E11: =IF(OR(F11=$B$195,F11=$B$196),"Y","N") -> Y | F11: ='Rhaniad y Ddeiliadaeth (Cymru)'!F11:I11 -> Defnyddiwyd Data Wedi'i Ragosod
C12: Blynyddoedd i Gael Gwared ar yr Ôl Groniad | D12: ='Rhaniad y Ddeiliadaeth (Cymru)'!D12 -> Wedi'i ragosod | E12: =IF(OR(F12=$B$195,F12=$B$196),"Y","N") -> Y | F12: ='Rhaniad y Ddeiliadaeth (Cymru)'!F12:I12 -> Defnyddiwyd Data Wedi'i Ragosod
C13: Rhagdybiaethau Blynyddol Penodol (rhaniad 2 ddeiliadaeth)
C14: Newid i Incwm Canolrifol yr Aelwyd | D14: ='Rhaniad y Ddeiliadaeth (Cymru)'!D14 -> Wedi'i ragosod | E14: =IF(OR(F14=$B$195,F14=$B$196),"Y","N") -> Y | F14: ='Rhaniad y Ddeiliadaeth (Cymru)'!F14:I14 -> Defnyddiwyd Data Wedi'i Ragosod
C15: Newid i Ddosbarthiad Incwm yr Aelwyd | D15: ='Rhaniad y Ddeiliadaeth (Cymru)'!D15 -> Mwy o Anghydraddoldeb | E15: =IF(OR(F15=$B$195,F15=$B$196),"Y","N") -> Y | F15: ='Rhaniad y Ddeiliadaeth (Cymru)'!F15:I15 -> Defnyddiwyd Data Wedi'i Ragosod
C16: Newid i Brisiau Rhenti | D16: ='Rhaniad y Ddeiliadaeth (Cymru)'!D16 -> Wedi'i ragosod | E16: =IF(OR(F16=$B$195,F16=$B$196),"Y","N") -> Y | F16: ='Rhaniad y Ddeiliadaeth (Cymru)'!F16:I16 -> Defnyddiwyd Data Wedi'i Ragosod
B17: Mae angen y newidynnau ychwanegol hyn i gynhyrchu amcangyfrifon wedi'u rhannu yn bedair deiliadaeth (perchen-feddiannydd, rhent preifat, rhent canolradd a chymdeithasol). Mae'r daenlen "Canllawiau ar Newidynnau" yn darparu diffiniadau llawn. | C17: Ffynonellau Data (rhaniad 4 deiliadaeth)
C18: Dosbarthiad Prisiau Tai | D18: ='Rhaniad y Ddeiliadaeth (Cymru)'!D18 -> Data Cofrestrfa Tir | E18: =IF(OR(F18=$B$195,F18=$B$196),"Y","N") -> Y | F18: =IF(D18="",B194,IF(D18="Arall",IF('Prisiau Tai (Gogledd)'!N85=1,B197&B201,B196),B195)) -> Defnyddiwyd Data Wedi'i Ragosod
C19: Rhagdybiaethau Blynyddol Penodol (rhaniad 4 deiliadaeth)
C20: Cymhareb Incwm Prynwyr am y Tro Cyntaf | D20: ='Rhaniad y Ddeiliadaeth (Cymru)'!D20 -> Wedi'i ragosod | E20: =IF(OR(F20=$B$195,F20=$B$196),"Y","N") -> Y | F20: ='Rhaniad y Ddeiliadaeth (Cymru)'!F20:I20 -> Defnyddiwyd Data Wedi'i Ragosod
C21: Canradd y Prynwyr sy'n Prynu Eiddo am y Tro Cyntaf | D21: ='Rhaniad y Ddeiliadaeth (Cymru)'!D21 -> 25 | E21: =IF(OR(F21=$B$195,F21=$B$196),"Y","N") -> Y | F21: ='Rhaniad y Ddeiliadaeth (Cymru)'!F21:I21 -> Defnyddiwyd Data Wedi'i Ragosod
C22: Prynwyr sy'n mynd ymlaen i brynu eiddo am y tro cyntaf (nid oes rhagosodyn) | D22: ='Rhaniad y Ddeiliadaeth (Cymru)'!D22 -> Gwerth defnyddiwr (nid oes gwerth wedi'i ragosod) | E22: =IF(OR(F22=$B$195,F22=$B$196),"Y","N") -> N | F22: ='Rhaniad y Ddeiliadaeth (Cymru)'!F22:I22 -> Rhowch ddata'r defnyddiwr ar y daflen:'Rhagdybiaeth Blynyddol'
C23: Meini Prawf Fforddiadwyedd (Cymdeithasol) | D23: ='Rhaniad y Ddeiliadaeth (Cymru)'!D23 -> Wedi'i ragosod | E23: =IF(OR(F23=$B$195,F23=$B$196),"Y","N") -> Y | F23: ='Rhaniad y Ddeiliadaeth (Cymru)'!F23:I23 -> Defnyddiwyd Data Wedi'i Ragosod
C24: Rhagdybiaethau 5 mlynedd (rhaniad 4 deiliadaeth)
C25: Newid i Brisiau Tai | D25: ='Rhaniad y Ddeiliadaeth (Cymru)'!D25 -> Wedi'i ragosod | E25: =IF(OR(F25=$B$195,F25=$B$196),"Y","N") -> Y | F25: ='Rhaniad y Ddeiliadaeth (Cymru)'!F25:I25 -> Defnyddiwyd Data Wedi'i Ragosod
B27: =IF(C133=1,"","Sylwadau ar y rhagdybiaethau a ddewiswyd ar gyfer rhaniad o ddwy ddeiliadaeth: "&D1) -> Sylwadau ar y rhagdybiaethau a ddewiswyd ar gyfer rhaniad o ddwy ddeiliadaeth: Gogledd Cymru
B28: =B188 -> Mae'r ffigurau isod yn rhannu'r amcangyfrifon o'r angen o ran tai yn Gogledd Cymru yn ddwy ddeiliadaeth, ac maent wedi'i seilio ar y rhagdybiaethau canlynol.Mae amcangyfrifon sylfaenol yr unedau tai ychwanegol wedi'u seilio ar amcanestyniadau aelwydydd gan Llywodraeth Cymru sy'n seiliedig ar 2014 (Prif Amcanestyniadau), ac amcangyfrif o 5645 aelwydydd o ran angen presennol nas diwallwyd a fydd yn cymryd 5 mlynedd i'w diwallu.Mae data ar incwm yn seiliedig ar Ddata Llywodraeth Cymru ac mae data ar renti preifat yn seiliedig ar Ddata Llywodraeth Cymru. Mae'r newid blynyddol i incwm canolrifol yr aelwyd yn seiliedig ar amcangyfrifon wedi'u rhagosod, mae'r newid blynyddol i ddosbarthiad incwm yr aelwyd yn seiliedig ar amcangyfrifon wedi'u rhagosod ac mae'r newid blynyddol i brisiau rhenti yn seiliedig ar amcangyfrifon wedi'u rhagosod.
B52: Noder: Gall fod gwahaniaethau bach rhwng swm y canlyniadau rhanbarthol a'r canlyniadau cenedlaethol o dan unrhyw amcangyfrifon a rhannwyd yn ôl daliadaeth. Mae hyn oherwydd y cyfrifir amcangyfrifon rhanbarthol gan ddefnyddio data rhanbarthol (incwm aelwyd, prisiau rhentu) ac felly bydd yn wahanol i lefel Cymru gyfan.
B55: Rhaniad o 2 Ddeiliadaeth a amcangyfrifir - Gogledd Cymru (yn seiliedig ar ragdybiaethau defnyddwyr)
B56: =B148 | C56: =C148 -> 2018/19 | D56: =D148 -> 2019/20 | E56: =E148 -> 2020/21 | F56: =F148 -> 2021/22 | G56: =G148 -> 2022/23
B57: =B149 -> Tai'r Farchnad | C57: =C149 -> 814.79 | D57: =D149 -> 758.06 | E57: =E149 -> 754 | F57: =F149 -> 816.56 | G57: =G149 -> 771.13
B58: =B150 -> Tai Fforddiadwy | C58: =C150 -> 814.61 | D58: =D150 -> 797.34 | E58: =E150 -> 794.4 | F58: =F150 -> 815.84 | G58: =G150 -> 784.27
B60: Rhaniad Cymesur o 2 Ddeiliadaeth - Gogledd Cymru (yn seiliedig ar ragdybiaethau defnyddwyr)
B61: =B151 | C61: =C151 -> 2018/19 | D61: =D151 -> 2019/20 | E61: =E151 -> 2020/21 | F61: =F151 -> 2021/22 | G61: =G151 -> 2022/23 | I61: =I151 -> Rhaniad Blynyddol Cyfartalog ar draws 5 mlynedd
B62: =B152 -> Tai'r Farchnad | C62: =C152 -> 0.50005524 | D62: =D152 -> 0.48737302 | E62: =E152 -> 0.48695428 | F62: =F152 -> 0.50022053 | G62: =G152 -> 0.49577601 | I62: =I152 -> 0.4941977
B63: =B153 -> Tai Fforddiadwy | C63: =C153 -> 0.49994476 | D63: =D153 -> 0.51262698 | E63: =E153 -> 0.51304572 | F63: =F153 -> 0.49977947 | G63: =G153 -> 0.50422399 | I63: =I153 -> 0.5058023
B65: =IF(C145=1,"","Sylwadau ar y rhagdybiaethau a ddewiswyd ar gyfer rhaniad o bediar deiliadaeth")
B66: =B192 -> Ni fydd amcangyfrifon rhaniad 4 deiliadaeth yn ymddangos hyd nes bod y tabl uchod wedi'i gwblhau.
B90: Rhaniad o 4 deiliadaeth a amcangyfrifir - Gogledd Cymru (yn seiliedig ar ragdybiaethau defnyddwyr)
B91: =B157 -> Cwblhewch y tabl i weld amcangyfrifon wedi'u rhannu'n 4 deiliadaeth.
C92: =C157 | D92: =D157 | E92: =E157 | F92: =F157 | G92: =G157
B93: =B158 | C93: =C158 | D93: =D158 | E93: =E158 | F93: =F158 | G93: =G158
B94: =B159 | C94: =C159 | D94: =D159 | E94: =E159 | F94: =F159 | G94: =G159
B95: =B160 | C95: =C160 | D95: =D160 | E95: =E160 | F95: =F160 | G95: =G160
B96: =B161 | C96: =C161 | D96: =D161 | E96: =E161 | F96: =F161 | G96: =G161
B98: Rhaniad Cymesur o 4 deiliadaeth - Gogledd Cymru (yn seiliedig ar ragdybiaethau defnyddwyr)
B99: =B162 -> Cwblhewch y tabl i weld amcangyfrifon wedi'u rhannu'n 4 deiliadaeth. | I99: =I162
C100: =C162 | D100: =D162 | E100: =E162 | F100: =F162 | G100: =G162
B101: =B163 | C101: =C163 | D101: =D163 | E101: =E163 | F101: =F163 | G101: =G163 | I101: =I163
B102: =B164 | C102: =C164 | D102: =D164 | E102: =E164 | F102: =F164 | G102: =G164 | I102: =I164
B103: =B165 | C103: =C165 | D103: =D165 | E103: =E165 | F103: =F165 | G103: =G165 | I103: =I165
B104: =B166 | C104: =C166 | D104: =D166 | E104: =E166 | F104: =F166 | G104: =G166 | I104: =I166
B106: Crynodeb o Ragdybiaethau a Ddewiswyd gan Ddefnyddwyr – Gogledd Cymru
C107: 2018/19 | D107: 2019/20 | E107: 2020/21 | F107: 2021/22 | G107: 2022/23
B108: Meini Prawf Fforddiadwyedd (Marchnad) | C108: ='Rhaniad y Ddeiliadaeth (Cymru)'!C108 -> 0.3 | D108: ='Rhaniad y Ddeiliadaeth (Cymru)'!D108 -> 0.3 | E108: ='Rhaniad y Ddeiliadaeth (Cymru)'!E108 -> 0.3 | F108: ='Rhaniad y Ddeiliadaeth (Cymru)'!F108 -> 0.3 | G108: ='Rhaniad y Ddeiliadaeth (Cymru)'!G108 -> 0.3
B109: Y Cynnydd i Incwm yr Aelwyd | C109: ='Rhaniad y Ddeiliadaeth (Cymru)'!C109 -> 0.035377363 | D109: ='Rhaniad y Ddeiliadaeth (Cymru)'!D109 -> 0.025711194 | E109: ='Rhaniad y Ddeiliadaeth (Cymru)'!E109 -> 0.032803012 | F109: ='Rhaniad y Ddeiliadaeth (Cymru)'!F109 -> 0.037085853 | G109: ='Rhaniad y Ddeiliadaeth (Cymru)'!G109 -> 0.038062223
B110: Newid i ddosbarthiad incwm | C110: ='Rhaniad y Ddeiliadaeth (Cymru)'!C110 -> 0.01 | D110: ='Rhaniad y Ddeiliadaeth (Cymru)'!D110 -> 0.01 | E110: ='Rhaniad y Ddeiliadaeth (Cymru)'!E110 -> 0.01 | F110: ='Rhaniad y Ddeiliadaeth (Cymru)'!F110 -> 0.01 | G110: ='Rhaniad y Ddeiliadaeth (Cymru)'!G110 -> 0.01
B111: Y Cynnydd i Brisiau Rhenti Preifat | C111: ='Rhaniad y Ddeiliadaeth (Cymru)'!C111 -> 0.029066131 | D111: ='Rhaniad y Ddeiliadaeth (Cymru)'!D111 -> 0.029536239 | E111: ='Rhaniad y Ddeiliadaeth (Cymru)'!E111 -> 0.030600924 | F111: ='Rhaniad y Ddeiliadaeth (Cymru)'!F111 -> 0.031212409 | G111: ='Rhaniad y Ddeiliadaeth (Cymru)'!G111 -> 0.03171645
B112: Rhenti Canolrifol Blynyddol | C112: =INDEX('Prisiau Rhenti'!$D$14:$D$15,MATCH('Rhaniad y Ddeiliadaeth (Gog)'!$D$9,'Prisiau Rhenti'!$B$14:$B$15,0))*(1+C111) -> 6791.8365 | D112: =C112*(1+D111) -> 6992.4418 | E112: =D112*(1+E111) -> 7206.4169 | F112: =E112*(1+F111) -> 7431.3466 | G112: =F112*(1+G111) -> 7667.0425
B113: Rhenti 30 Canradd Blynyddol | C113: =INDEX('Prisiau Rhenti'!$C$14:$C$15,MATCH('Rhaniad y Ddeiliadaeth (Gog)'!$D$9,'Prisiau Rhenti'!$B$14:$B$15,0))*(1+C111) -> 6112.6528 | D113: =C113*(1+D111) -> 6293.1976 | E113: =D113*(1+E111) -> 6485.7752 | F113: =E113*(1+F111) -> 6688.2119 | G113: =F113*(1+G111) -> 6900.3383
B114: Cymhareb Incwm Prynwyr am y Tro Cyntaf | C114: ='Rhaniad y Ddeiliadaeth (Cymru)'!C114 -> 3.8 | D114: ='Rhaniad y Ddeiliadaeth (Cymru)'!D114 -> 3.8 | E114: ='Rhaniad y Ddeiliadaeth (Cymru)'!E114 -> 3.8 | F114: ='Rhaniad y Ddeiliadaeth (Cymru)'!F114 -> 3.8 | G114: ='Rhaniad y Ddeiliadaeth (Cymru)'!G114 -> 3.8
B115: Canradd y Prynwyr sy'n Prynu Eiddo am y Tro Cyntaf | C115: ='Rhaniad y Ddeiliadaeth (Cymru)'!C115 -> 25 | D115: ='Rhaniad y Ddeiliadaeth (Cymru)'!D115 -> 25 | E115: ='Rhaniad y Ddeiliadaeth (Cymru)'!E115 -> 25 | F115: ='Rhaniad y Ddeiliadaeth (Cymru)'!F115 -> 25 | G115: ='Rhaniad y Ddeiliadaeth (Cymru)'!G115 -> 25
B116: Prynwyr sy'n mynd ymlaen i brynu eiddo am y tro cyntaf | C116: ='Rhaniad y Ddeiliadaeth (Cymru)'!C116 -> - | D116: ='Rhaniad y Ddeiliadaeth (Cymru)'!D116 -> - | E116: ='Rhaniad y Ddeiliadaeth (Cymru)'!E116 -> - | F116: ='Rhaniad y Ddeiliadaeth (Cymru)'!F116 -> - | G116: ='Rhaniad y Ddeiliadaeth (Cymru)'!G116 -> -
B117: Meini Prawf Fforddiadwyedd (Cymdeithasol) | C117: ='Rhaniad y Ddeiliadaeth (Cymru)'!C117 -> 0.35 | D117: ='Rhaniad y Ddeiliadaeth (Cymru)'!D117 -> 0.35 | E117: ='Rhaniad y Ddeiliadaeth (Cymru)'!E117 -> 0.35 | F117: ='Rhaniad y Ddeiliadaeth (Cymru)'!F117 -> 0.35 | G117: ='Rhaniad y Ddeiliadaeth (Cymru)'!G117 -> 0.35
B118: Y Cynnydd i Brisiau Tai | C118: ='Rhaniad y Ddeiliadaeth (Cymru)'!C118 -> 0.028405585 | D118: ='Rhaniad y Ddeiliadaeth (Cymru)'!D118 -> 0.0022265547 | E118: ='Rhaniad y Ddeiliadaeth (Cymru)'!E118 -> 0.02152438 | F118: ='Rhaniad y Ddeiliadaeth (Cymru)'!F118 -> 0.038999169 | G118: ='Rhaniad y Ddeiliadaeth (Cymru)'!G118 -> 0.041479924
B120: Gwiriad Camgymeriadau - Newidynnau 2 Ddeiliadaeth
B121: Ffynonellau Data | C121: Problem?
B122: Amcanestyniadau o Aelwydydd | C122: =IF(E6="Y",0,1) -> 0
B123: Angen Presennol Nas Diwallwyd | C123: =IF(E7="Y",0,1) -> 0
B124: Dosbarthiad Incwm | C124: =IF(E8="Y",0,1) -> 0
B125: Prisiau Rhenti | C125: =IF(E9="Y",0,1) -> 0
B126: Gwerthoedd Blynyddol Penodol
B127: Trothwy Y Sector Rhentu Preifat | C127: =IF(E11="Y",0,1) -> 0
B128: Amser i gael gwared ar yr ôl groniad | C128: =IF(E12="Y",0,1) -> 0
B129: Rhagolygon 5 Mlynedd
B130: Newid i Incwm Canolrifol yr Aelwyd | C130: =IF(E14="Y",0,1) -> 0
B131: Newid i Ddosbarthiad Incwm yr Aelwyd | C131: =IF(E15="Y",0,1) -> 0
B132: Newid i brisiau rhenti | C132: =IF(E16="Y",0,1) -> 0
B133: Problemau Cyffredinol - 2 Ddeiliadaeth | C133: =IF(SUM(C122:C132)>0,1,0) -> 0
B135: Gwiriad Camgymeriadau - Newidynnau 4 deiliadaeth
B136: Ffynonellau Data | C136: Problem?
B137: Dosbarthiad Prisiau Tai | C137: =IF(E18="Y",0,1) -> 0
B138: Gwerthoedd Blynyddol Penodol
B139: Cymhareb Prynwyr am y Tro Cyntaf | C139: =IF(E20="Y",0,1) -> 0
B140: Prynwyr Sy'n Prynu Eiddo am y Tro Cyntaf | C140: =IF(E21="Y",0,1) -> 0
B141: % sy'n mynd ymlaen I brynu | C141: =IF(E22="Y",0,1) -> 1
B142: Trothwy Cymdeithasol | C142: =IF(E23="Y",0,1) -> 0
B143: Rhagolygon 5 Mlynedd
B144: Newid i brisiau tai | C144: =IF(E25="Y",0,1) -> 0
B145: Problemau Cyffredinol - 4 deiliadaeth | C145: =IF(SUM(C133,C137:C144)=0,0,1) -> 1
B147: Amcangyfrifon - Rhaniad 2 Ddeiliadaeth
B148: =IF(C133=1,"Cwblhewch y tabl i weld amcangyfrifon wedi'u rhannu'n 2 ddeiliadaeth.","") | C148: =IF($C$133=0,"2018/19","") -> 2018/19 | D148: =IF($C$133=0,"2019/20","") -> 2019/20 | E148: =IF($C$133=0,"2020/21","") -> 2020/21 | F148: =IF($C$133=0,"2021/22","") -> 2021/22 | G148: =IF($C$133=0,"2022/23","") -> 2022/23
B149: =IF($C$133=0,"Tai'r Farchnad","") -> Tai'r Farchnad | C149: =IF($C$133=0,'Cyfrifiadau - Gogledd'!C29,"") -> 814.79 | D149: =IF($C$133=0,'Cyfrifiadau - Gogledd'!D29,"") -> 758.06 | E149: =IF($C$133=0,'Cyfrifiadau - Gogledd'!E29,"") -> 754 | F149: =IF($C$133=0,'Cyfrifiadau - Gogledd'!F29,"") -> 816.56 | G149: =IF($C$133=0,'Cyfrifiadau - Gogledd'!G29,"") -> 771.13
B150: =IF($C$133=0,"Tai Fforddiadwy","") -> Tai Fforddiadwy | C150: =IF($C$133=0,'Cyfrifiadau - Gogledd'!C30,"") -> 814.61 | D150: =IF($C$133=0,'Cyfrifiadau - Gogledd'!D30,"") -> 797.34 | E150: =IF($C$133=0,'Cyfrifiadau - Gogledd'!E30,"") -> 794.4 | F150: =IF($C$133=0,'Cyfrifiadau - Gogledd'!F30,"") -> 815.84 | G150: =IF($C$133=0,'Cyfrifiadau - Gogledd'!G30,"") -> 784.27
B151: =IF(C120=1,"Cwblhewch y tabl i weld amcangyfrifon wedi'u rhannu'n 2 ddeiliadaeth.","") | C151: =IF($C$133=0,"2018/19","") -> 2018/19 | D151: =IF($C$133=0,"2019/20","") -> 2019/20 | E151: =IF($C$133=0,"2020/21","") -> 2020/21 | F151: =IF($C$133=0,"2021/22","") -> 2021/22 | G151: =IF($C$133=0,"2022/23","") -> 2022/23 | I151: =IF(C133=1,"","Rhaniad Blynyddol Cyfartalog ar draws 5 mlynedd") -> Rhaniad Blynyddol Cyfartalog ar draws 5 mlynedd
B152: =IF($C$133=0,"Tai'r Farchnad","") -> Tai'r Farchnad | C152: =IF($C$133=1,"",C149/SUM(C$149:C$150)) -> 0.50005524 | D152: =IF($C$133=1,"",D149/SUM(D$149:D$150)) -> 0.48737302 | E152: =IF($C$133=1,"",E149/SUM(E$149:E$150)) -> 0.48695428 | F152: =IF($C$133=1,"",F149/SUM(F$149:F$150)) -> 0.50022053 | G152: =IF($C$133=1,"",G149/SUM(G$149:G$150)) -> 0.49577601 | I152: =IF($C$133=1,"",SUM(C149:G149)/SUM($C$149:$G$150)) -> 0.4941977
B153: =IF($C$133=0,"Tai Fforddiadwy","") -> Tai Fforddiadwy | C153: =IF($C$133=1,"",C150/SUM(C$149:C$150)) -> 0.49994476 | D153: =IF($C$133=1,"",D150/SUM(D$149:D$150)) -> 0.51262698 | E153: =IF($C$133=1,"",E150/SUM(E$149:E$150)) -> 0.51304572 | F153: =IF($C$133=1,"",F150/SUM(F$149:F$150)) -> 0.49977947 | G153: =IF($C$133=1,"",G150/SUM(G$149:G$150)) -> 0.50422399 | I153: =IF($C$133=1,"",SUM(C150:G150)/SUM($C$149:$G$150)) -> 0.5058023
B156: Amcangyfrifon - Rhaniad 4 deiliadaeth
B157: =IF(C145=1,"Cwblhewch y tabl i weld amcangyfrifon wedi'u rhannu'n 4 deiliadaeth.","") -> Cwblhewch y tabl i weld amcangyfrifon wedi'u rhannu'n 4 deiliadaeth. | C157: =IF($C$145=0,"2018/19","") | D157: =IF($C$145=0,"2019/20","") | E157: =IF($C$145=0,"2020/21","") | F157: =IF($C$145=0,"2021/22","") | G157: =IF($C$145=0,"2022/23","")
B158: =IF($C$145=0,"Perchen-feddiannydd","") | C158: =IF($C$145=0,'Cyfrifiadau - Gogledd'!C59,"") | D158: =IF($C$145=0,'Cyfrifiadau - Gogledd'!D59,"") | E158: =IF($C$145=0,'Cyfrifiadau - Gogledd'!E59,"") | F158: =IF($C$145=0,'Cyfrifiadau - Gogledd'!F59,"") | G158: =IF($C$145=0,'Cyfrifiadau - Gogledd'!G59,"")
B159: =IF($C$145=0,"Y Sector Rhentu Preifat","") | C159: =IF($C$145=0,'Cyfrifiadau - Gogledd'!C60,"") | D159: =IF($C$145=0,'Cyfrifiadau - Gogledd'!D60,"") | E159: =IF($C$145=0,'Cyfrifiadau - Gogledd'!E60,"") | F159: =IF($C$145=0,'Cyfrifiadau - Gogledd'!F60,"") | G159: =IF($C$145=0,'Cyfrifiadau - Gogledd'!G60,"")
...

Sheet Rhaniad y Ddeiliadaeth (C&De-o)
B1: Lefel Ddaearyddol: | D1: Canolbarth a De-orllewin Cymru
B2: Mae'r dewisiadau a wnaed ar daflen: Rhaniad y Ddeiliadaeth (Cymru) yn cael eu cadw yn y taflenni rhanbarthol. Os byddwch wedi dewis defnyddio eich data eich hunain, ac nad ydych wedi nodi'r data rhanbarthol lle y mae angen eu rhoi, cewch eich atgoffa i wneud hynny.
C4: Newidyn | D4: Dewislen | E4: Wedi'i gwblhau? | F4: Cyfarwyddiadau/Gwirio | K4: Dolenni defnyddiol i daenlenni eraill:
B5: Mae angen y newidynnau hyn i gynhyrchu amcangyfrifon wedi'u rhannu yn ddwy deiliadaeth (ar y farchnad a fforddiadwy). Mae'r daenlen "Canllawiau ar Newidynnau" yn darparu diffiniadau llawn. | C5: Ffynonellau Data (rhaniad 2 ddeiliadaeth)
C6: Rhagdybiaethau yr Aelwyd | D6: ='Rhaniad y Ddeiliadaeth (Cymru)'!D6 -> Prif Amcanestyniadau | E6: =IF(OR(F6=$B$195,F6=$B$196),"Y","N") -> Y | F6: =IF(D6="",B194,IF(D6="Arall",IF('Amcanestyniadau o Aelwyd'!J24=0,B197&B198,B196),B195)) -> Defnyddiwyd Data Wedi'i Ragosod
C7: Angen Nas Diwallwyd Presennol | D7: ='Rhaniad y Ddeiliadaeth (Cymru)'!D7 -> Amcangyfrifon LlC | E7: =IF(OR(F7=$B$195,F7=$B$196),"Y","N") -> Y | F7: =IF(D7="",B194,IF(D7="Arall",IF(ISBLANK('Angen Presennol Nas Diwallwyd'!C19),B197&B199,B196),B195)) -> Defnyddiwyd Data Wedi'i Ragosod
C8: Incwm yr Aelwyd | D8: ='Rhaniad y Ddeiliadaeth (Cymru)'!D8 -> Amcangyfrifon LlC | E8: =IF(OR(F8=$B$195,F8=$B$196),"Y","N") -> Y | F8: =IF(D8="",B194,IF(D8="Arall",IF('Incwm (Canol. & De-orll)'!N85=0,B196,B197&B200),B195)) -> Defnyddiwyd Data Wedi'i Ragosod
C9: Prisiau Rhenti Preifat | D9: ='Rhaniad y Ddeiliadaeth (Cymru)'!D9 -> Data LlC ar Renti | E9: =IF(OR(F9=$B$195,F9=$B$196),"Y","N") -> Y | F9: =IF(D9="",B194,IF(D9="Arall",IF(OR(ISBLANK('Prisiau Rhenti'!C20),ISBLANK('Prisiau Rhenti'!D20)),B197&B202,B196),B195)) -> Defnyddiwyd Data Wedi'i Ragosod
C10: Rhagdybiaethau Blynyddol Penodol (rhaniad 2ddeiliadaeth)
C11: Meini Prawf Fforddiadwyedd (Marchnad) | D11: ='Rhaniad y Ddeiliadaeth (Cymru)'!D11 -> Wedi'i ragosod | E11: =IF(OR(F11=$B$195,F11=$B$196),"Y","N") -> Y | F11: ='Rhaniad y Ddeiliadaeth (Cymru)'!F11:I11 -> Defnyddiwyd Data Wedi'i Ragosod
C12: Blynyddoedd i Gael Gwared ar yr Ôl Groniad | D12: ='Rhaniad y Ddeiliadaeth (Cymru)'!D12 -> Wedi'i ragosod | E12: =IF(OR(F12=$B$195,F12=$B$196),"Y","N") -> Y | F12: ='Rhaniad y Ddeiliadaeth (Cymru)'!F12:I12 -> Defnyddiwyd Data Wedi'i Ragosod
C13: Rhagdybiaethau Blynyddol Penodol (rhaniad 2 ddeiliadaeth)
C14: Newid i Incwm Canolrifol yr Aelwyd | D14: ='Rhaniad y Ddeiliadaeth (Cymru)'!D14 -> Wedi'i ragosod | E14: =IF(OR(F14=$B$195,F14=$B$196),"Y","N") -> Y | F14: ='Rhaniad y Ddeiliadaeth (Cymru)'!F14:I14 -> Defnyddiwyd Data Wedi'i Ragosod
C15: Newid i Ddosbarthiad Incwm yr Aelwyd | D15: ='Rhaniad y Ddeiliadaeth (Cymru)'!D15 -> Mwy o Anghydraddoldeb | E15: =IF(OR(F15=$B$195,F15=$B$196),"Y","N") -> Y | F15: ='Rhaniad y Ddeiliadaeth (Cymru)'!F15:I15 -> Defnyddiwyd Data Wedi'i Ragosod
C16: Newid i Brisiau Rhenti | D16: ='Rhaniad y Ddeiliadaeth (Cymru)'!D16 -> Wedi'i ragosod | E16: =IF(OR(F16=$B$195,F16=$B$196),"Y","N") -> Y | F16: ='Rhaniad y Ddeiliadaeth (Cymru)'!F16:I16 -> Defnyddiwyd Data Wedi'i Ragosod
B17: Mae angen y newidynnau ychwanegol hyn i gynhyrchu amcangyfrifon wedi'u rhannu yn bedair deiliadaeth (perchen-feddiannydd, rhent preifat, rhent canolradd a chymdeithasol). Mae'r daenlen "Canllawiau ar Newidynnau" yn darparu diffiniadau llawn. | C17: Ffynonellau Data (rhaniad 4 deiliadaeth)
C18: Dosbarthiad Prisiau Tai | D18: ='Rhaniad y Ddeiliadaeth (Cymru)'!D18 -> Data Cofrestrfa Tir | E18: =IF(OR(F18=$B$195,F18=$B$196),"Y","N") -> Y | F18: =IF(D18="",B194,IF(D18="Arall",IF('Prisiau Tai (Canol. & De-orll)'!N85=1,B197&B201,B196),B195)) -> Defnyddiwyd Data Wedi'i Ragosod
C19: Rhagdybiaethau Blynyddol Penodol (rhaniad 4 deiliadaeth)
C20: Cymhareb Incwm Prynwyr am y Tro Cyntaf | D20: ='Rhaniad y Ddeiliadaeth (Cymru)'!D20 -> Wedi'i ragosod | E20: =IF(OR(F20=$B$195,F20=$B$196),"Y","N") -> Y | F20: ='Rhaniad y Ddeiliadaeth (Cymru)'!F20:I20 -> Defnyddiwyd Data Wedi'i Ragosod
C21: Canradd y Prynwyr sy'n Prynu Eiddo am y Tro Cyntaf | D21: ='Rhaniad y Ddeiliadaeth (Cymru)'!D21 -> 25 | E21: =IF(OR(F21=$B$195,F21=$B$196),"Y","N") -> Y | F21: ='Rhaniad y Ddeiliadaeth (Cymru)'!F21:I21 -> Defnyddiwyd Data Wedi'i Ragosod
C22: Prynwyr sy'n mynd ymlaen i brynu eiddo am y tro cyntaf (nid oes rhagosodyn) | D22: ='Rhaniad y Ddeiliadaeth (Cymru)'!D22 -> Gwerth defnyddiwr (nid oes gwerth wedi'i ragosod) | E22: =IF(OR(F22=$B$195,F22=$B$196),"Y","N") -> N | F22: ='Rhaniad y Ddeiliadaeth (Cymru)'!F22:I22 -> Rhowch ddata'r defnyddiwr ar y daflen:'Rhagdybiaeth Blynyddol'
C23: Meini Prawf Fforddiadwyedd (Cymdeithasol) | D23: ='Rhaniad y Ddeiliadaeth (Cymru)'!D23 -> Wedi'i ragosod | E23: =IF(OR(F23=$B$195,F23=$B$196),"Y","N") -> Y | F23: ='Rhaniad y Ddeiliadaeth (Cymru)'!F23:I23 -> Defnyddiwyd Data Wedi'i Ragosod
C24: Rhagdybiaethau 5 mlynedd (rhaniad 4 deiliadaeth)
C25: Newid i Brisiau Tai | D25: ='Rhaniad y Ddeiliadaeth (Cymru)'!D25 -> Wedi'i ragosod | E25: =IF(OR(F25=$B$195,F25=$B$196),"Y","N") -> Y | F25: ='Rhaniad y Ddeiliadaeth (Cymru)'!F25:I25 -> Defnyddiwyd Data Wedi'i Ragosod
B27: =IF(C133=1,"","Sylwadau ar y rhagdybiaethau a ddewiswyd ar gyfer rhaniad o ddwy ddeiliadaeth: "&D1) -> Sylwadau ar y rhagdybiaethau a ddewiswyd ar gyfer rhaniad o ddwy ddeiliadaeth: Canolbarth a De-orllewin Cymru
B28: =B188 -> Mae'r ffigurau isod yn rhannu'r amcangyfrifon o'r angen o ran tai yn Canolbarth a De-orllewin Cymru yn ddwy ddeiliadaeth, ac maent wedi'i seilio ar y rhagdybiaethau canlynol.Mae amcangyfrifon sylfaenol yr unedau tai ychwanegol wedi'u seilio ar amcanestyniadau aelwydydd gan Llywodraeth Cymru sy'n seiliedig ar 2014 (Prif Amcanestyniadau), ac amcangyfrif o 5645 aelwydydd o ran angen presennol nas diwallwyd a fydd yn cymryd 5 mlynedd i'w diwallu.Mae data ar incwm yn seiliedig ar Ddata Llywodraeth Cymru ac mae data ar renti preifat yn seiliedig ar Ddata Llywodraeth Cymru. Mae'r newid blynyddol i incwm canolrifol yr aelwyd yn seiliedig ar amcangyfrifon wedi'u rhagosod, mae'r newid blynyddol i ddosbarthiad incwm yr aelwyd yn seiliedig ar amcangyfrifon wedi'u rhagosod ac mae'r newid blynyddol i brisiau rhenti yn seiliedig ar amcangyfrifon wedi'u rhagosod.
B52: Noder: Gall fod gwahaniaethau bach rhwng swm y canlyniadau rhanbarthol a'r canlyniadau cenedlaethol o dan unrhyw amcangyfrifon a rhannwyd yn ôl daliadaeth. Mae hyn oherwydd y cyfrifir amcangyfrifon rhanbarthol gan ddefnyddio data rhanbarthol (incwm aelwyd, prisiau rhentu) ac felly bydd yn wahanol i lefel Cymru gyfan.
B55: Rhaniad o 2 Ddeiliadaeth a amcangyfrifir - Canolbarth a De-orllewin Cymru (yn seiliedig ar ragdybiaethau defnyddwyr)
B56: =B148 | C56: =C148 -> 2018/19 | D56: =D148 -> 2019/20 | E56: =E148 -> 2020/21 | F56: =F148 -> 2021/22 | G56: =G148 -> 2022/23
B57: =B149 -> Tai'r Farchnad | C57: =C149 -> 1123.92 | D57: =D149 -> 1076.67 | E57: =E149 -> 1076.04 | F57: =F149 -> 1151.01 | G57: =G149 -> 1072.26
B58: =B150 -> Tai Fforddiadwy | C58: =C150 -> 890.68 | D58: =D150 -> 862.93 | E58: =E150 -> 862.56 | F58: =F150 -> 906.59 | G58: =G150 -> 860.34
B60: Rhaniad Cymesur o 2 Ddeiliadaeth - Canolbarth a De-orllewin Cymru (yn seiliedig ar ragdybiaethau defnyddwyr)
B61: =B151 | C61: =C151 -> 2018/19 | D61: =D151 -> 2019/20 | E61: =E151 -> 2020/21 | F61: =F151 -> 2021/22 | G61: =G151 -> 2022/23 | I61: =I151 -> Rhaniad Blynyddol Cyfartalog ar draws 5 mlynedd
B62: =B152 -> Tai'r Farchnad | C62: =C152 -> 0.55788742 | D62: =D152 -> 0.55509899 | E62: =E152 -> 0.55506035 | F62: =F152 -> 0.55939444 | G62: =G152 -> 0.55482769 | I62: =I152 -> 0.55650106
B63: =B153 -> Tai Fforddiadwy | C63: =C153 -> 0.44211258 | D63: =D153 -> 0.44490101 | E63: =E153 -> 0.44493965 | F63: =F153 -> 0.44060556 | G63: =G153 -> 0.44517231 | I63: =I153 -> 0.44349894
B65: =IF(C145=1,"","Sylwadau ar y rhagdybiaethau a ddewiswyd ar gyfer rhaniad o bediar deiliadaeth")
B66: =B192 -> Ni fydd amcangyfrifon rhaniad 4 deiliadaeth yn ymddangos hyd nes bod y tabl uchod wedi'i gwblhau.
B90: Rhaniad o 4 deiliadaeth a amcangyfrifir - Canolbarth a De-orllewin Cymru (yn seiliedig ar ragdybiaethau defnyddwyr)
B91: =B157 -> Cwblhewch y tabl i weld amcangyfrifon wedi'u rhannu'n 4 deiliadaeth.
C92: =C157 | D92: =D157 | E92: =E157 | F92: =F157 | G92: =G157
B93: =B158 | C93: =C158 | D93: =D158 | E93: =E158 | F93: =F158 | G93: =G158
B94: =B159 | C94: =C159 | D94: =D159 | E94: =E159 | F94: =F159 | G94: =G159
B95: =B160 | C95: =C160 | D95: =D160 | E95: =E160 | F95: =F160 | G95: =G160
B96: =B161 | C96: =C161 | D96: =D161 | E96: =E161 | F96: =F161 | G96: =G161
B98: Rhaniad Cymesur o 4 deiliadaeth - Canolbarth a De-orllewin Cymru (yn seiliedig ar ragdybiaethau defnyddwyr)
B99: =B162 -> Cwblhewch y tabl i weld amcangyfrifon wedi'u rhannu'n 4 deiliadaeth. | I99: =I162
C100: =C162 | D100: =D162 | E100: =E162 | F100: =F162 | G100: =G162
B101: =B163 | C101: =C163 | D101: =D163 | E101: =E163 | F101: =F163 | G101: =G163 | I101: =I163
B102: =B164 | C102: =C164 | D102: =D164 | E102: =E164 | F102: =F164 | G102: =G164 | I102: =I164
B103: =B165 | C103: =C165 | D103: =D165 | E103: =E165 | F103: =F165 | G103: =G165 | I103: =I165
B104: =B166 | C104: =C166 | D104: =D166 | E104: =E166 | F104: =F166 | G104: =G166 | I104: =I166
B106: Crynodeb o Ragdybiaethau a Ddewiswyd gan Ddefnyddwyr – Canolbarth a De-orllewin Cymru
C107: 2018/19 | D107: 2019/20 | E107: 2020/21 | F107: 2021/22 | G107: 2022/23
B108: Meini Prawf Fforddiadwyedd (Marchnad) | C108: ='Rhaniad y Ddeiliadaeth (Cymru)'!C108 -> 0.3 | D108: ='Rhaniad y Ddeiliadaeth (Cymru)'!D108 -> 0.3 | E108: ='Rhaniad y Ddeiliadaeth (Cymru)'!E108 -> 0.3 | F108: ='Rhaniad y Ddeiliadaeth (Cymru)'!F108 -> 0.3 | G108: ='Rhaniad y Ddeiliadaeth (Cymru)'!G108 -> 0.3
B109: Y Cynnydd i Incwm yr Aelwyd | C109: ='Rhaniad y Ddeiliadaeth (Cymru)'!C109 -> 0.035377363 | D109: ='Rhaniad y Ddeiliadaeth (Cymru)'!D109 -> 0.025711194 | E109: ='Rhaniad y Ddeiliadaeth (Cymru)'!E109 -> 0.032803012 | F109: ='Rhaniad y Ddeiliadaeth (Cymru)'!F109 -> 0.037085853 | G109: ='Rhaniad y Ddeiliadaeth (Cymru)'!G109 -> 0.038062223
B110: Newid i ddosbarthiad incwm | C110: ='Rhaniad y Ddeiliadaeth (Cymru)'!C110 -> 0.01 | D110: ='Rhaniad y Ddeiliadaeth (Cymru)'!D110 -> 0.01 | E110: ='Rhaniad y Ddeiliadaeth (Cymru)'!E110 -> 0.01 | F110: ='Rhaniad y Ddeiliadaeth (Cymru)'!F110 -> 0.01 | G110: ='Rhaniad y Ddeiliadaeth (Cymru)'!G110 -> 0.01
B111: Y Cynnydd i Brisiau Rhenti Preifat | C111: ='Rhaniad y Ddeiliadaeth (Cymru)'!C111 -> 0.029066131 | D111: ='Rhaniad y Ddeiliadaeth (Cymru)'!D111 -> 0.029536239 | E111: ='Rhaniad y Ddeiliadaeth (Cymru)'!E111 -> 0.030600924 | F111: ='Rhaniad y Ddeiliadaeth (Cymru)'!F111 -> 0.031212409 | G111: ='Rhaniad y Ddeiliadaeth (Cymru)'!G111 -> 0.03171645
B112: Rhenti Canolrifol Blynyddol | C112: =INDEX('Prisiau Rhenti'!$D$19:$D$20,MATCH('Rhaniad y Ddeiliadaeth (C&De-o)'!$D$9,'Prisiau Rhenti'!$B$19:$B$20,0))*(1+C111) -> 6112.6528 | D112: =C112*(1+D111) -> 6293.1976 | E112: =D112*(1+E111) -> 6485.7752 | F112: =E112*(1+F111) -> 6688.2119 | G112: =F112*(1+G111) -> 6900.3383
B113: Rhenti 30 Canradd Blynyddol | C113: =INDEX('Prisiau Rhenti'!$C$19:$C$20,MATCH('Rhaniad y Ddeiliadaeth (C&De-o)'!$D$9,'Prisiau Rhenti'!$B$19:$B$20,0))*(1+C111) -> 5556.9571 | D113: =C113*(1+D111) -> 5721.0887 | E113: =D113*(1+E111) -> 5896.1593 | F113: =E113*(1+F111) -> 6080.1927 | G113: =F113*(1+G111) -> 6273.0348
B114: Cymhareb Incwm Prynwyr am y Tro Cyntaf | C114: ='Rhaniad y Ddeiliadaeth (Cymru)'!C114 -> 3.8 | D114: ='Rhaniad y Ddeiliadaeth (Cymru)'!D114 -> 3.8 | E114: ='Rhaniad y Ddeiliadaeth (Cymru)'!E114 -> 3.8 | F114: ='Rhaniad y Ddeiliadaeth (Cymru)'!F114 -> 3.8 | G114: ='Rhaniad y Ddeiliadaeth (Cymru)'!G114 -> 3.8
B115: Canradd y Prynwyr sy'n Prynu Eiddo am y Tro Cyntaf | C115: ='Rhaniad y Ddeiliadaeth (Cymru)'!C115 -> 25 | D115: ='Rhaniad y Ddeiliadaeth (Cymru)'!D115 -> 25 | E115: ='Rhaniad y Ddeiliadaeth (Cymru)'!E115 -> 25 | F115: ='Rhaniad y Ddeiliadaeth (Cymru)'!F115 -> 25 | G115: ='Rhaniad y Ddeiliadaeth (Cymru)'!G115 -> 25
B116: Prynwyr sy'n mynd ymlaen i brynu eiddo am y tro cyntaf | C116: ='Rhaniad y Ddeiliadaeth (Cymru)'!C116 -> - | D116: ='Rhaniad y Ddeiliadaeth (Cymru)'!D116 -> - | E116: ='Rhaniad y Ddeiliadaeth (Cymru)'!E116 -> - | F116: ='Rhaniad y Ddeiliadaeth (Cymru)'!F116 -> - | G116: ='Rhaniad y Ddeiliadaeth (Cymru)'!G116 -> -
B117: Meini Prawf Fforddiadwyedd (Cymdeithasol) | C117: ='Rhaniad y Ddeiliadaeth (Cymru)'!C117 -> 0.35 | D117: ='Rhaniad y Ddeiliadaeth (Cymru)'!D117 -> 0.35 | E117: ='Rhaniad y Ddeiliadaeth (Cymru)'!E117 -> 0.35 | F117: ='Rhaniad y Ddeiliadaeth (Cymru)'!F117 -> 0.35 | G117: ='Rhaniad y Ddeiliadaeth (Cymru)'!G117 -> 0.35
B118: Y Cynnydd i Brisiau Tai | C118: ='Rhaniad y Ddeiliadaeth (Cymru)'!C118 -> 0.028405585 | D118: ='Rhaniad y Ddeiliadaeth (Cymru)'!D118 -> 0.0022265547 | E118: ='Rhaniad y Ddeiliadaeth (Cymru)'!E118 -> 0.02152438 | F118: ='Rhaniad y Ddeiliadaeth (Cymru)'!F118 -> 0.038999169 | G118: ='Rhaniad y Ddeiliadaeth (Cymru)'!G118 -> 0.041479924
B120: Gwiriad Camgymeriadau - Newidynnau 2 Ddeiliadaeth
B121: Ffynonellau Data | C121: Problem?
B122: Amcanestyniadau o Aelwydydd | C122: =IF(E6="Y",0,1) -> 0
B123: Angen Presennol Nas Diwallwyd | C123: =IF(E7="Y",0,1) -> 0
B124: Dosbarthiad Incwm | C124: =IF(E8="Y",0,1) -> 0
B125: Prisiau Rhenti | C125: =IF(E9="Y",0,1) -> 0
B126: Gwerthoedd Blynyddol Penodol
B127: Trothwy Y Sector Rhentu Preifat | C127: =IF(E11="Y",0,1) -> 0
B128: Amser i gael gwared ar yr ôl groniad | C128: =IF(E12="Y",0,1) -> 0
B129: Rhagolygon 5 Mlynedd
B130: Newid i Incwm Canolrifol yr Aelwyd | C130: =IF(E14="Y",0,1) -> 0
B131: Newid i Ddosbarthiad Incwm yr Aelwyd | C131: =IF(E15="Y",0,1) -> 0
B132: Newid i brisiau rhenti | C132: =IF(E16="Y",0,1) -> 0
B133: Problemau Cyffredinol - 2 Ddeiliadaeth | C133: =IF(SUM(C122:C132)>0,1,0) -> 0
B135: Gwiriad Camgymeriadau - Newidynnau 4 deiliadaeth
B136: Ffynonellau Data | C136: Problem?
B137: Dosbarthiad Prisiau Tai | C137: =IF(E18="Y",0,1) -> 0
B138: Gwerthoedd Blynyddol Penodol
B139: Cymhareb Prynwyr am y Tro Cyntaf | C139: =IF(E20="Y",0,1) -> 0
B140: Prynwyr Sy'n Prynu Eiddo am y Tro Cyntaf | C140: =IF(E21="Y",0,1) -> 0
B141: % sy'n mynd ymlaen I brynu | C141: =IF(E22="Y",0,1) -> 1
B142: Trothwy Cymdeithasol | C142: =IF(E23="Y",0,1) -> 0
B143: Rhagolygon 5 Mlynedd
B144: Newid i brisiau tai | C144: =IF(E25="Y",0,1) -> 0
B145: Problemau Cyffredinol - 4 deiliadaeth | C145: =IF(SUM(C133,C137:C144)=0,0,1) -> 1
B147: Amcangyfrifon - Rhaniad 2 Ddeiliadaeth
B148: =IF(C133=1,"Cwblhewch y tabl i weld amcangyfrifon wedi'u rhannu'n 2 ddeiliadaeth.","") | C148: =IF($C$133=0,"2018/19","") -> 2018/19 | D148: =IF($C$133=0,"2019/20","") -> 2019/20 | E148: =IF($C$133=0,"2020/21","") -> 2020/21 | F148: =IF($C$133=0,"2021/22","") -> 2021/22 | G148: =IF($C$133=0,"2022/23","") -> 2022/23
B149: =IF($C$133=0,"Tai'r Farchnad","") -> Tai'r Farchnad | C149: =IF($C$133=0,'Cyfrifiadau - Canol. & De-orll'!C29,"") -> 1123.92 | D149: =IF($C$133=0,'Cyfrifiadau - Canol. & De-orll'!D29,"") -> 1076.67 | E149: =IF($C$133=0,'Cyfrifiadau - Canol. & De-orll'!E29,"") -> 1076.04 | F149: =IF($C$133=0,'Cyfrifiadau - Canol. & De-orll'!F29,"") -> 1151.01 | G149: =IF($C$133=0,'Cyfrifiadau - Canol. & De-orll'!G29,"") -> 1072.26
B150: =IF($C$133=0,"Tai Fforddiadwy","") -> Tai Fforddiadwy | C150: =IF($C$133=0,'Cyfrifiadau - Canol. & De-orll'!C30,"") -> 890.68 | D150: =IF($C$133=0,'Cyfrifiadau - Canol. & De-orll'!D30,"") -> 862.93 | E150: =IF($C$133=0,'Cyfrifiadau - Canol. & De-orll'!E30,"") -> 862.56 | F150: =IF($C$133=0,'Cyfrifiadau - Canol. & De-orll'!F30,"") -> 906.59 | G150: =IF($C$133=0,'Cyfrifiadau - Canol. & De-orll'!G30,"") -> 860.34
B151: =IF(C133=1,"Cwblhewch y tabl i weld amcangyfrifon wedi'u rhannu'n 2 ddeiliadaeth.","") | C151: =IF($C$133=0,"2018/19","") -> 2018/19 | D151: =IF($C$133=0,"2019/20","") -> 2019/20 | E151: =IF($C$133=0,"2020/21","") -> 2020/21 | F151: =IF($C$133=0,"2021/22","") -> 2021/22 | G151: =IF($C$133=0,"2022/23","") -> 2022/23 | I151: =IF($C$133=1,"","Rhaniad Blynyddol Cyfartalog ar draws 5 mlynedd") -> Rhaniad Blynyddol Cyfartalog ar draws 5 mlynedd
B152: =IF($C$133=0,"Tai'r Farchnad","") -> Tai'r Farchnad | C152: =IF($C$133=1,"",C149/SUM(C$149:C$150)) -> 0.55788742 | D152: =IF($C$133=1,"",D149/SUM(D$149:D$150)) -> 0.55509899 | E152: =IF($C$133=1,"",E149/SUM(E$149:E$150)) -> 0.55506035 | F152: =IF($C$133=1,"",F149/SUM(F$149:F$150)) -> 0.55939444 | G152: =IF($C$133=1,"",G149/SUM(G$149:G$150)) -> 0.55482769 | I152: =IF($C$133=1,"",SUM(C149:G149)/SUM($C$149:$G$150)) -> 0.55650106
B153: =IF($C$133=0,"Tai Fforddiadwy","") -> Tai Fforddiadwy | C153: =IF($C$133=1,"",C150/SUM(C$149:C$150)) -> 0.44211258 | D153: =IF($C$133=1,"",D150/SUM(D$149:D$150)) -> 0.44490101 | E153: =IF($C$133=1,"",E150/SUM(E$149:E$150)) -> 0.44493965 | F153: =IF($C$133=1,"",F150/SUM(F$149:F$150)) -> 0.44060556 | G153: =IF($C$133=1,"",G150/SUM(G$149:G$150)) -> 0.44517231 | I153: =IF($C$133=1,"",SUM(C150:G150)/SUM($C$149:$G$150)) -> 0.44349894
B156: Amcangyfrifon - Rhaniad 4 deiliadaeth
B157: =IF(C145=1,"Cwblhewch y tabl i weld amcangyfrifon wedi'u rhannu'n 4 deiliadaeth.","") -> Cwblhewch y tabl i weld amcangyfrifon wedi'u rhannu'n 4 deiliadaeth. | C157: =IF($C$145=0,"2018/19","") | D157: =IF($C$145=0,"2019/20","") | E157: =IF($C$145=0,"2020/21","") | F157: =IF($C$145=0,"2021/22","") | G157: =IF($C$145=0,"2022/23","")
B158: =IF($C$145=0,"Perchen-feddiannydd","") | C158: =IF($C$145=0,'Cyfrifiadau - Canol. & De-orll'!C59,"") | D158: =IF($C$145=0,'Cyfrifiadau - Canol. & De-orll'!D59,"") | E158: =IF($C$145=0,'Cyfrifiadau - Canol. & De-orll'!E59,"") | F158: =IF($C$145=0,'Cyfrifiadau - Canol. & De-orll'!F59,"") | G158: =IF($C$145=0,'Cyfrifiadau - Canol. & De-orll'!G59,"")
B159: =IF($C$145=0,"Y Sector Rhentu Preifat","") | C159: =IF($C$145=0,'Cyfrifiadau - Canol. & De-orll'!C60,"") | D159: =IF($C$145=0,'Cyfrifiadau - Canol. & De-orll'!D60,"") | E159: =IF($C$145=0,'Cyfrifiadau - Canol. & De-orll'!E60,"") | F159: =IF($C$145=0,'Cyfrifiadau - Canol. & De-orll'!F60,"") | G159: =IF($C$145=0,'Cyfrifiadau - Canol. & De-orll'!G60,"")
...

Sheet Rhaniad y Ddeiliadaeth (De-ddn)
B1: Lefel Ddaearyddol: | D1: De-ddwyrain Cymru
B2: Mae'r dewisiadau a wnaed ar daflen: Rhaniad y Ddeiliadaeth (Cymru) yn cael eu cadw yn y taflenni rhanbarthol. Os byddwch wedi dewis defnyddio eich data eich hunain, ac nad ydych wedi nodi'r data rhanbarthol lle y mae angen eu rhoi, cewch eich atgoffa i wneud hynny.
C4: Newidyn | D4: Dewislen | E4: Wedi'i gwblhau? | F4: Cyfarwyddiadau/Gwirio | K4: Dolenni defnyddiol i daenlenni eraill:
B5: Mae angen y newidynnau hyn i gynhyrchu amcangyfrifon wedi'u rhannu yn ddwy deiliadaeth (ar y farchnad a fforddiadwy). Mae'r daenlen "Canllawiau ar Newidynnau" yn darparu diffiniadau llawn. | C5: Ffynonellau Data (rhaniad 2 ddeiliadaeth)
C6: Rhagdybiaethau yr Aelwyd | D6: ='Rhaniad y Ddeiliadaeth (Cymru)'!D6 -> Prif Amcanestyniadau | E6: =IF(OR(F6=$B$195,F6=$B$196),"Y","N") -> Y | F6: =IF(D6="",B194,IF(D6="Arall",IF('Amcanestyniadau o Aelwyd'!J25=0,B197&B198,B196),B195)) -> Defnyddiwyd Data Wedi'i Ragosod
C7: Angen Nas Diwallwyd Presennol | D7: ='Rhaniad y Ddeiliadaeth (Cymru)'!D7 -> Amcangyfrifon LlC | E7: =IF(OR(F7=$B$195,F7=$B$196),"Y","N") -> Y | F7: =IF(D7="",B194,IF(D7="Arall",IF(ISBLANK('Angen Presennol Nas Diwallwyd'!C20),B197&B199,B196),B195)) -> Defnyddiwyd Data Wedi'i Ragosod
C8: Incwm yr Aelwyd | D8: ='Rhaniad y Ddeiliadaeth (Cymru)'!D8 -> Amcangyfrifon LlC | E8: =IF(OR(F8=$B$195,F8=$B$196),"Y","N") -> Y | F8: =IF(D8="",B194,IF(D8="Arall",IF('Incwm (De-ddwyrain)'!N85=0,B196,B197&B200),B195)) -> Defnyddiwyd Data Wedi'i Ragosod
C9: Prisiau Rhenti Preifat | D9: ='Rhaniad y Ddeiliadaeth (Cymru)'!D9 -> Data LlC ar Renti | E9: =IF(OR(F9=$B$195,F9=$B$196),"Y","N") -> Y | F9: =IF(D9="",B194,IF(D9="Arall",IF(OR(ISBLANK('Prisiau Rhenti'!C25),ISBLANK('Prisiau Rhenti'!D25)),B197&B202,B196),B195)) -> Defnyddiwyd Data Wedi'i Ragosod
C10: Rhagdybiaethau Blynyddol Penodol (rhaniad 2ddeiliadaeth)
C11: Meini Prawf Fforddiadwyedd (Marchnad) | D11: ='Rhaniad y Ddeiliadaeth (Cymru)'!D11 -> Wedi'i ragosod | E11: =IF(OR(F11=$B$195,F11=$B$196),"Y","N") -> Y | F11: ='Rhaniad y Ddeiliadaeth (Cymru)'!F11:I11 -> Defnyddiwyd Data Wedi'i Ragosod
C12: Blynyddoedd i Gael Gwared ar yr Ôl Groniad | D12: ='Rhaniad y Ddeiliadaeth (Cymru)'!D12 -> Wedi'i ragosod | E12: =IF(OR(F12=$B$195,F12=$B$196),"Y","N") -> Y | F12: ='Rhaniad y Ddeiliadaeth (Cymru)'!F12:I12 -> Defnyddiwyd Data Wedi'i Ragosod
C13: Rhagdybiaethau Blynyddol Penodol (rhaniad 2 ddeiliadaeth)
C14: Newid i Incwm Canolrifol yr Aelwyd | D14: ='Rhaniad y Ddeiliadaeth (Cymru)'!D14 -> Wedi'i ragosod | E14: =IF(OR(F14=$B$195,F14=$B$196),"Y","N") -> Y | F14: ='Rhaniad y Ddeiliadaeth (Cymru)'!F14:I14 -> Defnyddiwyd Data Wedi'i Ragosod
C15: Newid i Ddosbarthiad Incwm yr Aelwyd | D15: ='Rhaniad y Ddeiliadaeth (Cymru)'!D15 -> Mwy o Anghydraddoldeb | E15: =IF(OR(F15=$B$195,F15=$B$196),"Y","N") -> Y | F15: ='Rhaniad y Ddeiliadaeth (Cymru)'!F15:I15 -> Defnyddiwyd Data Wedi'i Ragosod
C16: Newid i Brisiau Rhenti | D16: ='Rhaniad y Ddeiliadaeth (Cymru)'!D16 -> Wedi'i ragosod | E16: =IF(OR(F16=$B$195,F16=$B$196),"Y","N") -> Y | F16: ='Rhaniad y Ddeiliadaeth (Cymru)'!F16:I16 -> Defnyddiwyd Data Wedi'i Ragosod
B17: Mae angen y newidynnau ychwanegol hyn i gynhyrchu amcangyfrifon wedi'u rhannu yn bedair deiliadaeth (perchen-feddiannydd, rhent preifat, rhent canolradd a chymdeithasol). Mae'r daenlen "Canllawiau ar Newidynnau" yn darparu diffiniadau llawn. | C17: Ffynonellau Data (rhaniad 4 deiliadaeth)
C18: Dosbarthiad Prisiau Tai | D18: ='Rhaniad y Ddeiliadaeth (Cymru)'!D18 -> Data Cofrestrfa Tir | E18: =IF(OR(F18=$B$195,F18=$B$196),"Y","N") -> Y | F18: =IF(D18="",B194,IF(D18="Arall",IF('Prisiau Tai (De-ddwyrain)'!N85=1,B197&B201,B196),B195)) -> Defnyddiwyd Data Wedi'i Ragosod
C19: Rhagdybiaethau Blynyddol Penodol (rhaniad 4 deiliadaeth)
C20: Cymhareb Incwm Prynwyr am y Tro Cyntaf | D20: ='Rhaniad y Ddeiliadaeth (Cymru)'!D20 -> Wedi'i ragosod | E20: =IF(OR(F20=$B$195,F20=$B$196),"Y","N") -> Y | F20: ='Rhaniad y Ddeiliadaeth (Cymru)'!F20:I20 -> Defnyddiwyd Data Wedi'i Ragosod
C21: Canradd y Prynwyr sy'n Prynu Eiddo am y Tro Cyntaf | D21: ='Rhaniad y Ddeiliadaeth (Cymru)'!D21 -> 25 | E21: =IF(OR(F21=$B$195,F21=$B$196),"Y","N") -> Y | F21: ='Rhaniad y Ddeiliadaeth (Cymru)'!F21:I21 -> Defnyddiwyd Data Wedi'i Ragosod
C22: Prynwyr sy'n mynd ymlaen i brynu eiddo am y tro cyntaf (nid oes rhagosodyn) | D22: ='Rhaniad y Ddeiliadaeth (Cymru)'!D22 -> Gwerth defnyddiwr (nid oes gwerth wedi'i ragosod) | E22: =IF(OR(F22=$B$195,F22=$B$196),"Y","N") -> N | F22: ='Rhaniad y Ddeiliadaeth (Cymru)'!F22:I22 -> Rhowch ddata'r defnyddiwr ar y daflen:'Rhagdybiaeth Blynyddol'
C23: Meini Prawf Fforddiadwyedd (Cymdeithasol) | D23: ='Rhaniad y Ddeiliadaeth (Cymru)'!D23 -> Wedi'i ragosod | E23: =IF(OR(F23=$B$195,F23=$B$196),"Y","N") -> Y | F23: ='Rhaniad y Ddeiliadaeth (Cymru)'!F23:I23 -> Defnyddiwyd Data Wedi'i Ragosod
C24: Rhagdybiaethau 5 mlynedd (rhaniad 4 deiliadaeth)
C25: Newid i Brisiau Tai | D25: ='Rhaniad y Ddeiliadaeth (Cymru)'!D25 -> Wedi'i ragosod | E25: =IF(OR(F25=$B$195,F25=$B$196),"Y","N") -> Y | F25: ='Rhaniad y Ddeiliadaeth (Cymru)'!F25:I25 -> Defnyddiwyd Data Wedi'i Ragosod
B27: =IF(C133=1,"","Sylwadau ar y rhagdybiaethau a ddewiswyd ar gyfer rhaniad o ddwy ddeiliadaeth") -> Sylwadau ar y rhagdybiaethau a ddewiswyd ar gyfer rhaniad o ddwy ddeiliadaeth
B28: =B188 -> Mae'r ffigurau isod yn rhannu'r amcangyfrifon o'r angen o ran tai yn De-ddwyrain Cymru yn ddwy ddeiliadaeth, ac maent wedi'i seilio ar y rhagdybiaethau canlynol.Mae amcangyfrifon sylfaenol yr unedau tai ychwanegol wedi'u seilio ar amcanestyniadau aelwydydd gan Llywodraeth Cymru sy'n seiliedig ar 2014 (Prif Amcanestyniadau), ac amcangyfrif o 5645 aelwydydd o ran angen presennol nas diwallwyd a fydd yn cymryd 5 mlynedd i'w diwallu.Mae data ar incwm yn seiliedig ar Ddata Llywodraeth Cymru ac mae data ar renti preifat yn seiliedig ar Ddata Llywodraeth Cymru. Mae'r newid blynyddol i incwm canolrifol yr aelwyd yn seiliedig ar amcangyfrifon wedi'u rhagosod, mae'r newid blynyddol i ddosbarthiad incwm yr aelwyd yn seiliedig ar amcangyfrifon wedi'u rhagosod ac mae'r newid blynyddol i brisiau rhenti yn seiliedig ar amcangyfrifon wedi'u rhagosod.
B52: Noder: Gall fod gwahaniaethau bach rhwng swm y canlyniadau rhanbarthol a'r canlyniadau cenedlaethol o dan unrhyw amcangyfrifon a rhannwyd yn ôl daliadaeth. Mae hyn oherwydd y cyfrifir amcangyfrifon rhanbarthol gan ddefnyddio data rhanbarthol (incwm aelwyd, prisiau rhentu) ac felly bydd yn wahanol i lefel Cymru gyfan.
B55: Rhaniad o 2 Ddeiliadaeth a amcangyfrifir - De-ddwyrain Cymru (yn seiliedig ar ragdybiaethau defnyddwyr)
B56: =B148 | C56: =C148 -> 2018/19 | D56: =D148 -> 2019/20 | E56: =E148 -> 2020/21 | F56: =F148 -> 2021/22 | G56: =G148 -> 2022/23
B57: =B149 -> Tai'r Farchnad | C57: =C149 -> 2432.4 | D57: =D149 -> 2369.4 | E57: =E149 -> 2412.6 | F57: =F149 -> 2571 | G57: =G149 -> 2465.4
B58: =B150 -> Tai Fforddiadwy | C58: =C150 -> 2271 | D58: =D150 -> 2229 | E58: =E150 -> 2257.8 | F58: =F150 -> 2363.4 | G58: =G150 -> 2293
B60: Rhaniad Cymesur o 2 Ddeiliadaeth - De-ddwyrain Cymru (yn seiliedig ar ragdybiaethau defnyddwyr)
B61: =B151 | C61: =C151 -> 2018/19 | D61: =D151 -> 2019/20 | E61: =E151 -> 2020/21 | F61: =F151 -> 2021/22 | G61: =G151 -> 2022/23 | I61: =I151 -> Rhaniad Blynyddol Cyfartalog ar draws 5 mlynedd
B62: =B152 -> Tai'r Farchnad | C62: =C152 -> 0.5171578 | D62: =D152 -> 0.51526618 | E62: =E152 -> 0.51657246 | F62: =F152 -> 0.52103599 | G62: =G152 -> 0.51811533 | I62: =I152 -> 0.51767589
B63: =B153 -> Tai Fforddiadwy | C63: =C153 -> 0.4828422 | D63: =D153 -> 0.48473382 | E63: =E153 -> 0.48342754 | F63: =F153 -> 0.47896401 | G63: =G153 -> 0.48188467 | I63: =I153 -> 0.48232411
B65: =IF(C145=1,"","Sylwadau ar y rhagdybiaethau a ddewiswyd ar gyfer rhaniad o bediar deiliadaeth")
B66: =B192 -> Ni fydd amcangyfrifon rhaniad 4 deiliadaeth yn ymddangos hyd nes bod y tabl uchod wedi'i gwblhau.
B90: Rhaniad o 4 deiliadaeth a amcangyfrifir - De-ddwyrain Cymru (yn seiliedig ar ragdybiaethau defnyddwyr)
B91: =B157 -> Cwblhewch y tabl i weld amcangyfrifon wedi'u rhannu'n 4 deiliadaeth.
C92: =C157 | D92: =D157 | E92: =E157 | F92: =F157 | G92: =G157
B93: =B158 | C93: =C158 | D93: =D158 | E93: =E158 | F93: =F158 | G93: =G158
B94: =B159 | C94: =C159 | D94: =D159 | E94: =E159 | F94: =F159 | G94: =G159
B95: =B160 | C95: =C160 | D95: =D160 | E95: =E160 | F95: =F160 | G95: =G160
B96: =B161 | C96: =C161 | D96: =D161 | E96: =E161 | F96: =F161 | G96: =G161
B98: Rhaniad Cymesur o 4 deiliadaeth - De-ddwyrain Cymru (yn seiliedig ar ragdybiaethau defnyddwyr)
B99: =B162 -> Cwblhewch y tabl i weld amcangyfrifon wedi'u rhannu'n 4 deiliadaeth. | I99: =I162
C100: =C162 | D100: =D162 | E100: =E162 | F100: =F162 | G100: =G162
B101: =B163 | C101: =C163 | D101: =D163 | E101: =E163 | F101: =F163 | G101: =G163 | I101: =I163
B102: =B164 | C102: =C164 | D102: =D164 | E102: =E164 | F102: =F164 | G102: =G164 | I102: =I164
B103: =B165 | C103: =C165 | D103: =D165 | E103: =E165 | F103: =F165 | G103: =G165 | I103: =I165
B104: =B166 | C104: =C166 | D104: =D166 | E104: =E166 | F104: =F166 | G104: =G166 | I104: =I166
B106: Crynodeb o Ragdybiaethau a Ddewiswyd gan Ddefnyddwyr – De-ddwyrain Cymru
C107: 2018/19 | D107: 2019/20 | E107: 2020/21 | F107: 2021/22 | G107: 2022/23
B108: Meini Prawf Fforddiadwyedd (Marchnad) | C108: ='Rhaniad y Ddeiliadaeth (Cymru)'!C108 -> 0.3 | D108: ='Rhaniad y Ddeiliadaeth (Cymru)'!D108 -> 0.3 | E108: ='Rhaniad y Ddeiliadaeth (Cymru)'!E108 -> 0.3 | F108: ='Rhaniad y Ddeiliadaeth (Cymru)'!F108 -> 0.3 | G108: ='Rhaniad y Ddeiliadaeth (Cymru)'!G108 -> 0.3
B109: Y Cynnydd i Incwm yr Aelwyd | C109: ='Rhaniad y Ddeiliadaeth (Cymru)'!C109 -> 0.035377363 | D109: ='Rhaniad y Ddeiliadaeth (Cymru)'!D109 -> 0.025711194 | E109: ='Rhaniad y Ddeiliadaeth (Cymru)'!E109 -> 0.032803012 | F109: ='Rhaniad y Ddeiliadaeth (Cymru)'!F109 -> 0.037085853 | G109: ='Rhaniad y Ddeiliadaeth (Cymru)'!G109 -> 0.038062223
B110: Newid i ddosbarthiad incwm | C110: ='Rhaniad y Ddeiliadaeth (Cymru)'!C110 -> 0.01 | D110: ='Rhaniad y Ddeiliadaeth (Cymru)'!D110 -> 0.01 | E110: ='Rhaniad y Ddeiliadaeth (Cymru)'!E110 -> 0.01 | F110: ='Rhaniad y Ddeiliadaeth (Cymru)'!F110 -> 0.01 | G110: ='Rhaniad y Ddeiliadaeth (Cymru)'!G110 -> 0.01
B111: Y Cynnydd i Brisiau Rhenti Preifat | C111: ='Rhaniad y Ddeiliadaeth (Cymru)'!C111 -> 0.029066131 | D111: ='Rhaniad y Ddeiliadaeth (Cymru)'!D111 -> 0.029536239 | E111: ='Rhaniad y Ddeiliadaeth (Cymru)'!E111 -> 0.030600924 | F111: ='Rhaniad y Ddeiliadaeth (Cymru)'!F111 -> 0.031212409 | G111: ='Rhaniad y Ddeiliadaeth (Cymru)'!G111 -> 0.03171645
B112: Rhenti Canolrifol Blynyddol | C112: =INDEX('Prisiau Rhenti'!$D$24:$D$25,MATCH('Rhaniad y Ddeiliadaeth (De-ddn)'!$D$9,'Prisiau Rhenti'!$B$24:$B$25,0))*(1+C111) -> 6791.8365 | D112: =C112*(1+D111) -> 6992.4418 | E112: =D112*(1+E111) -> 7206.4169 | F112: =E112*(1+F111) -> 7431.3466 | G112: =F112*(1+G111) -> 7667.0425
B113: Rhenti 30 Canradd Blynyddol | C113: =INDEX('Prisiau Rhenti'!$C$24:$C$25,MATCH('Rhaniad y Ddeiliadaeth (De-ddn)'!$D$9,'Prisiau Rhenti'!$B$24:$B$25,0))*(1+C111) -> 5865.9239 | D113: =C113*(1+D111) -> 6039.1813 | E113: =D113*(1+E111) -> 6223.9858 | F113: =E113*(1+F111) -> 6418.2514 | G113: =F113*(1+G111) -> 6621.8155
B114: Cymhareb Incwm Prynwyr am y Tro Cyntaf | C114: ='Rhaniad y Ddeiliadaeth (Cymru)'!C114 -> 3.8 | D114: ='Rhaniad y Ddeiliadaeth (Cymru)'!D114 -> 3.8 | E114: ='Rhaniad y Ddeiliadaeth (Cymru)'!E114 -> 3.8 | F114: ='Rhaniad y Ddeiliadaeth (Cymru)'!F114 -> 3.8 | G114: ='Rhaniad y Ddeiliadaeth (Cymru)'!G114 -> 3.8
B115: Canradd y Prynwyr sy'n Prynu Eiddo am y Tro Cyntaf | C115: ='Rhaniad y Ddeiliadaeth (Cymru)'!C115 -> 25 | D115: ='Rhaniad y Ddeiliadaeth (Cymru)'!D115 -> 25 | E115: ='Rhaniad y Ddeiliadaeth (Cymru)'!E115 -> 25 | F115: ='Rhaniad y Ddeiliadaeth (Cymru)'!F115 -> 25 | G115: ='Rhaniad y Ddeiliadaeth (Cymru)'!G115 -> 25
B116: Prynwyr sy'n mynd ymlaen i brynu eiddo am y tro cyntaf | C116: ='Rhaniad y Ddeiliadaeth (Cymru)'!C116 -> - | D116: ='Rhaniad y Ddeiliadaeth (Cymru)'!D116 -> - | E116: ='Rhaniad y Ddeiliadaeth (Cymru)'!E116 -> - | F116: ='Rhaniad y Ddeiliadaeth (Cymru)'!F116 -> - | G116: ='Rhaniad y Ddeiliadaeth (Cymru)'!G116 -> -
B117: Meini Prawf Fforddiadwyedd (Cymdeithasol) | C117: ='Rhaniad y Ddeiliadaeth (Cymru)'!C117 -> 0.35 | D117: ='Rhaniad y Ddeiliadaeth (Cymru)'!D117 -> 0.35 | E117: ='Rhaniad y Ddeiliadaeth (Cymru)'!E117 -> 0.35 | F117: ='Rhaniad y Ddeiliadaeth (Cymru)'!F117 -> 0.35 | G117: ='Rhaniad y Ddeiliadaeth (Cymru)'!G117 -> 0.35
B118: Y Cynnydd i Brisiau Tai | C118: ='Rhaniad y Ddeiliadaeth (Cymru)'!C118 -> 0.028405585 | D118: ='Rhaniad y Ddeiliadaeth (Cymru)'!D118 -> 0.0022265547 | E118: ='Rhaniad y Ddeiliadaeth (Cymru)'!E118 -> 0.02152438 | F118: ='Rhaniad y Ddeiliadaeth (Cymru)'!F118 -> 0.038999169 | G118: ='Rhaniad y Ddeiliadaeth (Cymru)'!G118 -> 0.041479924
B120: Gwiriad Camgymeriadau - Newidynnau 2 Ddeiliadaeth
B121: Ffynonellau Data | C121: Problem?
B122: Amcanestyniadau o Aelwydydd | C122: =IF(E6="Y",0,1) -> 0
B123: Angen Presennol Nas Diwallwyd | C123: =IF(E7="Y",0,1) -> 0
B124: Dosbarthiad Incwm | C124: =IF(E8="Y",0,1) -> 0
B125: Prisiau Rhenti | C125: =IF(E9="Y",0,1) -> 0
B126: Gwerthoedd Blynyddol Penodol
B127: Trothwy Y Sector Rhentu Preifat | C127: =IF(E11="Y",0,1) -> 0
B128: Amser i gael gwared ar yr ôl groniad | C128: =IF(E12="Y",0,1) -> 0
B129: Rhagolygon 5 Mlynedd
B130: Newid i Incwm Canolrifol yr Aelwyd | C130: =IF(E14="Y",0,1) -> 0
B131: Newid i Ddosbarthiad Incwm yr Aelwyd | C131: =IF(E15="Y",0,1) -> 0
B132: Newid i brisiau rhenti | C132: =IF(E16="Y",0,1) -> 0
B133: Problemau Cyffredinol - 2 Ddeiliadaeth | C133: =IF(SUM(C122:C132)>0,1,0) -> 0
B135: Gwiriad Camgymeriadau - Newidynnau 4 deiliadaeth
B136: Ffynonellau Data | C136: Problem?
B137: Dosbarthiad Prisiau Tai | C137: =IF(E18="Y",0,1) -> 0
B138: Gwerthoedd Blynyddol Penodol
B139: Cymhareb Prynwyr am y Tro Cyntaf | C139: =IF(E20="Y",0,1) -> 0
B140: Prynwyr Sy'n Prynu Eiddo am y Tro Cyntaf | C140: =IF(E21="Y",0,1) -> 0
B141: % sy'n mynd ymlaen I brynu | C141: =IF(E22="Y",0,1) -> 1
B142: Trothwy Cymdeithasol | C142: =IF(E23="Y",0,1) -> 0
B143: Rhagolygon 5 Mlynedd
B144: Newid i brisiau tai | C144: =IF(E25="Y",0,1) -> 0
B145: Problemau Cyffredinol - 4 deiliadaeth | C145: =IF(SUM(C133,C137:C144)=0,0,1) -> 1
B147: Amcangyfrifon - Rhaniad 2 Ddeiliadaeth
B148: =IF(C133=1,"Cwblhewch y tabl i weld amcangyfrifon wedi'u rhannu'n 2 ddeiliadaeth.","") | C148: =IF($C$133=0,"2018/19","") -> 2018/19 | D148: =IF($C$133=0,"2019/20","") -> 2019/20 | E148: =IF($C$133=0,"2020/21","") -> 2020/21 | F148: =IF($C$133=0,"2021/22","") -> 2021/22 | G148: =IF($C$133=0,"2022/23","") -> 2022/23
B149: =IF($C$133=0,"Tai'r Farchnad","") -> Tai'r Farchnad | C149: =IF($C$133=0,'Cyfrifiadau - De-ddwyrain'!C29,"") -> 2432.4 | D149: =IF($C$133=0,'Cyfrifiadau - De-ddwyrain'!D29,"") -> 2369.4 | E149: =IF($C$133=0,'Cyfrifiadau - De-ddwyrain'!E29,"") -> 2412.6 | F149: =IF($C$133=0,'Cyfrifiadau - De-ddwyrain'!F29,"") -> 2571 | G149: =IF($C$133=0,'Cyfrifiadau - De-ddwyrain'!G29,"") -> 2465.4
B150: =IF($C$133=0,"Tai Fforddiadwy","") -> Tai Fforddiadwy | C150: =IF($C$133=0,'Cyfrifiadau - De-ddwyrain'!C30,"") -> 2271 | D150: =IF($C$133=0,'Cyfrifiadau - De-ddwyrain'!D30,"") -> 2229 | E150: =IF($C$133=0,'Cyfrifiadau - De-ddwyrain'!E30,"") -> 2257.8 | F150: =IF($C$133=0,'Cyfrifiadau - De-ddwyrain'!F30,"") -> 2363.4 | G150: =IF($C$133=0,'Cyfrifiadau - De-ddwyrain'!G30,"") -> 2293
B151: =IF(C133=1,"Cwblhewch y tabl i weld amcangyfrifon wedi'u rhannu'n 2 ddeiliadaeth.","") | C151: =IF($C$133=0,"2018/19","") -> 2018/19 | D151: =IF($C$133=0,"2019/20","") -> 2019/20 | E151: =IF($C$133=0,"2020/21","") -> 2020/21 | F151: =IF($C$133=0,"2021/22","") -> 2021/22 | G151: =IF($C$133=0,"2022/23","") -> 2022/23 | I151: =IF(C133=1,"","Rhaniad Blynyddol Cyfartalog ar draws 5 mlynedd") -> Rhaniad Blynyddol Cyfartalog ar draws 5 mlynedd
B152: =IF($C$133=0,"Tai'r Farchnad","") -> Tai'r Farchnad | C152: =IF($C$133=1,"",C149/SUM(C$149:C$150)) -> 0.5171578 | D152: =IF($C$133=1,"",D149/SUM(D$149:D$150)) -> 0.51526618 | E152: =IF($C$133=1,"",E149/SUM(E$149:E$150)) -> 0.51657246 | F152: =IF($C$133=1,"",F149/SUM(F$149:F$150)) -> 0.52103599 | G152: =IF($C$133=1,"",G149/SUM(G$149:G$150)) -> 0.51811533 | I152: =IF($C$133=1,"",SUM(C149:G149)/SUM($C$149:$G$150)) -> 0.51767589
B153: =IF($C$133=0,"Tai Fforddiadwy","") -> Tai Fforddiadwy | C153: =IF($C$133=1,"",C150/SUM(C$149:C$150)) -> 0.4828422 | D153: =IF($C$133=1,"",D150/SUM(D$149:D$150)) -> 0.48473382 | E153: =IF($C$133=1,"",E150/SUM(E$149:E$150)) -> 0.48342754 | F153: =IF($C$133=1,"",F150/SUM(F$149:F$150)) -> 0.47896401 | G153: =IF($C$133=1,"",G150/SUM(G$149:G$150)) -> 0.48188467 | I153: =IF($C$133=1,"",SUM(C150:G150)/SUM($C$149:$G$150)) -> 0.48232411
B156: Amcangyfrifon - Rhaniad 4 deiliadaeth
B157: =IF(C145=1,"Cwblhewch y tabl i weld amcangyfrifon wedi'u rhannu'n 4 deiliadaeth.","") -> Cwblhewch y tabl i weld amcangyfrifon wedi'u rhannu'n 4 deiliadaeth. | C157: =IF($C$145=0,"2018/19","") | D157: =IF($C$145=0,"2019/20","") | E157: =IF($C$145=0,"2020/21","") | F157: =IF($C$145=0,"2021/22","") | G157: =IF($C$145=0,"2022/23","")
B158: =IF($C$145=0,"Perchen-feddiannydd","") | C158: =IF($C$145=0,'Cyfrifiadau - De-ddwyrain'!C59,"") | D158: =IF($C$145=0,'Cyfrifiadau - De-ddwyrain'!D59,"") | E158: =IF($C$145=0,'Cyfrifiadau - De-ddwyrain'!E59,"") | F158: =IF($C$145=0,'Cyfrifiadau - De-ddwyrain'!F59,"") | G158: =IF($C$145=0,'Cyfrifiadau - De-ddwyrain'!G59,"")
B159: =IF($C$145=0,"Y Sector Rhentu Preifat","") | C159: =IF($C$145=0,'Cyfrifiadau - De-ddwyrain'!C60,"") | D159: =IF($C$145=0,'Cyfrifiadau - De-ddwyrain'!D60,"") | E159: =IF($C$145=0,'Cyfrifiadau - De-ddwyrain'!E60,"") | F159: =IF($C$145=0,'Cyfrifiadau - De-ddwyrain'!F60,"") | G159: =IF($C$145=0,'Cyfrifiadau - De-ddwyrain'!G60,"")
...

Sheet Cyfrifiadau - Cymru
B1: Cymru
B3: Mae'r daflen hon yn defnyddio'r set o ragdybiaethau i gyfrifo faint o aelwydydd a fyddai'n addas ar gyfer pob deiliadaeth tŷ ym mhob blwyddyn. Caiff y canlyniadau yn y daflen hon eu bwydo i'r daflen Rhaniad y Ddeiliadaeth (Cymru). Nid oes angen ichi roi unrhyw beth ar y daflen hon. Os bydd gennych unrhyw gofnodion o ddata na chwblhawyd ar unrhyw newidynnau, bydd cyfeiliornadau'n digwydd.
B8: Unedau Tai Ychwanegol
C9: 1 | D9: 2 | E9: 3 | F9: 4 | G9: 5
C10: 2018/19 | D10: 2019/20 | E10: 2020/21 | F10: 2021/22 | G10: 2022/23
B11: Angen Sydd Newydd Ymddangos | C11: {=INDEX('Angen Sydd Newydd Ymddangos'!D8:D31,MATCH(1,($B$1='Angen Sydd Newydd Ymddangos'!$C$8:$C$31)*('Rhaniad y Ddeiliadaeth (Cymru)'!$D$6='Angen Sydd Newydd Ymddangos'!$B$8:$B$31),0))} -> 7219 | D11: {=INDEX('Angen Sydd Newydd Ymddangos'!E8:E31,MATCH(1,($B$1='Angen Sydd Newydd Ymddangos'!$C$8:$C$31)*('Rhaniad y Ddeiliadaeth (Cymru)'!$D$6='Angen Sydd Newydd Ymddangos'!$B$8:$B$31),0))} -> 6965 | E11: {=INDEX('Angen Sydd Newydd Ymddangos'!F8:F31,MATCH(1,($B$1='Angen Sydd Newydd Ymddangos'!$C$8:$C$31)*('Rhaniad y Ddeiliadaeth (Cymru)'!$D$6='Angen Sydd Newydd Ymddangos'!$B$8:$B$31),0))} -> 7029 | F11: {=INDEX('Angen Sydd Newydd Ymddangos'!G8:G31,MATCH(1,($B$1='Angen Sydd Newydd Ymddangos'!$C$8:$C$31)*('Rhaniad y Ddeiliadaeth (Cymru)'!$D$6='Angen Sydd Newydd Ymddangos'!$B$8:$B$31),0))} -> 7496 | G11: {=INDEX('Angen Sydd Newydd Ymddangos'!H8:H31,MATCH(1,($B$1='Angen Sydd Newydd Ymddangos'!$C$8:$C$31)*('Rhaniad y Ddeiliadaeth (Cymru)'!$D$6='Angen Sydd Newydd Ymddangos'!$B$8:$B$31),0))} -> 7118
B12: Angen Presennol Nas Diwallwyd | C12: =IF('Angen Presennol Nas Diwallwyd'!$C$28>='Cyfrifiadau - Cymru'!C9,IF(('Rhaniad y Ddeiliadaeth (Cymru)'!$D$7="Amcangyfrifon LlC"),'Angen Presennol Nas Diwallwyd'!$C$12/'Angen Presennol Nas Diwallwyd'!$C$28,'Angen Presennol Nas Diwallwyd'!$C$21/'Angen Presennol Nas Diwallwyd'!$C$28),0) -> 1129 | D12: =IF('Angen Presennol Nas Diwallwyd'!$C$28>='Cyfrifiadau - Cymru'!D9,IF(('Rhaniad y Ddeiliadaeth (Cymru)'!$D$7="Amcangyfrifon LlC"),'Angen Presennol Nas Diwallwyd'!$C$12/'Angen Presennol Nas Diwallwyd'!$C$28,'Angen Presennol Nas Diwallwyd'!$C$21/'Angen Presennol Nas Diwallwyd'!$C$28),0) -> 1129 | E12: =IF('Angen Presennol Nas Diwallwyd'!$C$28>='Cyfrifiadau - Cymru'!E9,IF(('Rhaniad y Ddeiliadaeth (Cymru)'!$D$7="Amcangyfrifon LlC"),'Angen Presennol Nas Diwallwyd'!$C$12/'Angen Presennol Nas Diwallwyd'!$C$28,'Angen Presennol Nas Diwallwyd'!$C$21/'Angen Presennol Nas Diwallwyd'!$C$28),0) -> 1129 | F12: =IF('Angen Presennol Nas Diwallwyd'!$C$28>='Cyfrifiadau - Cymru'!F9,IF(('Rhaniad y Ddeiliadaeth (Cymru)'!$D$7="Amcangyfrifon LlC"),'Angen Presennol Nas Diwallwyd'!$C$12/'Angen Presennol Nas Diwallwyd'!$C$28,'Angen Presennol Nas Diwallwyd'!$C$21/'Angen Presennol Nas Diwallwyd'!$C$28),0) -> 1129 | G12: =IF('Angen Presennol Nas Diwallwyd'!$C$28>='Cyfrifiadau - Cymru'!G9,IF(('Rhaniad y Ddeiliadaeth (Cymru)'!$D$7="Amcangyfrifon LlC"),'Angen Presennol Nas Diwallwyd'!$C$12/'Angen Presennol Nas Diwallwyd'!$C$28,'Angen Presennol Nas Diwallwyd'!$C$21/'Angen Presennol Nas Diwallwyd'!$C$28),0) -> 1129
B13: Cyfanswm | C13: =SUM(C11:C12) -> 8348 | D13: =SUM(D11:D12) -> 8094 | E13: =SUM(E11:E12) -> 8158 | F13: =SUM(F11:F12) -> 8625 | G13: =SUM(G11:G12) -> 8247
B15: Rhaniad y Ddeiliadaeth: Tai Fforddiadwy ac ar y Farchnad
B17: Tai ar y Farchnad
B18: Rhent Preifat Canolrifol | C18: ='Rhaniad y Ddeiliadaeth (Cymru)'!C112 -> 6483.1166 | D18: ='Rhaniad y Ddeiliadaeth (Cymru)'!D112 -> 6674.6035 | E18: ='Rhaniad y Ddeiliadaeth (Cymru)'!E112 -> 6878.8525 | F18: ='Rhaniad y Ddeiliadaeth (Cymru)'!F112 -> 7093.5581 | G18: ='Rhaniad y Ddeiliadaeth (Cymru)'!G112 -> 7318.5406
B19: Isafswm Incwm yr Aelwyd | C19: =C18/'Rhaniad y Ddeiliadaeth (Cymru)'!C108 -> 21610.389 | D19: =D18/'Rhaniad y Ddeiliadaeth (Cymru)'!D108 -> 22248.678 | E19: =E18/'Rhaniad y Ddeiliadaeth (Cymru)'!E108 -> 22929.508 | F19: =F18/'Rhaniad y Ddeiliadaeth (Cymru)'!F108 -> 23645.194 | G19: =G18/'Rhaniad y Ddeiliadaeth (Cymru)'!G108 -> 24395.135
B20: Canradd dosbarthiad incwm | C20: =IFERROR(INDEX('Incwm (Cymru)'!$AB$4:$AB$84,MATCH('Cyfrifiadau - Cymru'!C19,'Incwm (Cymru)'!AC$4:AC$84,1)),10) -> 38 | D20: =IFERROR(INDEX('Incwm (Cymru)'!$AB$4:$AB$84,MATCH('Cyfrifiadau - Cymru'!D19,'Incwm (Cymru)'!AD$4:AD$84,1)),10) -> 39 | E20: =IFERROR(INDEX('Incwm (Cymru)'!$AB$4:$AB$84,MATCH('Cyfrifiadau - Cymru'!E19,'Incwm (Cymru)'!AE$4:AE$84,1)),10) -> 39 | F20: =IFERROR(INDEX('Incwm (Cymru)'!$AB$4:$AB$84,MATCH('Cyfrifiadau - Cymru'!F19,'Incwm (Cymru)'!AF$4:AF$84,1)),10) -> 39 | G20: =IFERROR(INDEX('Incwm (Cymru)'!$AB$4:$AB$84,MATCH('Cyfrifiadau - Cymru'!G19,'Incwm (Cymru)'!AG$4:AG$84,1)),10) -> 38
B21: Canran angen sydd newydd ymddangos sy'n gallu fforddio | C21: =(100-C20)/100 -> 0.62 | D21: =(100-D20)/100 -> 0.61 | E21: =(100-E20)/100 -> 0.61 | F21: =(100-F20)/100 -> 0.61 | G21: =(100-G20)/100 -> 0.62
B22: Cyfanswm yr aelwydydd sydd newydd ymddangos a all fforddio'r farchnad | C22: =C21*C11 -> 4475.78 | D22: =D21*D11 -> 4248.65 | E22: =E21*E11 -> 4287.69 | F22: =F21*F11 -> 4572.56 | G22: =G21*G11 -> 4413.16
B25: Tai Fforddiadwy
B26: Gweddill yr aelwydydd na all fforddio'r farchnad | C26: =C13-C22 -> 3872.22 | D26: =D13-D22 -> 3845.35 | E26: =E13-E22 -> 3870.31 | F26: =F13-F22 -> 4052.44 | G26: =G13-G22 -> 3833.84
B28: Amcangyfrifon
B29: Tai'r Farchnad Agored | C29: =C22 -> 4475.78 | D29: =D22 -> 4248.65 | E29: =E22 -> 4287.69 | F29: =F22 -> 4572.56 | G29: =G22 -> 4413.16
B30: Tai Fforddiadwy | C30: =C26 -> 3872.22 | D30: =D26 -> 3845.35 | E30: =E26 -> 3870.31 | F30: =F26 -> 4052.44 | G30: =G26 -> 3833.84
B32: Rhaniad y Ddeiliadaeth: Perchen-feddianwyr, Y Sector Rhentu Preifat, Rhent Canolradd a Chymdeithasol
B33: NODWCH: OS NAD YDYCH WEDI CWBLHAU OPSIYNAU'R DDEWISLEN, BYDD CYFEILIORNADAU'N DIGWYDD ISOD
B35: Perchen-feddiannydd
B36: ="Canradd y Prynwyr sy'n Prynu Eiddo am y Tro Cyntaf: "&'Rhaniad y Ddeiliadaeth (Cymru)'!C115 -> Canradd y Prynwyr sy'n Prynu Eiddo am y Tro Cyntaf: 25 | C36: =INDEX('Prisiau Tai (Cymru)'!AC$4:AC$84,MATCH('Rhaniad y Ddeiliadaeth (Cymru)'!C115,'Prisiau Tai (Cymru)'!$AB$4:$AB$84,0)) -> 111067.8 | D36: =INDEX('Prisiau Tai (Cymru)'!AD$4:AD$84,MATCH('Rhaniad y Ddeiliadaeth (Cymru)'!D115,'Prisiau Tai (Cymru)'!$AB$4:$AB$84,0)) -> 111315.1 | E36: =INDEX('Prisiau Tai (Cymru)'!AE$4:AE$84,MATCH('Rhaniad y Ddeiliadaeth (Cymru)'!E115,'Prisiau Tai (Cymru)'!$AB$4:$AB$84,0)) -> 113711.09 | F36: =INDEX('Prisiau Tai (Cymru)'!AF$4:AF$84,MATCH('Rhaniad y Ddeiliadaeth (Cymru)'!F115,'Prisiau Tai (Cymru)'!$AB$4:$AB$84,0)) -> 118145.73 | G36: =INDEX('Prisiau Tai (Cymru)'!AG$4:AG$84,MATCH('Rhaniad y Ddeiliadaeth (Cymru)'!G115,'Prisiau Tai (Cymru)'!$AB$4:$AB$84,0)) -> 123046.4
B37: Isafswm Incwm yr Aelwyd | C37: =C36/'Rhaniad y Ddeiliadaeth (Cymru)'!C114 -> 29228.369 | D37: =D36/'Rhaniad y Ddeiliadaeth (Cymru)'!D114 -> 29293.448 | E37: =E36/'Rhaniad y Ddeiliadaeth (Cymru)'!E114 -> 29923.971 | F37: =F36/'Rhaniad y Ddeiliadaeth (Cymru)'!F114 -> 31090.981 | G37: =G36/'Rhaniad y Ddeiliadaeth (Cymru)'!G114 -> 32380.633
B38: Canradd dosbarthiad incwm | C38: =IFERROR(INDEX('Incwm (Cymru)'!$AB$4:$AB$84,MATCH('Cyfrifiadau - Cymru'!C37,'Incwm (Cymru)'!AC$4:AC$84,1)),10) -> 54 | D38: =IFERROR(INDEX('Incwm (Cymru)'!$AB$4:$AB$84,MATCH('Cyfrifiadau - Cymru'!D37,'Incwm (Cymru)'!AD$4:AD$84,1)),10) -> 53 | E38: =IFERROR(INDEX('Incwm (Cymru)'!$AB$4:$AB$84,MATCH('Cyfrifiadau - Cymru'!E37,'Incwm (Cymru)'!AE$4:AE$84,1)),10) -> 53 | F38: =IFERROR(INDEX('Incwm (Cymru)'!$AB$4:$AB$84,MATCH('Cyfrifiadau - Cymru'!F37,'Incwm (Cymru)'!AF$4:AF$84,1)),10) -> 53 | G38: =IFERROR(INDEX('Incwm (Cymru)'!$AB$4:$AB$84,MATCH('Cyfrifiadau - Cymru'!G37,'Incwm (Cymru)'!AG$4:AG$84,1)),10) -> 53
B39: Canran angen sydd newydd ymddangos sy'n gallu fforddio | C39: =(100-C38)/100 -> 0.46 | D39: =(100-D38)/100 -> 0.47 | E39: =(100-E38)/100 -> 0.47 | F39: =(100-F38)/100 -> 0.47 | G39: =(100-G38)/100 -> 0.47
B40: Canran sy'n gallu fforddio mynd ymlaen i brynu eiddo | C40: =C39*'Rhaniad y Ddeiliadaeth (Cymru)'!C116 -> #VALUE! | D40: =D39*'Rhaniad y Ddeiliadaeth (Cymru)'!D116 -> #VALUE! | E40: =E39*'Rhaniad y Ddeiliadaeth (Cymru)'!E116 -> #VALUE! | F40: =F39*'Rhaniad y Ddeiliadaeth (Cymru)'!F116 -> #VALUE! | G40: =G39*'Rhaniad y Ddeiliadaeth (Cymru)'!G116 -> #VALUE!
B41: Perchen-feddiannydd | C41: =C40*C11 -> #VALUE! | D41: =D40*D11 -> #VALUE! | E41: =E40*E11 -> #VALUE! | F41: =F40*F11 -> #VALUE! | G41: =G40*G11 -> #VALUE!
B43: Y Sector Rhentu Preifat
B44: Llai y rheini sy'n mynd ymlaen i brynu eiddo (ar gyfer rhaniad o bedair deiliadaeth) | C44: =C22-C41 -> #VALUE! | D44: =D22-D41 -> #VALUE! | E44: =E22-E41 -> #VALUE! | F44: =F22-F41 -> #VALUE! | G44: =G22-G41 -> #VALUE!
B46: Tai Cymdeithasol
B47: 30 Canradd Rhenti Preifat | C47: ='Rhaniad y Ddeiliadaeth (Cymru)'!C113 -> 5865.6769 | D47: ='Rhaniad y Ddeiliadaeth (Cymru)'!D113 -> 6038.927 | E47: ='Rhaniad y Ddeiliadaeth (Cymru)'!E113 -> 6223.7237 | F47: ='Rhaniad y Ddeiliadaeth (Cymru)'!F113 -> 6417.9811 | G47: ='Rhaniad y Ddeiliadaeth (Cymru)'!G113 -> 6621.5367
B48: Trothwy Uwch incwm yr aelwyd | C48: =C47/'Rhaniad y Ddeiliadaeth (Cymru)'!C117 -> 16759.077 | D48: =D47/'Rhaniad y Ddeiliadaeth (Cymru)'!D117 -> 17254.077 | E48: =E47/'Rhaniad y Ddeiliadaeth (Cymru)'!E117 -> 17782.068 | F48: =F47/'Rhaniad y Ddeiliadaeth (Cymru)'!F117 -> 18337.089 | G48: =G47/'Rhaniad y Ddeiliadaeth (Cymru)'!G117 -> 18918.676
B49: Canradd dosbarthiad incwm | C49: =IFERROR(INDEX('Incwm (Cymru)'!$AB$4:$AB$84,MATCH('Cyfrifiadau - Cymru'!C48,'Incwm (Cymru)'!AC$4:AC$84,1)),10) -> 26 | D49: =IFERROR(INDEX('Incwm (Cymru)'!$AB$4:$AB$84,MATCH('Cyfrifiadau - Cymru'!D48,'Incwm (Cymru)'!AD$4:AD$84,1)),10) -> 27 | E49: =IFERROR(INDEX('Incwm (Cymru)'!$AB$4:$AB$84,MATCH('Cyfrifiadau - Cymru'!E48,'Incwm (Cymru)'!AE$4:AE$84,1)),10) -> 27 | F49: =IFERROR(INDEX('Incwm (Cymru)'!$AB$4:$AB$84,MATCH('Cyfrifiadau - Cymru'!F48,'Incwm (Cymru)'!AF$4:AF$84,1)),10) -> 27 | G49: =IFERROR(INDEX('Incwm (Cymru)'!$AB$4:$AB$84,MATCH('Cyfrifiadau - Cymru'!G48,'Incwm (Cymru)'!AG$4:AG$84,1)),10) -> 28
B50: Canran angen sydd newydd ymddangos sy'n addas ar gyfer rhent cymdeithasol | C50: =C49/100 -> 0.26 | D50: =D49/100 -> 0.27 | E50: =E49/100 -> 0.27 | F50: =F49/100 -> 0.27 | G50: =G49/100 -> 0.28
B51: Aelwydydd o ran Angen sydd Newydd Ymddangos | C51: =C50*C11 -> 1876.94 | D51: =D50*D11 -> 1880.55 | E51: =E50*E11 -> 1897.83 | F51: =F50*F11 -> 2023.92 | G51: =G50*G11 -> 1993.04
B52: Aelwydydd o ran Angen Presennol nas Diwallwyd | C52: =C12 -> 1129 | D52: =D12 -> 1129 | E52: =E12 -> 1129 | F52: =F12 -> 1129 | G52: =G12 -> 1129
B53: Cyfanswm yr aelwydydd sy'n addas ar gyfer rhent cymdeithasol | C53: =C52+C51 -> 3005.94 | D53: =D52+D51 -> 3009.55 | E53: =E52+E51 -> 3026.83 | F53: =F52+F51 -> 3152.92 | G53: =G52+G51 -> 3122.04
B55: Tai Canolradd
B56: Aelwydydd nad ydynt wedi'u neilltuo | C56: =C11-C41-C44-C51 -> #VALUE! | D56: =D11-D41-D44-D51 -> #VALUE! | E56: =E11-E41-E44-E51 -> #VALUE! | F56: =F11-F41-F44-F51 -> #VALUE! | G56: =G11-G41-G44-G51 -> #VALUE!
B58: Amcangyfrifon
B59: Perchen-Feddiannydd | C59: =C41 -> #VALUE! | D59: =D41 -> #VALUE! | E59: =E41 -> #VALUE! | F59: =F41 -> #VALUE! | G59: =G41 -> #VALUE!
B60: Y Sector Rhentu Preifat | C60: =C44 -> #VALUE! | D60: =D44 -> #VALUE! | E60: =E44 -> #VALUE! | F60: =F44 -> #VALUE! | G60: =G44 -> #VALUE!
B61: Tai Cymdeithasol | C61: =C53 -> 3005.94 | D61: =D53 -> 3009.55 | E61: =E53 -> 3026.83 | F61: =F53 -> 3152.92 | G61: =G53 -> 3122.04
B62: Tai Canolradd | C62: =C56 -> #VALUE! | D62: =D56 -> #VALUE! | E62: =E56 -> #VALUE! | F62: =F56 -> #VALUE! | G62: =G56 -> #VALUE!

Sheet Cyfrifiadau - Gogledd
B1: Gogledd Cymru
B3: Mae'r daflen hon yn defnyddio'r set o ragdybiaethau i gyfrifo faint o aelwydydd a fyddai'n addas ar gyfer pob deiliadaeth tŷ ym mhob blwyddyn. Caiff y canlyniadau yn y daflen hon eu bwydo i'r daflen Rhaniad y Ddeiliadaeth (Cymru). Nid oes angen ichi roi unrhyw beth ar y daflen hon. Os bydd gennych unrhyw gofnodion o ddata na chwblhawyd ar unrhyw newidynnau, bydd cyfeiliornadau'n digwydd.
B8: Unedau Tai Ychwanegol
C9: 1 | D9: 2 | E9: 3 | F9: 4 | G9: 5
C10: 2018/19 | D10: 2019/20 | E10: 2020/21 | F10: 2021/22 | G10: 2022/23
B11: Angen Sydd Newydd Ymddangos | C11: {=INDEX('Angen Sydd Newydd Ymddangos'!D8:D31,MATCH(1,($B$1='Angen Sydd Newydd Ymddangos'!$C$8:$C$31)*('Rhaniad y Ddeiliadaeth (Cymru)'!$D$6='Angen Sydd Newydd Ymddangos'!$B$8:$B$31),0))} -> 1381 | D11: {=INDEX('Angen Sydd Newydd Ymddangos'!E8:E31,MATCH(1,($B$1='Angen Sydd Newydd Ymddangos'!$C$8:$C$31)*('Rhaniad y Ddeiliadaeth (Cymru)'!$D$6='Angen Sydd Newydd Ymddangos'!$B$8:$B$31),0))} -> 1307 | E11: {=INDEX('Angen Sydd Newydd Ymddangos'!F8:F31,MATCH(1,($B$1='Angen Sydd Newydd Ymddangos'!$C$8:$C$31)*('Rhaniad y Ddeiliadaeth (Cymru)'!$D$6='Angen Sydd Newydd Ymddangos'!$B$8:$B$31),0))} -> 1300 | F11: {=INDEX('Angen Sydd Newydd Ymddangos'!G8:G31,MATCH(1,($B$1='Angen Sydd Newydd Ymddangos'!$C$8:$C$31)*('Rhaniad y Ddeiliadaeth (Cymru)'!$D$6='Angen Sydd Newydd Ymddangos'!$B$8:$B$31),0))} -> 1384 | G11: {=INDEX('Angen Sydd Newydd Ymddangos'!H8:H31,MATCH(1,($B$1='Angen Sydd Newydd Ymddangos'!$C$8:$C$31)*('Rhaniad y Ddeiliadaeth (Cymru)'!$D$6='Angen Sydd Newydd Ymddangos'!$B$8:$B$31),0))} -> 1307
B12: Angen Presennol Nas Diwallwyd | C12: =IF('Angen Presennol Nas Diwallwyd'!$C$28>='Cyfrifiadau - Gogledd'!C9,IF('Rhaniad y Ddeiliadaeth (Cymru)'!$D$7="Amcangyfrifon LlC",'Angen Presennol Nas Diwallwyd'!$C$9/'Angen Presennol Nas Diwallwyd'!$C$28,'Angen Presennol Nas Diwallwyd'!$C$18/'Angen Presennol Nas Diwallwyd'!$C$28),0) -> 248.4 | D12: =IF('Angen Presennol Nas Diwallwyd'!$C$28>='Cyfrifiadau - Gogledd'!D9,IF('Rhaniad y Ddeiliadaeth (Cymru)'!$D$7="Amcangyfrifon LlC",'Angen Presennol Nas Diwallwyd'!$C$9/'Angen Presennol Nas Diwallwyd'!$C$28,'Angen Presennol Nas Diwallwyd'!$C$18/'Angen Presennol Nas Diwallwyd'!$C$28),0) -> 248.4 | E12: =IF('Angen Presennol Nas Diwallwyd'!$C$28>='Cyfrifiadau - Gogledd'!E9,IF('Rhaniad y Ddeiliadaeth (Cymru)'!$D$7="Amcangyfrifon LlC",'Angen Presennol Nas Diwallwyd'!$C$9/'Angen Presennol Nas Diwallwyd'!$C$28,'Angen Presennol Nas Diwallwyd'!$C$18/'Angen Presennol Nas Diwallwyd'!$C$28),0) -> 248.4 | F12: =IF('Angen Presennol Nas Diwallwyd'!$C$28>='Cyfrifiadau - Gogledd'!F9,IF('Rhaniad y Ddeiliadaeth (Cymru)'!$D$7="Amcangyfrifon LlC",'Angen Presennol Nas Diwallwyd'!$C$9/'Angen Presennol Nas Diwallwyd'!$C$28,'Angen Presennol Nas Diwallwyd'!$C$18/'Angen Presennol Nas Diwallwyd'!$C$28),0) -> 248.4 | G12: =IF('Angen Presennol Nas Diwallwyd'!$C$28>='Cyfrifiadau - Gogledd'!G9,IF('Rhaniad y Ddeiliadaeth (Cymru)'!$D$7="Amcangyfrifon LlC",'Angen Presennol Nas Diwallwyd'!$C$9/'Angen Presennol Nas Diwallwyd'!$C$28,'Angen Presennol Nas Diwallwyd'!$C$18/'Angen Presennol Nas Diwallwyd'!$C$28),0) -> 248.4
B13: Cyfanswm | C13: =SUM(C11:C12) -> 1629.4 | D13: =SUM(D11:D12) -> 1555.4 | E13: =SUM(E11:E12) -> 1548.4 | F13: =SUM(F11:F12) -> 1632.4 | G13: =SUM(G11:G12) -> 1555.4
B15: Rhaniad y Ddeiliadaeth: Tai Fforddiadwy ac ar y Farchnad
B17: Tai ar y Farchnad
B18: Rhent Preifat Canolrifol | C18: ='Rhaniad y Ddeiliadaeth (Gog)'!C112 -> 6791.8365 | D18: ='Rhaniad y Ddeiliadaeth (Gog)'!D112 -> 6992.4418 | E18: ='Rhaniad y Ddeiliadaeth (Gog)'!E112 -> 7206.4169 | F18: ='Rhaniad y Ddeiliadaeth (Gog)'!F112 -> 7431.3466 | G18: ='Rhaniad y Ddeiliadaeth (Gog)'!G112 -> 7667.0425
B19: Isafswm Incwm yr Aelwyd | C19: =C18/'Rhaniad y Ddeiliadaeth (Gog)'!C108 -> 22639.455 | D19: =D18/'Rhaniad y Ddeiliadaeth (Gog)'!D108 -> 23308.139 | E19: =E18/'Rhaniad y Ddeiliadaeth (Gog)'!E108 -> 24021.39 | F19: =F18/'Rhaniad y Ddeiliadaeth (Gog)'!F108 -> 24771.155 | G19: =G18/'Rhaniad y Ddeiliadaeth (Gog)'!G108 -> 25556.808
B20: Canradd dosbarthiad incwm | C20: =IFERROR(INDEX('Incwm (Gogledd)'!$AB$4:$AB$84,MATCH('Cyfrifiadau - Gogledd'!C19,'Incwm (Gogledd)'!AC$4:AC$84,1)),10) -> 41 | D20: =IFERROR(INDEX('Incwm (Gogledd)'!$AB$4:$AB$84,MATCH('Cyfrifiadau - Gogledd'!D19,'Incwm (Gogledd)'!AD$4:AD$84,1)),10) -> 42 | E20: =IFERROR(INDEX('Incwm (Gogledd)'!$AB$4:$AB$84,MATCH('Cyfrifiadau - Gogledd'!E19,'Incwm (Gogledd)'!AE$4:AE$84,1)),10) -> 42 | F20: =IFERROR(INDEX('Incwm (Gogledd)'!$AB$4:$AB$84,MATCH('Cyfrifiadau - Gogledd'!F19,'Incwm (Gogledd)'!AF$4:AF$84,1)),10) -> 41 | G20: =IFERROR(INDEX('Incwm (Gogledd)'!$AB$4:$AB$84,MATCH('Cyfrifiadau - Gogledd'!G19,'Incwm (Gogledd)'!AG$4:AG$84,1)),10) -> 41
B21: Canran sy'n gallu fforddio mynd ymlaen i brynu eiddo | C21: =(100-C20)/100 -> 0.59 | D21: =(100-D20)/100 -> 0.58 | E21: =(100-E20)/100 -> 0.58 | F21: =(100-F20)/100 -> 0.59 | G21: =(100-G20)/100 -> 0.59
B22: Cyfanswm yr aelwydydd sydd newydd ymddangos a all fforddio'r farchnad | C22: =C21*C11 -> 814.79 | D22: =D21*D11 -> 758.06 | E22: =E21*E11 -> 754 | F22: =F21*F11 -> 816.56 | G22: =G21*G11 -> 771.13
B25: Tai Fforddiadwy
B26: Gweddill yr aelwydydd na all fforddio'r farchnad | C26: =C13-C22 -> 814.61 | D26: =D13-D22 -> 797.34 | E26: =E13-E22 -> 794.4 | F26: =F13-F22 -> 815.84 | G26: =G13-G22 -> 784.27
B28: Amcangyfrifon
B29: Tai'r Farchnad Agored | C29: =C22 -> 814.79 | D29: =D22 -> 758.06 | E29: =E22 -> 754 | F29: =F22 -> 816.56 | G29: =G22 -> 771.13
B30: Tai Fforddiadwy | C30: =C26 -> 814.61 | D30: =D26 -> 797.34 | E30: =E26 -> 794.4 | F30: =F26 -> 815.84 | G30: =G26 -> 784.27
B32: Rhaniad y Ddeiliadaeth: Perchen-feddianwyr, Y Sector Rhentu Preifat, Rhent Canolradd a Chymdeithasol
B33: NODWCH: OS NAD YDYCH WEDI CWBLHAU OPSIYNAU'R DDEWISLEN, BYDD CYFEILIORNADAU'N DIGWYDD ISOD
B35: Perchen-feddiannydd
B36: ="Canradd y Prynwyr sy'n Prynu Eiddo am y Tro Cyntaf: "&'Rhaniad y Ddeiliadaeth (Cymru)'!C115 -> Canradd y Prynwyr sy'n Prynu Eiddo am y Tro Cyntaf: 25 | C36: =INDEX('Prisiau Tai (Gogledd)'!AC$4:AC$84,MATCH('Rhaniad y Ddeiliadaeth (Gog)'!C115,'Prisiau Tai (Gogledd)'!$AB$4:$AB$84,0)) -> 119809.25 | D36: =INDEX('Prisiau Tai (Gogledd)'!AD$4:AD$84,MATCH('Rhaniad y Ddeiliadaeth (Gog)'!D115,'Prisiau Tai (Gogledd)'!$AB$4:$AB$84,0)) -> 120076.01 | E36: =INDEX('Prisiau Tai (Gogledd)'!AE$4:AE$84,MATCH('Rhaniad y Ddeiliadaeth (Gog)'!E115,'Prisiau Tai (Gogledd)'!$AB$4:$AB$84,0)) -> 122660.57 | F36: =INDEX('Prisiau Tai (Gogledd)'!AF$4:AF$84,MATCH('Rhaniad y Ddeiliadaeth (Gog)'!F115,'Prisiau Tai (Gogledd)'!$AB$4:$AB$84,0)) -> 127444.23 | G36: =INDEX('Prisiau Tai (Gogledd)'!AG$4:AG$84,MATCH('Rhaniad y Ddeiliadaeth (Gog)'!G115,'Prisiau Tai (Gogledd)'!$AB$4:$AB$84,0)) -> 132730.61
B37: Isafswm Incwm yr Aelwyd | C37: =C36/'Rhaniad y Ddeiliadaeth (Gog)'!C114 -> 31528.75 | D37: =D36/'Rhaniad y Ddeiliadaeth (Gog)'!D114 -> 31598.951 | E37: =E36/'Rhaniad y Ddeiliadaeth (Gog)'!E114 -> 32279.098 | F37: =F36/'Rhaniad y Ddeiliadaeth (Gog)'!F114 -> 33537.956 | G37: =G36/'Rhaniad y Ddeiliadaeth (Gog)'!G114 -> 34929.108
B38: Canradd dosbarthiad incwm | C38: =IFERROR(INDEX('Incwm (Gogledd)'!$AB$4:$AB$84,MATCH('Cyfrifiadau - Gogledd'!C37,'Incwm (Gogledd)'!AC$4:AC$84,1)),10) -> 58 | D38: =IFERROR(INDEX('Incwm (Gogledd)'!$AB$4:$AB$84,MATCH('Cyfrifiadau - Gogledd'!D37,'Incwm (Gogledd)'!AD$4:AD$84,1)),10) -> 57 | E38: =IFERROR(INDEX('Incwm (Gogledd)'!$AB$4:$AB$84,MATCH('Cyfrifiadau - Gogledd'!E37,'Incwm (Gogledd)'!AE$4:AE$84,1)),10) -> 56 | F38: =IFERROR(INDEX('Incwm (Gogledd)'!$AB$4:$AB$84,MATCH('Cyfrifiadau - Gogledd'!F37,'Incwm (Gogledd)'!AF$4:AF$84,1)),10) -> 56 | G38: =IFERROR(INDEX('Incwm (Gogledd)'!$AB$4:$AB$84,MATCH('Cyfrifiadau - Gogledd'!G37,'Incwm (Gogledd)'!AG$4:AG$84,1)),10) -> 56
B39: Canran angen sydd newydd ymddangos sy'n gallu fforddio | C39: =(100-C38)/100 -> 0.42 | D39: =(100-D38)/100 -> 0.43 | E39: =(100-E38)/100 -> 0.44 | F39: =(100-F38)/100 -> 0.44 | G39: =(100-G38)/100 -> 0.44
B40: Canran sy'n gallu fforddio mynd ymlaen i brynu eiddo | C40: =C39*'Rhaniad y Ddeiliadaeth (Gog)'!C116 -> #VALUE! | D40: =D39*'Rhaniad y Ddeiliadaeth (Gog)'!D116 -> #VALUE! | E40: =E39*'Rhaniad y Ddeiliadaeth (Gog)'!E116 -> #VALUE! | F40: =F39*'Rhaniad y Ddeiliadaeth (Gog)'!F116 -> #VALUE! | G40: =G39*'Rhaniad y Ddeiliadaeth (Gog)'!G116 -> #VALUE!
B41: Perchen-feddiannydd | C41: =C40*C11 -> #VALUE! | D41: =D40*D11 -> #VALUE! | E41: =E40*E11 -> #VALUE! | F41: =F40*F11 -> #VALUE! | G41: =G40*G11 -> #VALUE!
B43: Y Sector Rhentu Preifat
B44: Llai y rheini sy'n mynd ymlaen i brynu eiddo (ar gyfer rhaniad o bedair deiliadaeth) | C44: =C22-C41 -> #VALUE! | D44: =D22-D41 -> #VALUE! | E44: =E22-E41 -> #VALUE! | F44: =F22-F41 -> #VALUE! | G44: =G22-G41 -> #VALUE!
B46: Tai Cymdeithasol
B47: 30 Canradd Rhenti Preifat | C47: ='Rhaniad y Ddeiliadaeth (Gog)'!C113 -> 6112.6528 | D47: ='Rhaniad y Ddeiliadaeth (Gog)'!D113 -> 6293.1976 | E47: ='Rhaniad y Ddeiliadaeth (Gog)'!E113 -> 6485.7752 | F47: ='Rhaniad y Ddeiliadaeth (Gog)'!F113 -> 6688.2119 | G47: ='Rhaniad y Ddeiliadaeth (Gog)'!G113 -> 6900.3383
B48: Trothwy Uwch incwm yr aelwyd | C48: =C47/'Rhaniad y Ddeiliadaeth (Gog)'!C117 -> 17464.722 | D48: =D47/'Rhaniad y Ddeiliadaeth (Gog)'!D117 -> 17980.565 | E48: =E47/'Rhaniad y Ddeiliadaeth (Gog)'!E117 -> 18530.786 | F48: =F47/'Rhaniad y Ddeiliadaeth (Gog)'!F117 -> 19109.177 | G48: =G47/'Rhaniad y Ddeiliadaeth (Gog)'!G117 -> 19715.252
B49: Canradd dosbarthiad incwm | C49: =IFERROR(INDEX('Incwm (Gogledd)'!$AB$4:$AB$84,MATCH('Cyfrifiadau - Gogledd'!C48,'Incwm (Gogledd)'!AC$4:AC$84,1)),10) -> 30 | D49: =IFERROR(INDEX('Incwm (Gogledd)'!$AB$4:$AB$84,MATCH('Cyfrifiadau - Gogledd'!D48,'Incwm (Gogledd)'!AD$4:AD$84,1)),10) -> 30 | E49: =IFERROR(INDEX('Incwm (Gogledd)'!$AB$4:$AB$84,MATCH('Cyfrifiadau - Gogledd'!E48,'Incwm (Gogledd)'!AE$4:AE$84,1)),10) -> 30 | F49: =IFERROR(INDEX('Incwm (Gogledd)'!$AB$4:$AB$84,MATCH('Cyfrifiadau - Gogledd'!F48,'Incwm (Gogledd)'!AF$4:AF$84,1)),10) -> 30 | G49: =IFERROR(INDEX('Incwm (Gogledd)'!$AB$4:$AB$84,MATCH('Cyfrifiadau - Gogledd'!G48,'Incwm (Gogledd)'!AG$4:AG$84,1)),10) -> 30
B50: Canran angen sydd newydd ymddangos sy'n addas ar gyfer rhent cymdeithasol | C50: =C49/100 -> 0.3 | D50: =D49/100 -> 0.3 | E50: =E49/100 -> 0.3 | F50: =F49/100 -> 0.3 | G50: =G49/100 -> 0.3
B51: Aelwydydd o ran Angen sydd Newydd Ymddangos | C51: =C50*C11 -> 414.3 | D51: =D50*D11 -> 392.1 | E51: =E50*E11 -> 390 | F51: =F50*F11 -> 415.2 | G51: =G50*G11 -> 392.1
B52: Aelwydydd o ran Angen Presennol nas Diwallwyd | C52: =C12 -> 248.4 | D52: =D12 -> 248.4 | E52: =E12 -> 248.4 | F52: =F12 -> 248.4 | G52: =G12 -> 248.4
B53: Cyfanswm yr aelwydydd sy'n addas ar gyfer rhent cymdeithasol | C53: =C52+C51 -> 662.7 | D53: =D52+D51 -> 640.5 | E53: =E52+E51 -> 638.4 | F53: =F52+F51 -> 663.6 | G53: =G52+G51 -> 640.5
B55: Tai Canolradd
B56: Aelwydydd nad ydynt wedi'u neilltuo | C56: =C11-C41-C44-C51 -> #VALUE! | D56: =D11-D41-D44-D51 -> #VALUE! | E56: =E11-E41-E44-E51 -> #VALUE! | F56: =F11-F41-F44-F51 -> #VALUE! | G56: =G11-G41-G44-G51 -> #VALUE!
B58: Amcangyfrifon
B59: Perchen-Feddiannydd | C59: =C41 -> #VALUE! | D59: =D41 -> #VALUE! | E59: =E41 -> #VALUE! | F59: =F41 -> #VALUE! | G59: =G41 -> #VALUE!
B60: Y Sector Rhentu Preifat | C60: =C44 -> #VALUE! | D60: =D44 -> #VALUE! | E60: =E44 -> #VALUE! | F60: =F44 -> #VALUE! | G60: =G44 -> #VALUE!
B61: Tai Cymdeithasol | C61: =C53 -> 662.7 | D61: =D53 -> 640.5 | E61: =E53 -> 638.4 | F61: =F53 -> 663.6 | G61: =G53 -> 640.5
B62: Tai Canolradd | C62: =C56 -> #VALUE! | D62: =D56 -> #VALUE! | E62: =E56 -> #VALUE! | F62: =F56 -> #VALUE! | G62: =G56 -> #VALUE!

Sheet Cyfrifiadau - Canol. & De-orll
B1: Canolbarth a De-orllewin Cymru
B3: Mae'r daflen hon yn defnyddio'r set o ragdybiaethau i gyfrifo faint o aelwydydd a fyddai'n addas ar gyfer pob deiliadaeth tŷ ym mhob blwyddyn. Caiff y canlyniadau yn y daflen hon eu bwydo i'r daflen Rhaniad y Ddeiliadaeth (Cymru). Nid oes angen ichi roi unrhyw beth ar y daflen hon. Os bydd gennych unrhyw gofnodion o ddata na chwblhawyd ar unrhyw newidynnau, bydd cyfeiliornadau'n digwydd.
B8: Unedau Tai Ychwanegol
C9: 1 | D9: 2 | E9: 3 | F9: 4 | G9: 5
C10: 2018/19 | D10: 2019/20 | E10: 2020/21 | F10: 2021/22 | G10: 2022/23
B11: Angen Sydd Newydd Ymddangos | C11: {=INDEX('Angen Sydd Newydd Ymddangos'!D8:D31,MATCH(1,($B$1='Angen Sydd Newydd Ymddangos'!$C$8:$C$31)*('Rhaniad y Ddeiliadaeth (Cymru)'!$D$6='Angen Sydd Newydd Ymddangos'!$B$8:$B$31),0))} -> 1784 | D11: {=INDEX('Angen Sydd Newydd Ymddangos'!E8:E31,MATCH(1,($B$1='Angen Sydd Newydd Ymddangos'!$C$8:$C$31)*('Rhaniad y Ddeiliadaeth (Cymru)'!$D$6='Angen Sydd Newydd Ymddangos'!$B$8:$B$31),0))} -> 1709 | E11: {=INDEX('Angen Sydd Newydd Ymddangos'!F8:F31,MATCH(1,($B$1='Angen Sydd Newydd Ymddangos'!$C$8:$C$31)*('Rhaniad y Ddeiliadaeth (Cymru)'!$D$6='Angen Sydd Newydd Ymddangos'!$B$8:$B$31),0))} -> 1708 | F11: {=INDEX('Angen Sydd Newydd Ymddangos'!G8:G31,MATCH(1,($B$1='Angen Sydd Newydd Ymddangos'!$C$8:$C$31)*('Rhaniad y Ddeiliadaeth (Cymru)'!$D$6='Angen Sydd Newydd Ymddangos'!$B$8:$B$31),0))} -> 1827 | G11: {=INDEX('Angen Sydd Newydd Ymddangos'!H8:H31,MATCH(1,($B$1='Angen Sydd Newydd Ymddangos'!$C$8:$C$31)*('Rhaniad y Ddeiliadaeth (Cymru)'!$D$6='Angen Sydd Newydd Ymddangos'!$B$8:$B$31),0))} -> 1702
B12: Angen Presennol Nas Diwallwyd | C12: =IF('Angen Presennol Nas Diwallwyd'!$C$28>='Cyfrifiadau - Canol. & De-orll'!C9,IF('Rhaniad y Ddeiliadaeth (Cymru)'!$D$7="Amcangyfrifon LlC",'Angen Presennol Nas Diwallwyd'!$C$10/'Angen Presennol Nas Diwallwyd'!$C$28,'Angen Presennol Nas Diwallwyd'!$C$19/'Angen Presennol Nas Diwallwyd'!$C$28),0) -> 230.6 | D12: =IF('Angen Presennol Nas Diwallwyd'!$C$28>='Cyfrifiadau - Canol. & De-orll'!D9,IF('Rhaniad y Ddeiliadaeth (Cymru)'!$D$7="Amcangyfrifon LlC",'Angen Presennol Nas Diwallwyd'!$C$10/'Angen Presennol Nas Diwallwyd'!$C$28,'Angen Presennol Nas Diwallwyd'!$C$19/'Angen Presennol Nas Diwallwyd'!$C$28),0) -> 230.6 | E12: =IF('Angen Presennol Nas Diwallwyd'!$C$28>='Cyfrifiadau - Canol. & De-orll'!E9,IF('Rhaniad y Ddeiliadaeth (Cymru)'!$D$7="Amcangyfrifon LlC",'Angen Presennol Nas Diwallwyd'!$C$10/'Angen Presennol Nas Diwallwyd'!$C$28,'Angen Presennol Nas Diwallwyd'!$C$19/'Angen Presennol Nas Diwallwyd'!$C$28),0) -> 230.6 | F12: =IF('Angen Presennol Nas Diwallwyd'!$C$28>='Cyfrifiadau - Canol. & De-orll'!F9,IF('Rhaniad y Ddeiliadaeth (Cymru)'!$D$7="Amcangyfrifon LlC",'Angen Presennol Nas Diwallwyd'!$C$10/'Angen Presennol Nas Diwallwyd'!$C$28,'Angen Presennol Nas Diwallwyd'!$C$19/'Angen Presennol Nas Diwallwyd'!$C$28),0) -> 230.6 | G12: =IF('Angen Presennol Nas Diwallwyd'!$C$28>='Cyfrifiadau - Canol. & De-orll'!G9,IF('Rhaniad y Ddeiliadaeth (Cymru)'!$D$7="Amcangyfrifon LlC",'Angen Presennol Nas Diwallwyd'!$C$10/'Angen Presennol Nas Diwallwyd'!$C$28,'Angen Presennol Nas Diwallwyd'!$C$19/'Angen Presennol Nas Diwallwyd'!$C$28),0) -> 230.6
B13: Cyfanswm | C13: =SUM(C11:C12) -> 2014.6 | D13: =SUM(D11:D12) -> 1939.6 | E13: =SUM(E11:E12) -> 1938.6 | F13: =SUM(F11:F12) -> 2057.6 | G13: =SUM(G11:G12) -> 1932.6
B15: Rhaniad y Ddeiliadaeth: Tai Fforddiadwy ac ar y Farchnad
B17: Tai ar y Farchnad
B18: Rhent Preifat Canolrifol | C18: ='Rhaniad y Ddeiliadaeth (C&De-o)'!C112 -> 6112.6528 | D18: ='Rhaniad y Ddeiliadaeth (C&De-o)'!D112 -> 6293.1976 | E18: ='Rhaniad y Ddeiliadaeth (C&De-o)'!E112 -> 6485.7752 | F18: ='Rhaniad y Ddeiliadaeth (C&De-o)'!F112 -> 6688.2119 | G18: ='Rhaniad y Ddeiliadaeth (C&De-o)'!G112 -> 6900.3383
B19: Isafswm Incwm yr Aelwyd | C19: =C18/'Rhaniad y Ddeiliadaeth (C&De-o)'!C108 -> 20375.509 | D19: =D18/'Rhaniad y Ddeiliadaeth (C&De-o)'!D108 -> 20977.325 | E19: =E18/'Rhaniad y Ddeiliadaeth (C&De-o)'!E108 -> 21619.251 | F19: =F18/'Rhaniad y Ddeiliadaeth (C&De-o)'!F108 -> 22294.04 | G19: =G18/'Rhaniad y Ddeiliadaeth (C&De-o)'!G108 -> 23001.128
B20: Canradd dosbarthiad incwm | C20: =IFERROR(INDEX('Incwm (Canol. & De-orll)'!$AB$4:$AB$84,MATCH('Cyfrifiadau - Canol. & De-orll'!C19,'Incwm (Canol. & De-orll)'!AC$4:AC$84,1)),10) -> 37 | D20: =IFERROR(INDEX('Incwm (Canol. & De-orll)'!$AB$4:$AB$84,MATCH('Cyfrifiadau - Canol. & De-orll'!D19,'Incwm (Canol. & De-orll)'!AD$4:AD$84,1)),10) -> 37 | E20: =IFERROR(INDEX('Incwm (Canol. & De-orll)'!$AB$4:$AB$84,MATCH('Cyfrifiadau - Canol. & De-orll'!E19,'Incwm (Canol. & De-orll)'!AE$4:AE$84,1)),10) -> 37 | F20: =IFERROR(INDEX('Incwm (Canol. & De-orll)'!$AB$4:$AB$84,MATCH('Cyfrifiadau - Canol. & De-orll'!F19,'Incwm (Canol. & De-orll)'!AF$4:AF$84,1)),10) -> 37 | G20: =IFERROR(INDEX('Incwm (Canol. & De-orll)'!$AB$4:$AB$84,MATCH('Cyfrifiadau - Canol. & De-orll'!G19,'Incwm (Canol. & De-orll)'!AG$4:AG$84,1)),10) -> 37
B21: Canran angen sydd newydd ymddangos sy'n gallu fforddio | C21: =(100-C20)/100 -> 0.63 | D21: =(100-D20)/100 -> 0.63 | E21: =(100-E20)/100 -> 0.63 | F21: =(100-F20)/100 -> 0.63 | G21: =(100-G20)/100 -> 0.63
B22: Cyfanswm yr aelwydydd sydd newydd ymddangos a all fforddio'r farchnad | C22: =C21*C11 -> 1123.92 | D22: =D21*D11 -> 1076.67 | E22: =E21*E11 -> 1076.04 | F22: =F21*F11 -> 1151.01 | G22: =G21*G11 -> 1072.26
B25: Tai Fforddiadwy
B26: Gweddill yr aelwydydd na all fforddio'r farchnad | C26: =C13-C22 -> 890.68 | D26: =D13-D22 -> 862.93 | E26: =E13-E22 -> 862.56 | F26: =F13-F22 -> 906.59 | G26: =G13-G22 -> 860.34
B28: Amcangyfrifon
B29: Tai'r Farchnad Agored | C29: =C22 -> 1123.92 | D29: =D22 -> 1076.67 | E29: =E22 -> 1076.04 | F29: =F22 -> 1151.01 | G29: =G22 -> 1072.26
B30: Tai Fforddiadwy | C30: =C26 -> 890.68 | D30: =D26 -> 862.93 | E30: =E26 -> 862.56 | F30: =F26 -> 906.59 | G30: =G26 -> 860.34
B32: Rhaniad y Ddeiliadaeth: Perchen-feddianwyr, Y Sector Rhentu Preifat, Rhent Canolradd a Chymdeithasol
B33: NODWCH: OS NAD YDYCH WEDI CWBLHAU OPSIYNAU'R DDEWISLEN, BYDD CYFEILIORNADAU'N DIGWYDD ISOD
B35: Perchen-feddiannydd
B36: ="Canradd y Prynwyr sy'n Prynu Eiddo am y Tro Cyntaf: "&'Rhaniad y Ddeiliadaeth (Cymru)'!C115 -> Canradd y Prynwyr sy'n Prynu Eiddo am y Tro Cyntaf: 25 | C36: =INDEX('Prisiau Tai (Canol. & De-orll)'!AC$4:AC$84,MATCH('Rhaniad y Ddeiliadaeth (C&De-o)'!C115,'Prisiau Tai (Canol. & De-orll)'!$AB$4:$AB$84,0)) -> 105411.57 | D36: =INDEX('Prisiau Tai (Canol. & De-orll)'!AD$4:AD$84,MATCH('Rhaniad y Ddeiliadaeth (C&De-o)'!D115,'Prisiau Tai (Canol. & De-orll)'!$AB$4:$AB$84,0)) -> 105646.28 | E36: =INDEX('Prisiau Tai (Canol. & De-orll)'!AE$4:AE$84,MATCH('Rhaniad y Ddeiliadaeth (C&De-o)'!E115,'Prisiau Tai (Canol. & De-orll)'!$AB$4:$AB$84,0)) -> 107920.25 | F36: =INDEX('Prisiau Tai (Canol. & De-orll)'!AF$4:AF$84,MATCH('Rhaniad y Ddeiliadaeth (C&De-o)'!F115,'Prisiau Tai (Canol. & De-orll)'!$AB$4:$AB$84,0)) -> 112129.05 | G36: =INDEX('Prisiau Tai (Canol. & De-orll)'!AG$4:AG$84,MATCH('Rhaniad y Ddeiliadaeth (C&De-o)'!G115,'Prisiau Tai (Canol. & De-orll)'!$AB$4:$AB$84,0)) -> 116780.15
B37: Isafswm Incwm yr Aelwyd | C37: =C36/'Rhaniad y Ddeiliadaeth (C&De-o)'!C114 -> 27739.887 | D37: =D36/'Rhaniad y Ddeiliadaeth (C&De-o)'!D114 -> 27801.652 | E37: =E36/'Rhaniad y Ddeiliadaeth (C&De-o)'!E114 -> 28400.065 | F37: =F36/'Rhaniad y Ddeiliadaeth (C&De-o)'!F114 -> 29507.644 | G37: =G36/'Rhaniad y Ddeiliadaeth (C&De-o)'!G114 -> 30731.619
B38: Canradd dosbarthiad incwm | C38: =IFERROR(INDEX('Incwm (Canol. & De-orll)'!$AB$4:$AB$84,MATCH('Cyfrifiadau - Canol. & De-orll'!C37,'Incwm (Canol. & De-orll)'!AC$4:AC$84,1)),10) -> 53 | D38: =IFERROR(INDEX('Incwm (Canol. & De-orll)'!$AB$4:$AB$84,MATCH('Cyfrifiadau - Canol. & De-orll'!D37,'Incwm (Canol. & De-orll)'!AD$4:AD$84,1)),10) -> 52 | E38: =IFERROR(INDEX('Incwm (Canol. & De-orll)'!$AB$4:$AB$84,MATCH('Cyfrifiadau - Canol. & De-orll'!E37,'Incwm (Canol. & De-orll)'!AE$4:AE$84,1)),10) -> 51 | F38: =IFERROR(INDEX('Incwm (Canol. & De-orll)'!$AB$4:$AB$84,MATCH('Cyfrifiadau - Canol. & De-orll'!F37,'Incwm (Canol. & De-orll)'!AF$4:AF$84,1)),10) -> 51 | G38: =IFERROR(INDEX('Incwm (Canol. & De-orll)'!$AB$4:$AB$84,MATCH('Cyfrifiadau - Canol. & De-orll'!G37,'Incwm (Canol. & De-orll)'!AG$4:AG$84,1)),10) -> 51
B39: Canran angen sydd newydd ymddangos sy'n gallu fforddio | C39: =(100-C38)/100 -> 0.47 | D39: =(100-D38)/100 -> 0.48 | E39: =(100-E38)/100 -> 0.49 | F39: =(100-F38)/100 -> 0.49 | G39: =(100-G38)/100 -> 0.49
B40: Canran sy'n gallu fforddio mynd ymlaen i brynu eiddo | C40: =C39*'Rhaniad y Ddeiliadaeth (C&De-o)'!C116 -> #VALUE! | D40: =D39*'Rhaniad y Ddeiliadaeth (C&De-o)'!D116 -> #VALUE! | E40: =E39*'Rhaniad y Ddeiliadaeth (C&De-o)'!E116 -> #VALUE! | F40: =F39*'Rhaniad y Ddeiliadaeth (C&De-o)'!F116 -> #VALUE! | G40: =G39*'Rhaniad y Ddeiliadaeth (C&De-o)'!G116 -> #VALUE!
B41: Perchen-feddiannydd | C41: =C40*C11 -> #VALUE! | D41: =D40*D11 -> #VALUE! | E41: =E40*E11 -> #VALUE! | F41: =F40*F11 -> #VALUE! | G41: =G40*G11 -> #VALUE!
B43: Y Sector Rhentu Preifat
B44: Llai y rheini sy'n mynd ymlaen i brynu eiddo (ar gyfer rhaniad o bedair deiliadaeth) | C44: =C22-C41 -> #VALUE! | D44: =D22-D41 -> #VALUE! | E44: =E22-E41 -> #VALUE! | F44: =F22-F41 -> #VALUE! | G44: =G22-G41 -> #VALUE!
B46: Tai Cymdeithasol
B47: 30 Canradd Rhenti Preifat | C47: ='Rhaniad y Ddeiliadaeth (C&De-o)'!C113 -> 5556.9571 | D47: ='Rhaniad y Ddeiliadaeth (C&De-o)'!D113 -> 5721.0887 | E47: ='Rhaniad y Ddeiliadaeth (C&De-o)'!E113 -> 5896.1593 | F47: ='Rhaniad y Ddeiliadaeth (C&De-o)'!F113 -> 6080.1927 | G47: ='Rhaniad y Ddeiliadaeth (C&De-o)'!G113 -> 6273.0348
B48: Trothwy Uwch incwm yr aelwyd | C48: =C47/'Rhaniad y Ddeiliadaeth (C&De-o)'!C117 -> 15877.02 | D48: =D47/'Rhaniad y Ddeiliadaeth (C&De-o)'!D117 -> 16345.968 | E48: =E47/'Rhaniad y Ddeiliadaeth (C&De-o)'!E117 -> 16846.169 | F48: =F47/'Rhaniad y Ddeiliadaeth (C&De-o)'!F117 -> 17371.979 | G48: =G47/'Rhaniad y Ddeiliadaeth (C&De-o)'!G117 -> 17922.957
B49: Canradd dosbarthiad incwm | C49: =IFERROR(INDEX('Incwm (Canol. & De-orll)'!$AB$4:$AB$84,MATCH('Cyfrifiadau - Canol. & De-orll'!C48,'Incwm (Canol. & De-orll)'!AC$4:AC$84,1)),10) -> 23 | D49: =IFERROR(INDEX('Incwm (Canol. & De-orll)'!$AB$4:$AB$84,MATCH('Cyfrifiadau - Canol. & De-orll'!D48,'Incwm (Canol. & De-orll)'!AD$4:AD$84,1)),10) -> 24 | E49: =IFERROR(INDEX('Incwm (Canol. & De-orll)'!$AB$4:$AB$84,MATCH('Cyfrifiadau - Canol. & De-orll'!E48,'Incwm (Canol. & De-orll)'!AE$4:AE$84,1)),10) -> 24 | F49: =IFERROR(INDEX('Incwm (Canol. & De-orll)'!$AB$4:$AB$84,MATCH('Cyfrifiadau - Canol. & De-orll'!F48,'Incwm (Canol. & De-orll)'!AF$4:AF$84,1)),10) -> 24 | G49: =IFERROR(INDEX('Incwm (Canol. & De-orll)'!$AB$4:$AB$84,MATCH('Cyfrifiadau - Canol. & De-orll'!G48,'Incwm (Canol. & De-orll)'!AG$4:AG$84,1)),10) -> 25
B50: Canran angen sydd newydd ymddangos sy'n addas ar gyfer rhent cymdeithasol | C50: =C49/100 -> 0.23 | D50: =D49/100 -> 0.24 | E50: =E49/100 -> 0.24 | F50: =F49/100 -> 0.24 | G50: =G49/100 -> 0.25
B51: Aelwydydd o ran Angen sydd Newydd Ymddangos | C51: =C50*C11 -> 410.32 | D51: =D50*D11 -> 410.16 | E51: =E50*E11 -> 409.92 | F51: =F50*F11 -> 438.48 | G51: =G50*G11 -> 425.5
B52: Aelwydydd o ran Angen Presennol nas Diwallwyd | C52: =C12 -> 230.6 | D52: =D12 -> 230.6 | E52: =E12 -> 230.6 | F52: =F12 -> 230.6 | G52: =G12 -> 230.6
B53: Cyfanswm yr aelwydydd sy'n addas ar gyfer rhent cymdeithasol | C53: =C52+C51 -> 640.92 | D53: =D52+D51 -> 640.76 | E53: =E52+E51 -> 640.52 | F53: =F52+F51 -> 669.08 | G53: =G52+G51 -> 656.1
B55: Tai Canolradd
B56: Aelwydydd nad ydynt wedi'u neilltuo | C56: =C11-C41-C44-C51 -> #VALUE! | D56: =D11-D41-D44-D51 -> #VALUE! | E56: =E11-E41-E44-E51 -> #VALUE! | F56: =F11-F41-F44-F51 -> #VALUE! | G56: =G11-G41-G44-G51 -> #VALUE!
B58: Amcangyfrifon
B59: Perchen-Feddiannydd | C59: =C41 -> #VALUE! | D59: =D41 -> #VALUE! | E59: =E41 -> #VALUE! | F59: =F41 -> #VALUE! | G59: =G41 -> #VALUE!
B60: Y Sector Rhentu Preifat | C60: =C44 -> #VALUE! | D60: =D44 -> #VALUE! | E60: =E44 -> #VALUE! | F60: =F44 -> #VALUE! | G60: =G44 -> #VALUE!
B61: Tai Cymdeithasol | C61: =C53 -> 640.92 | D61: =D53 -> 640.76 | E61: =E53 -> 640.52 | F61: =F53 -> 669.08 | G61: =G53 -> 656.1
B62: Tai Canolradd | C62: =C56 -> #VALUE! | D62: =D56 -> #VALUE! | E62: =E56 -> #VALUE! | F62: =F56 -> #VALUE! | G62: =G56 -> #VALUE!

Sheet Cyfrifiadau - De-ddwyrain
B1: De-ddwyrain Cymru
B3: Mae'r daflen hon yn defnyddio'r set o ragdybiaethau i gyfrifo faint o aelwydydd a fyddai'n addas ar gyfer pob deiliadaeth tŷ ym mhob blwyddyn. Caiff y canlyniadau yn y daflen hon eu bwydo i'r daflen Rhaniad y Ddeiliadaeth (Cymru). Nid oes angen ichi roi unrhyw beth ar y daflen hon. Os bydd gennych unrhyw gofnodion o ddata na chwblhawyd ar unrhyw newidynnau, bydd cyfeiliornadau'n digwydd.
B8: Unedau Tai Ychwanegol
C9: 1 | D9: 2 | E9: 3 | F9: 4 | G9: 5
C10: 2018/19 | D10: 2019/20 | E10: 2020/21 | F10: 2021/22 | G10: 2022/23
B11: Angen Sydd Newydd Ymddangos | C11: {=INDEX('Angen Sydd Newydd Ymddangos'!D8:D31,MATCH(1,($B$1='Angen Sydd Newydd Ymddangos'!$C$8:$C$31)*('Rhaniad y Ddeiliadaeth (Cymru)'!$D$6='Angen Sydd Newydd Ymddangos'!$B$8:$B$31),0))} -> 4054 | D11: {=INDEX('Angen Sydd Newydd Ymddangos'!E8:E31,MATCH(1,($B$1='Angen Sydd Newydd Ymddangos'!$C$8:$C$31)*('Rhaniad y Ddeiliadaeth (Cymru)'!$D$6='Angen Sydd Newydd Ymddangos'!$B$8:$B$31),0))} -> 3949 | E11: {=INDEX('Angen Sydd Newydd Ymddangos'!F8:F31,MATCH(1,($B$1='Angen Sydd Newydd Ymddangos'!$C$8:$C$31)*('Rhaniad y Ddeiliadaeth (Cymru)'!$D$6='Angen Sydd Newydd Ymddangos'!$B$8:$B$31),0))} -> 4021 | F11: {=INDEX('Angen Sydd Newydd Ymddangos'!G8:G31,MATCH(1,($B$1='Angen Sydd Newydd Ymddangos'!$C$8:$C$31)*('Rhaniad y Ddeiliadaeth (Cymru)'!$D$6='Angen Sydd Newydd Ymddangos'!$B$8:$B$31),0))} -> 4285 | G11: {=INDEX('Angen Sydd Newydd Ymddangos'!H8:H31,MATCH(1,($B$1='Angen Sydd Newydd Ymddangos'!$C$8:$C$31)*('Rhaniad y Ddeiliadaeth (Cymru)'!$D$6='Angen Sydd Newydd Ymddangos'!$B$8:$B$31),0))} -> 4109
B12: Angen Presennol Nas Diwallwyd | C12: =IF('Angen Presennol Nas Diwallwyd'!$C$28>='Cyfrifiadau - De-ddwyrain'!C9,IF('Rhaniad y Ddeiliadaeth (Cymru)'!$D$7="Amcangyfrifon LlC",'Angen Presennol Nas Diwallwyd'!$C$11/'Angen Presennol Nas Diwallwyd'!$C$28,'Angen Presennol Nas Diwallwyd'!$C$20/'Angen Presennol Nas Diwallwyd'!$C$28),0) -> 649.4 | D12: =IF('Angen Presennol Nas Diwallwyd'!$C$28>='Cyfrifiadau - De-ddwyrain'!D9,IF('Rhaniad y Ddeiliadaeth (Cymru)'!$D$7="Amcangyfrifon LlC",'Angen Presennol Nas Diwallwyd'!$C$11/'Angen Presennol Nas Diwallwyd'!$C$28,'Angen Presennol Nas Diwallwyd'!$C$20/'Angen Presennol Nas Diwallwyd'!$C$28),0) -> 649.4 | E12: =IF('Angen Presennol Nas Diwallwyd'!$C$28>='Cyfrifiadau - De-ddwyrain'!E9,IF('Rhaniad y Ddeiliadaeth (Cymru)'!$D$7="Amcangyfrifon LlC",'Angen Presennol Nas Diwallwyd'!$C$11/'Angen Presennol Nas Diwallwyd'!$C$28,'Angen Presennol Nas Diwallwyd'!$C$20/'Angen Presennol Nas Diwallwyd'!$C$28),0) -> 649.4 | F12: =IF('Angen Presennol Nas Diwallwyd'!$C$28>='Cyfrifiadau - De-ddwyrain'!F9,IF('Rhaniad y Ddeiliadaeth (Cymru)'!$D$7="Amcangyfrifon LlC",'Angen Presennol Nas Diwallwyd'!$C$11/'Angen Presennol Nas Diwallwyd'!$C$28,'Angen Presennol Nas Diwallwyd'!$C$20/'Angen Presennol Nas Diwallwyd'!$C$28),0) -> 649.4 | G12: =IF('Angen Presennol Nas Diwallwyd'!$C$28>='Cyfrifiadau - De-ddwyrain'!G9,IF('Rhaniad y Ddeiliadaeth (Cymru)'!$D$7="Amcangyfrifon LlC",'Angen Presennol Nas Diwallwyd'!$C$11/'Angen Presennol Nas Diwallwyd'!$C$28,'Angen Presennol Nas Diwallwyd'!$C$20/'Angen Presennol Nas Diwallwyd'!$C$28),0) -> 649.4
B13: Cyfanswm | C13: =SUM(C11:C12) -> 4703.4 | D13: =SUM(D11:D12) -> 4598.4 | E13: =SUM(E11:E12) -> 4670.4 | F13: =SUM(F11:F12) -> 4934.4 | G13: =SUM(G11:G12) -> 4758.4
B15: Rhaniad y Ddeiliadaeth: Tai Fforddiadwy ac ar y Farchnad
B17: Tai ar y Farchnad
B18: Rhent Preifat Canolrifol | C18: ='Rhaniad y Ddeiliadaeth (De-ddn)'!C112 -> 6791.8365 | D18: ='Rhaniad y Ddeiliadaeth (De-ddn)'!D112 -> 6992.4418 | E18: ='Rhaniad y Ddeiliadaeth (De-ddn)'!E112 -> 7206.4169 | F18: ='Rhaniad y Ddeiliadaeth (De-ddn)'!F112 -> 7431.3466 | G18: ='Rhaniad y Ddeiliadaeth (De-ddn)'!G112 -> 7667.0425
B19: Isafswm Incwm yr Aelwyd | C19: =C18/'Rhaniad y Ddeiliadaeth (De-ddn)'!C108 -> 22639.455 | D19: =D18/'Rhaniad y Ddeiliadaeth (De-ddn)'!D108 -> 23308.139 | E19: =E18/'Rhaniad y Ddeiliadaeth (De-ddn)'!E108 -> 24021.39 | F19: =F18/'Rhaniad y Ddeiliadaeth (De-ddn)'!F108 -> 24771.155 | G19: =G18/'Rhaniad y Ddeiliadaeth (De-ddn)'!G108 -> 25556.808
B20: Canradd dosbarthiad incwm | C20: =IFERROR(INDEX('Incwm (De-ddwyrain)'!$AB$4:$AB$84,MATCH('Cyfrifiadau - De-ddwyrain'!C19,'Incwm (De-ddwyrain)'!AC$4:AC$84,1)),10) -> 40 | D20: =IFERROR(INDEX('Incwm (De-ddwyrain)'!$AB$4:$AB$84,MATCH('Cyfrifiadau - De-ddwyrain'!D19,'Incwm (De-ddwyrain)'!AD$4:AD$84,1)),10) -> 40 | E20: =IFERROR(INDEX('Incwm (De-ddwyrain)'!$AB$4:$AB$84,MATCH('Cyfrifiadau - De-ddwyrain'!E19,'Incwm (De-ddwyrain)'!AE$4:AE$84,1)),10) -> 40 | F20: =IFERROR(INDEX('Incwm (De-ddwyrain)'!$AB$4:$AB$84,MATCH('Cyfrifiadau - De-ddwyrain'!F19,'Incwm (De-ddwyrain)'!AF$4:AF$84,1)),10) -> 40 | G20: =IFERROR(INDEX('Incwm (De-ddwyrain)'!$AB$4:$AB$84,MATCH('Cyfrifiadau - De-ddwyrain'!G19,'Incwm (De-ddwyrain)'!AG$4:AG$84,1)),10) -> 40
B21: Canran angen sydd newydd ymddangos sy'n gallu fforddio | C21: =(100-C20)/100 -> 0.6 | D21: =(100-D20)/100 -> 0.6 | E21: =(100-E20)/100 -> 0.6 | F21: =(100-F20)/100 -> 0.6 | G21: =(100-G20)/100 -> 0.6
B22: Cyfanswm yr aelwydydd sydd newydd ymddangos a all fforddio'r farchnad | C22: =C21*C11 -> 2432.4 | D22: =D21*D11 -> 2369.4 | E22: =E21*E11 -> 2412.6 | F22: =F21*F11 -> 2571 | G22: =G21*G11 -> 2465.4
B25: Tai Fforddiadwy
B26: Gweddill yr aelwydydd na all fforddio'r farchnad | C26: =C13-C22 -> 2271 | D26: =D13-D22 -> 2229 | E26: =E13-E22 -> 2257.8 | F26: =F13-F22 -> 2363.4 | G26: =G13-G22 -> 2293
B28: Amcangyfrifon
B29: Tai'r Farchnad Agored | C29: =C22 -> 2432.4 | D29: =D22 -> 2369.4 | E29: =E22 -> 2412.6 | F29: =F22 -> 2571 | G29: =G22 -> 2465.4
B30: Tai Fforddiadwy | C30: =C26 -> 2271 | D30: =D26 -> 2229 | E30: =E26 -> 2257.8 | F30: =F26 -> 2363.4 | G30: =G26 -> 2293
B32: Rhaniad y Ddeiliadaeth: Perchen-feddianwyr, Y Sector Rhentu Preifat, Rhent Canolradd a Chymdeithasol
B33: NODWCH: OS NAD YDYCH WEDI CWBLHAU OPSIYNAU'R DDEWISLEN, BYDD CYFEILIORNADAU'N DIGWYDD ISOD
B35: Perchen-feddiannydd
B36: ="Canradd y Prynwyr sy'n Prynu Eiddo am y Tro Cyntaf: "&'Rhaniad y Ddeiliadaeth (Cymru)'!C115 -> Canradd y Prynwyr sy'n Prynu Eiddo am y Tro Cyntaf: 25 | C36: =INDEX('Prisiau Tai (De-ddwyrain)'!AC$4:AC$84,MATCH('Rhaniad y Ddeiliadaeth (De-ddn)'!C115,'Prisiau Tai (De-ddwyrain)'!$AB$4:$AB$84,0)) -> 109010.99 | D36: =INDEX('Prisiau Tai (De-ddwyrain)'!AD$4:AD$84,MATCH('Rhaniad y Ddeiliadaeth (De-ddn)'!D115,'Prisiau Tai (De-ddwyrain)'!$AB$4:$AB$84,0)) -> 109253.71 | E36: =INDEX('Prisiau Tai (De-ddwyrain)'!AE$4:AE$84,MATCH('Rhaniad y Ddeiliadaeth (De-ddn)'!E115,'Prisiau Tai (De-ddwyrain)'!$AB$4:$AB$84,0)) -> 111605.33 | F36: =INDEX('Prisiau Tai (De-ddwyrain)'!AF$4:AF$84,MATCH('Rhaniad y Ddeiliadaeth (De-ddn)'!F115,'Prisiau Tai (De-ddwyrain)'!$AB$4:$AB$84,0)) -> 115957.84 | G36: =INDEX('Prisiau Tai (De-ddwyrain)'!AG$4:AG$84,MATCH('Rhaniad y Ddeiliadaeth (De-ddn)'!G115,'Prisiau Tai (De-ddwyrain)'!$AB$4:$AB$84,0)) -> 120767.77
B37: Isafswm Incwm yr Aelwyd | C37: =C36/'Rhaniad y Ddeiliadaeth (De-ddn)'!C114 -> 28687.103 | D37: =D36/'Rhaniad y Ddeiliadaeth (De-ddn)'!D114 -> 28750.977 | E37: =E36/'Rhaniad y Ddeiliadaeth (De-ddn)'!E114 -> 29369.824 | F37: =F36/'Rhaniad y Ddeiliadaeth (De-ddn)'!F114 -> 30515.222 | G37: =G36/'Rhaniad y Ddeiliadaeth (De-ddn)'!G114 -> 31780.991
B38: Canradd dosbarthiad incwm | C38: =IFERROR(INDEX('Incwm (De-ddwyrain)'!$AB$4:$AB$84,MATCH('Cyfrifiadau - De-ddwyrain'!C37,'Incwm (De-ddwyrain)'!AC$4:AC$84,1)),10) -> 52 | D38: =IFERROR(INDEX('Incwm (De-ddwyrain)'!$AB$4:$AB$84,MATCH('Cyfrifiadau - De-ddwyrain'!D37,'Incwm (De-ddwyrain)'!AD$4:AD$84,1)),10) -> 51 | E38: =IFERROR(INDEX('Incwm (De-ddwyrain)'!$AB$4:$AB$84,MATCH('Cyfrifiadau - De-ddwyrain'!E37,'Incwm (De-ddwyrain)'!AE$4:AE$84,1)),10) -> 50 | F38: =IFERROR(INDEX('Incwm (De-ddwyrain)'!$AB$4:$AB$84,MATCH('Cyfrifiadau - De-ddwyrain'!F37,'Incwm (De-ddwyrain)'!AF$4:AF$84,1)),10) -> 51 | G38: =IFERROR(INDEX('Incwm (De-ddwyrain)'!$AB$4:$AB$84,MATCH('Cyfrifiadau - De-ddwyrain'!G37,'Incwm (De-ddwyrain)'!AG$4:AG$84,1)),10) -> 51
B39: Canran angen sydd newydd ymddangos sy'n gallu fforddio | C39: =(100-C38)/100 -> 0.48 | D39: =(100-D38)/100 -> 0.49 | E39: =(100-E38)/100 -> 0.5 | F39: =(100-F38)/100 -> 0.49 | G39: =(100-G38)/100 -> 0.49
B40: Canran sy'n gallu fforddio mynd ymlaen i brynu eiddo | C40: =C39*'Rhaniad y Ddeiliadaeth (De-ddn)'!C116 -> #VALUE! | D40: =D39*'Rhaniad y Ddeiliadaeth (De-ddn)'!D116 -> #VALUE! | E40: =E39*'Rhaniad y Ddeiliadaeth (De-ddn)'!E116 -> #VALUE! | F40: =F39*'Rhaniad y Ddeiliadaeth (De-ddn)'!F116 -> #VALUE! | G40: =G39*'Rhaniad y Ddeiliadaeth (De-ddn)'!G116 -> #VALUE!
B41: Perchen-feddiannydd | C41: =C40*C11 -> #VALUE! | D41: =D40*D11 -> #VALUE! | E41: =E40*E11 -> #VALUE! | F41: =F40*F11 -> #VALUE! | G41: =G40*G11 -> #VALUE!
B43: Y Sector Rhentu Preifat
B44: Llai y rheini sy'n mynd ymlaen i brynu eiddo (ar gyfer rhaniad o bedair deiliadaeth) | C44: =C22-C41 -> #VALUE! | D44: =D22-D41 -> #VALUE! | E44: =E22-E41 -> #VALUE! | F44: =F22-F41 -> #VALUE! | G44: =G22-G41 -> #VALUE!
B46: Tai Cymdeithasol
B47: 30 Canradd Rhenti Preifat | C47: ='Rhaniad y Ddeiliadaeth (De-ddn)'!C113 -> 5865.9239 | D47: ='Rhaniad y Ddeiliadaeth (De-ddn)'!D113 -> 6039.1813 | E47: ='Rhaniad y Ddeiliadaeth (De-ddn)'!E113 -> 6223.9858 | F47: ='Rhaniad y Ddeiliadaeth (De-ddn)'!F113 -> 6418.2514 | G47: ='Rhaniad y Ddeiliadaeth (De-ddn)'!G113 -> 6621.8155
B48: Trothwy Uwch incwm yr aelwyd | C48: =C47/'Rhaniad y Ddeiliadaeth (De-ddn)'!C117 -> 16759.783 | D48: =D47/'Rhaniad y Ddeiliadaeth (De-ddn)'!D117 -> 17254.804 | E48: =E47/'Rhaniad y Ddeiliadaeth (De-ddn)'!E117 -> 17782.817 | F48: =F47/'Rhaniad y Ddeiliadaeth (De-ddn)'!F117 -> 18337.861 | G48: =G47/'Rhaniad y Ddeiliadaeth (De-ddn)'!G117 -> 18919.473
B49: Canradd dosbarthiad incwm | C49: =IFERROR(INDEX('Incwm (De-ddwyrain)'!$AB$4:$AB$84,MATCH('Cyfrifiadau - De-ddwyrain'!C48,'Incwm (De-ddwyrain)'!AC$4:AC$84,1)),10) -> 26 | D49: =IFERROR(INDEX('Incwm (De-ddwyrain)'!$AB$4:$AB$84,MATCH('Cyfrifiadau - De-ddwyrain'!D48,'Incwm (De-ddwyrain)'!AD$4:AD$84,1)),10) -> 26 | E49: =IFERROR(INDEX('Incwm (De-ddwyrain)'!$AB$4:$AB$84,MATCH('Cyfrifiadau - De-ddwyrain'!E48,'Incwm (De-ddwyrain)'!AE$4:AE$84,1)),10) -> 27 | F49: =IFERROR(INDEX('Incwm (De-ddwyrain)'!$AB$4:$AB$84,MATCH('Cyfrifiadau - De-ddwyrain'!F48,'Incwm (De-ddwyrain)'!AF$4:AF$84,1)),10) -> 27 | G49: =IFERROR(INDEX('Incwm (De-ddwyrain)'!$AB$4:$AB$84,MATCH('Cyfrifiadau - De-ddwyrain'!G48,'Incwm (De-ddwyrain)'!AG$4:AG$84,1)),10) -> 27
B50: Canran angen sydd newydd ymddangos sy'n addas ar gyfer rhent cymdeithasol | C50: =C49/100 -> 0.26 | D50: =D49/100 -> 0.26 | E50: =E49/100 -> 0.27 | F50: =F49/100 -> 0.27 | G50: =G49/100 -> 0.27
B51: Aelwydydd o ran Angen sydd Newydd Ymddangos | C51: =C50*C11 -> 1054.04 | D51: =D50*D11 -> 1026.74 | E51: =E50*E11 -> 1085.67 | F51: =F50*F11 -> 1156.95 | G51: =G50*G11 -> 1109.43
B52: Aelwydydd o ran Angen Presennol nas Diwallwyd | C52: =C12 -> 649.4 | D52: =D12 -> 649.4 | E52: =E12 -> 649.4 | F52: =F12 -> 649.4 | G52: =G12 -> 649.4
B53: Cyfanswm yr aelwydydd sy'n addas ar gyfer rhent cymdeithasol | C53: =C52+C51 -> 1703.44 | D53: =D52+D51 -> 1676.14 | E53: =E52+E51 -> 1735.07 | F53: =F52+F51 -> 1806.35 | G53: =G52+G51 -> 1758.83
B55: Tai Canolradd
B56: Aelwydydd nad ydynt wedi'u neilltuo | C56: =C11-C41-C44-C51 -> #VALUE! | D56: =D11-D41-D44-D51 -> #VALUE! | E56: =E11-E41-E44-E51 -> #VALUE! | F56: =F11-F41-F44-F51 -> #VALUE! | G56: =G11-G41-G44-G51 -> #VALUE!
B58: Amcangyfrifon
B59: Perchen-Feddiannydd | C59: =C41 -> #VALUE! | D59: =D41 -> #VALUE! | E59: =E41 -> #VALUE! | F59: =F41 -> #VALUE! | G59: =G41 -> #VALUE!
B60: Y Sector Rhentu Preifat | C60: =C44 -> #VALUE! | D60: =D44 -> #VALUE! | E60: =E44 -> #VALUE! | F60: =F44 -> #VALUE! | G60: =G44 -> #VALUE!
B61: Tai Cymdeithasol | C61: =C53 -> 1703.44 | D61: =D53 -> 1676.14 | E61: =E53 -> 1735.07 | F61: =F53 -> 1806.35 | G61: =G53 -> 1758.83
B62: Tai Canolradd | C62: =C56 -> #VALUE! | D62: =D56 -> #VALUE! | E62: =E56 -> #VALUE! | F62: =F56 -> #VALUE! | G62: =G56 -> #VALUE!

Sheet Amcanestyniadau o Aelwyd
B2: Amcanestyniadau Aelwydydd | C2: Lefel Ddaearyddol | D2: 2018 | E2: 2019 | F2: 2020 | G2: 2021 | H2: 2022 | I2: 2023
B3: Prif | C3: Gogledd Cymru | D3: 305707 | E3: 307088 | F3: 308395 | G3: 309695 | H3: 311079 | I3: 312386
B4: Prif | C4: Canolbarth a De-orllewin Cymru | D4: 398237 | E4: 400021 | F4: 401730 | G4: 403438 | H4: 405265 | I4: 406967
B5: Prif | C5: De-ddwyrain Cymru | D5: 650496 | E5: 654550 | F5: 658499 | G5: 662520 | H5: 666805 | I5: 670914
B6: Prif | C6: Cymru | D6: =SUM(D3:D5) -> 1354440 | E6: =SUM(E3:E5) -> 1361659 | F6: =SUM(F3:F5) -> 1368624 | G6: =SUM(G3:G5) -> 1375653 | H6: =SUM(H3:H5) -> 1383149 | I6: =SUM(I3:I5) -> 1390267
B7: Newidyn Uwch | C7: Gogledd Cymru | D7: 306032 | E7: 307554 | F7: 309021 | G7: 310503 | H7: 312087 | I7: 313621
B8: Newidyn Uwch | C8: Canolbarth a De-orllewin Cymru | D8: 398640 | E8: 400599 | F8: 402507 | G8: 404439 | H8: 406517 | I8: 408502
B9: Newidyn Uwch | C9: De-ddwyrain Cymru | D9: 651222 | E9: 655591 | F9: 659894 | G9: 664314 | H9: 669040 | I9: 673646
B10: Newidyn Uwch | C10: Cymru | D10: =SUM(D7:D9) -> 1355894 | E10: =SUM(E7:E9) -> 1363744 | F10: =SUM(F7:F9) -> 1371422 | G10: =SUM(G7:G9) -> 1379256 | H10: =SUM(H7:H9) -> 1387644 | I10: =SUM(I7:I9) -> 1395769
B11: Newidyn Is | C11: Gogledd Cymru | D11: 305093 | E11: 306215 | F11: 307233 | G11: 308213 | H11: 309241 | I11: 310165
B12: Newidyn Is | C12: Canolbarth a De-orllewin Cymru | D12: 397459 | E12: 398919 | F12: 400267 | G12: 401573 | H12: 402957 | I12: 404179
B13: Newidyn Is | C13: De-ddwyrain Cymru | D13: 649200 | E13: 652689 | F13: 655994 | G13: 659295 | H13: 662778 | I13: 666021
B14: Newidyn Is | C14: Cymru | D14: =SUM(D11:D13) -> 1351752 | E14: =SUM(E11:E13) -> 1357823 | F14: =SUM(F11:F13) -> 1363494 | G14: =SUM(G11:G13) -> 1369081 | H14: =SUM(H11:H13) -> 1374976 | I14: =SUM(I11:I13) -> 1380365
B15: Ymfudo Sero | C15: Gogledd Cymru | D15: 303428 | E15: 304268 | F15: 305027 | G15: 305758 | H15: 306579 | I15: 307317
B16: Ymfudo Sero | C16: Canolbarth a De-orllewin Cymru | D16: 395759 | E16: 397088 | F16: 398257 | G16: 399254 | H16: 400348 | I16: 401328
B17: Ymfudo Sero | C17: De-ddwyrain Cymru | D17: 649770 | E17: 653740 | F17: 657393 | G17: 660845 | H17: 664495 | I17: 667946
B18: Ymfudo Sero | C18: Cymru | D18: =SUM(D15:D17) -> 1348957 | E18: =SUM(E15:E17) -> 1355096 | F18: =SUM(F15:F17) -> 1360677 | G18: =SUM(G15:G17) -> 1365857 | H18: =SUM(H15:H17) -> 1371422 | I18: =SUM(I15:I17) -> 1376591
B19: Ymfudo Deng Mlynedd | C19: Gogledd Cymru | D19: 306606 | E19: 308231 | F19: 309789 | G19: 311343 | H19: 312987 | I19: 314560
B20: Ymfudo Deng Mlynedd | C20: Canolbarth a De-orllewin Cymru | D20: 400118 | E20: 402399 | F20: 404608 | G20: 406816 | H20: 409149 | I20: 411365
B21: Ymfudo Deng Mlynedd | C21: De-ddwyrain Cymru | D21: 652627 | E21: 657268 | F21: 661818 | G21: 666449 | H21: 671357 | I21: 676106
B22: Ymfudo Deng Mlynedd | C22: Cymru | D22: =SUM(D19:D21) -> 1359351 | E22: =SUM(E19:E21) -> 1367898 | F22: =SUM(F19:F21) -> 1376215 | G22: =SUM(G19:G21) -> 1384608 | H22: =SUM(H19:H21) -> 1393493 | I22: =SUM(I19:I21) -> 1402031
B23: Amcanestyniad Defnyddwyr | C23: Gogledd Cymru | J23: =COUNTA(D23:I23) -> 0 | K23: =IF(OR('Rhaniad y Ddeiliadaeth (Gog)'!$F$6='Rhaniad y Ddeiliadaeth (Gog)'!$B$194,'Rhaniad y Ddeiliadaeth (Gog)'!$F$6='Rhaniad y Ddeiliadaeth (Gog)'!$B$195,'Rhaniad y Ddeiliadaeth (Gog)'!$F$6='Rhaniad y Ddeiliadaeth (Gog)'!$B$196),"","<< Please enter data here")
B24: Amcanestyniad Defnyddwyr | C24: Canolbarth a De-orllewin Cymru | J24: =COUNTA(D24:I24) -> 0 | K24: =IF(OR('Rhaniad y Ddeiliadaeth (C&De-o)'!$F$6='Rhaniad y Ddeiliadaeth (C&De-o)'!$B$194,'Rhaniad y Ddeiliadaeth (C&De-o)'!$F$6='Rhaniad y Ddeiliadaeth (C&De-o)'!$B$195,'Rhaniad y Ddeiliadaeth (C&De-o)'!$F$6='Rhaniad y Ddeiliadaeth (C&De-o)'!$B$196),"","<< Please enter data here")
B25: Amcanestyniad Defnyddwyr | C25: De-ddwyrain Cymru | J25: =COUNTA(D25:I25) -> 0 | K25: =IF(OR('Rhaniad y Ddeiliadaeth (De-ddn)'!$F$6='Rhaniad y Ddeiliadaeth (De-ddn)'!$B$194,'Rhaniad y Ddeiliadaeth (De-ddn)'!$F$6='Rhaniad y Ddeiliadaeth (De-ddn)'!$B$195,'Rhaniad y Ddeiliadaeth (De-ddn)'!$F$6='Rhaniad y Ddeiliadaeth (De-ddn)'!$B$196),"","<< Please enter data here")
B26: Amcanestyniad Defnyddwyr | C26: Cymru | J26: =COUNTA(D26:I26) -> 0 | K26: =IF(OR('Rhaniad y Ddeiliadaeth (Cymru)'!$F$6='Rhaniad y Ddeiliadaeth (Cymru)'!$B$194,'Rhaniad y Ddeiliadaeth (Cymru)'!$F$6='Rhaniad y Ddeiliadaeth (Cymru)'!$B$195,'Rhaniad y Ddeiliadaeth (Cymru)'!$F$6='Rhaniad y Ddeiliadaeth (Cymru)'!$B$196),"","<< Please enter data here")
B28: Noder: Mae'r amcanestyniadau aelwydydd ar gyfer y tri rhanbarth yng Nghymru wedi'u cyfansymu i gyfrifo amcanestyniadau aelwydydd ar gyfer Cymru. Gall fod gwahaniaethau bach (o ganlyniad i dalgrynnu) rhwng y ffigurau hyn a'r rhai a gyhoeddwyd ar StatsCymru.

Sheet Rhagdybiaeth Blynyddol
B2: Mae'r daflen hon yn cynnwys y rhagdybiaethau wedi'u rhagosod (fel sy'n cael ei egluro yn y daflen canllawiau ar newidynnau) ar gyfer yr holl newidynnau sy'n aros yr un fath dros gyfnod yr amcangyfrifon. Os byddwch wedi dewis mewngofnodi eich data eich hunain, cewch eich atgoffa o dan y newidynnau perthnasol i roi eich data. Cyfeiriwch at y Canllawiau ar Newidynnau i gael rhagor o wybodaeth.
B7: Newidynnau sydd eu hangen i gynhyrchu amcangyfrifon wedi eu rhannu i ddwy ddeiliadaeth | C7: Meini Prawf Fforddiadwyedd (Marchnad)
C8: Wedi'i ragosod | D8: 0.3
C9: Gwerth Defnyddiwr | E9: =IF(OR('Rhaniad y Ddeiliadaeth (Cymru)'!F11='Rhaniad y Ddeiliadaeth (Cymru)'!$B$194,'Rhaniad y Ddeiliadaeth (Cymru)'!F11='Rhaniad y Ddeiliadaeth (Cymru)'!$B$195,'Rhaniad y Ddeiliadaeth (Cymru)'!F11='Rhaniad y Ddeiliadaeth (Cymru)'!$B$196),"","<< Ychwanewch eich data fan hyn")
B10: Newidynnau sydd eu hangen i gynhyrchu amcangyfrifon wedi eu rhannu i bedair deiliadaeth | C10: Cymhareb Incwm Prynwyr am y Tro Cyntaf
C11: Wedi'i ragosod | D11: 3.8
C12: Gwerth Defnyddiwr | E12: =IF(OR('Rhaniad y Ddeiliadaeth (Cymru)'!F20='Rhaniad y Ddeiliadaeth (Cymru)'!$B$194,'Rhaniad y Ddeiliadaeth (Cymru)'!F20='Rhaniad y Ddeiliadaeth (Cymru)'!$B$195,'Rhaniad y Ddeiliadaeth (Cymru)'!F20='Rhaniad y Ddeiliadaeth (Cymru)'!$B$196),"","<< Ychwanegwch eich data fan hyn")
C13: Canradd y Prynwyr sy'n Prynu Eiddo am y Tro Cyntaf
C14: Wedi'i ragosod (1) | D14: 25
C15: Wedi'i ragosod (2) | D15: 40
C16: Gwerth Defnyddiwr | E16: =IF(OR('Rhaniad y Ddeiliadaeth (Cymru)'!F21='Rhaniad y Ddeiliadaeth (Cymru)'!$B$194,'Rhaniad y Ddeiliadaeth (Cymru)'!F21='Rhaniad y Ddeiliadaeth (Cymru)'!$B$195,'Rhaniad y Ddeiliadaeth (Cymru)'!F21='Rhaniad y Ddeiliadaeth (Cymru)'!$B$196),"","<< Ychwanegwch eich data fan hyn")
C17: Canran y Prynwyr am y Tro Cyntaf sy'n mynd ymlaen i brynu eiddo
C18: Gwerth Defnyddiwr | E18: =IF(OR('Rhaniad y Ddeiliadaeth (Cymru)'!F22='Rhaniad y Ddeiliadaeth (Cymru)'!$B$194,'Rhaniad y Ddeiliadaeth (Cymru)'!F22='Rhaniad y Ddeiliadaeth (Cymru)'!$B$195,'Rhaniad y Ddeiliadaeth (Cymru)'!F22='Rhaniad y Ddeiliadaeth (Cymru)'!$B$196),"","<< Ychwanegwch eich data fan hyn") -> << Ychwanegwch eich data fan hyn
C19: Meini Prawf Fforddiadwyedd (Cymdeithasol)
C20: Wedi'i ragosod | D20: 0.35
C21: Gwerth Defnyddiwr | E21: =IF(OR('Rhaniad y Ddeiliadaeth (Cymru)'!F23='Rhaniad y Ddeiliadaeth (Cymru)'!$B$194,'Rhaniad y Ddeiliadaeth (Cymru)'!F23='Rhaniad y Ddeiliadaeth (Cymru)'!$B$195,'Rhaniad y Ddeiliadaeth (Cymru)'!F23='Rhaniad y Ddeiliadaeth (Cymru)'!$B$196),"","<< Ychwanegwch eich data fan hyn")

Sheet Rhagolygon y Dyfodol
B2: Mae'r daflen hon yn cynnwys y rhagdybiaethau wedi'u rhagosod (fel sy'n cael ei egluro yn y daflen canllawiau ar newidynnau) ar gyfer y newidynnau hynny a all gael ffigur blynyddol gwahanol. Os byddwch wedi dewis mewngofnodi eich data eich hunain, cewch eich atgoffa o dan y newidynnau perthnasol i roi eich data. Cyfeiriwch at y Canllawiau ar Newidynnau i gael rhagor o wybodaeth.
B7: Incwm | D7: 2018/19 | E7: 2019/20 | F7: 2020/21 | G7: 2021/22 | H7: 2022/23
B8: 1. Newid i incwm canolrifol yr aelwyd
B10: OBR (2019 Outlook Supplementary tables, 1.13) | C10: Wedi'i ragosod | D10: 0.035377363 | E10: 0.025711194 | F10: 0.032803012 | G10: 0.037085853 | H10: 0.038062223
B11: Rhagolygon defnyddwyr | C11: Arall | I11: =COUNTA(D11:H11) -> 0 | J11: =IF(OR('Rhaniad y Ddeiliadaeth (Cymru)'!F14='Rhaniad y Ddeiliadaeth (Cymru)'!$B$194,'Rhaniad y Ddeiliadaeth (Cymru)'!F14='Rhaniad y Ddeiliadaeth (Cymru)'!$B$195,'Rhaniad y Ddeiliadaeth (Cymru)'!F14='Rhaniad y Ddeiliadaeth (Cymru)'!$B$196),"","<< Ychwanegwch eich data fan hyn")
B13: 2. Newid I ddosbarthiad incwm yr aelwyd
B14: Mwy o Anghydraddoldeb | C14: Mwy o Anghydraddoldeb | D14: 0.01 | E14: 0.01 | F14: 0.01 | G14: 0.01 | H14: 0.01
B15: Dim newid | C15: Dim newid | D15: 0 | E15: 0 | F15: 0 | G15: 0 | H15: 0
B16: Rhagolygon defnyddwyr | C16: Arall | I16: =COUNTA(D16:H16) -> 0 | J16: =IF(OR('Rhaniad y Ddeiliadaeth (Cymru)'!F15='Rhaniad y Ddeiliadaeth (Cymru)'!$B$194,'Rhaniad y Ddeiliadaeth (Cymru)'!F15='Rhaniad y Ddeiliadaeth (Cymru)'!$B$195,'Rhaniad y Ddeiliadaeth (Cymru)'!F15='Rhaniad y Ddeiliadaeth (Cymru)'!$B$196),"","<< Ychwanegwch eich data fan hyn")
B19: Prisiau Rhenti
B20: 4. Newid i brisiau rhent preifat
B21: OBR (2019 Outlook Supplementary tables, 1.6) | C21: Wedi'i ragosod | D21: 0.029066131 | E21: 0.029536239 | F21: 0.030600924 | G21: 0.031212409 | H21: 0.03171645
B22: Rhagolygon defnyddwyr | C22: Arall | I22: =COUNTA(D22:H22) -> 0 | J22: =IF(OR('Rhaniad y Ddeiliadaeth (Cymru)'!F16='Rhaniad y Ddeiliadaeth (Cymru)'!$B$194,'Rhaniad y Ddeiliadaeth (Cymru)'!F16='Rhaniad y Ddeiliadaeth (Cymru)'!$B$195,'Rhaniad y Ddeiliadaeth (Cymru)'!F16='Rhaniad y Ddeiliadaeth (Cymru)'!$B$196),"","<< Ychwanegwch eich data fan hyn")
B24: Prisiau Tai
B25: 3. Newid i brisiau tai
B26: OBR (2019 Outlook Supplementary tables, 1.22) | C26: Wedi'i ragosod | D26: 0.028405585 | E26: 0.0022265547 | F26: 0.02152438 | G26: 0.038999169 | H26: 0.041479924
B27: Rhagolygon defnyddwyr | C27: Arall | I27: =COUNTA(D27:H27) -> 0 | J27: =IF(OR('Rhaniad y Ddeiliadaeth (Cymru)'!F25='Rhaniad y Ddeiliadaeth (Cymru)'!$B$194,'Rhaniad y Ddeiliadaeth (Cymru)'!F25='Rhaniad y Ddeiliadaeth (Cymru)'!$B$195,'Rhaniad y Ddeiliadaeth (Cymru)'!F25='Rhaniad y Ddeiliadaeth (Cymru)'!$B$196),"","<< Ychwanegwch eich data fan hyn")

Sheet Angen Presennol Nas Diwallwyd
B2: Mae'r daflen hon yn cynnwys y rhagdybiaethau wedi'u rhagosod (fel sy'n cael ei egluro yn y daflen canllawiau ar newidynnau) ar gyfer amcangyfrifon o'r angen presennol nas diwallwyd. Os byddwch wedi dewis mewngofnodi eich data eich hunain, cewch eich atgoffa o dan y newidynnau perthnasol i roi eich data. Cyfeiriwch at y Canllawiau ar Newidynnau i gael rhagor o wybodaeth.
B6: Angen Presennol Nas Diwallwyd
B7: Amcangyfrifon LlC
B8: Lefel Ddaearyddol | C8: Cyfanswm | D8: …ac o hyn, y rheini sy'n Gudd neu'n Orlawn | E8: …ac o hyn, y rheini sy'n Aelwydydd Digartref mewn Llety Dros Dro
B9: Gogledd | C9: 1242 | D9: 735 | E9: 507
B10: Canolbarth a De-orllewin | C10: 1153 | D10: 862 | E10: 291
B11: De-ddwyrain | C11: 3247 | D11: 1906 | E11: 1341
B12: Cymru | C12: 5645 | D12: 3503 | E12: 2142
B14: Blynyddoedd i gael gwared ar yr ôl groniad | C14: 5
B16: Amcangyfrifon Defnyddwyr
B17: Lefel Ddaearyddol | C17: Cyfanswm
B18: Gogledd | D18: =IF(AND('Rhaniad y Ddeiliadaeth (Gog)'!$D$7="Other",ISBLANK(C18)),"<< Ychwanegwch eich data fan hyn","")
B19: Canolbarth a De-orllewin | D19: =IF(AND('Rhaniad y Ddeiliadaeth (C&De-o)'!$D$7="Other",ISBLANK(C19)),"<< Ychwanegwch eich data fan hyn","")
B20: De-ddwyrain | D20: =IF(AND('Rhaniad y Ddeiliadaeth (De-ddn)'!$D$7="Other",ISBLANK(C20)),"<< Ychwanegwch eich data fan hyn","")
B21: Cyfanswm Cymru | D21: =IF(OR('Rhaniad y Ddeiliadaeth (Cymru)'!F7='Rhaniad y Ddeiliadaeth (Cymru)'!$B$194,'Rhaniad y Ddeiliadaeth (Cymru)'!F7='Rhaniad y Ddeiliadaeth (Cymru)'!$B$195,'Rhaniad y Ddeiliadaeth (Cymru)'!F7='Rhaniad y Ddeiliadaeth (Cymru)'!$B$196),"","<< Ychwanegwch eich data fan hyn")
B24: Blynyddoedd i gael gwared ar yr angen presennol: | D24: =IF(OR('Rhaniad y Ddeiliadaeth (Cymru)'!F12='Rhaniad y Ddeiliadaeth (Cymru)'!$B$194,'Rhaniad y Ddeiliadaeth (Cymru)'!F12='Rhaniad y Ddeiliadaeth (Cymru)'!$B$195,'Rhaniad y Ddeiliadaeth (Cymru)'!F12='Rhaniad y Ddeiliadaeth (Cymru)'!$B$196),"","<< Ychwanegwch eich data fan hyn")
B28: Ffigwr i'w ddefnyddio: | C28: =IF('Rhaniad y Ddeiliadaeth (Cymru)'!D12="Wedi'i ragosod",C14,C24) -> 5

Sheet Prisiau Rhenti
B2: Mae'r daflen hon yn cynnwys y rhagdybiaethau wedi'u rhagosod (fel sy'n cael ei egluro yn y daflen canllawiau ar newidynnau) ar gyfer gwerthoedd rhenti 30 canradd a chanolrifol. Os byddwch wedi dewis mewngofnodi eich data eich hunain, cewch eich atgoffa o dan y newidynnau perthnasol i roi eich data. Cyfeiriwch at y Canllawiau ar Newidynnau i gael rhagor o wybodaeth. Mae'r ffigyrau yn cyfeirio at 17/18.
B7: Cymru
C8: 30 Canradd | D8: Canolrifol
B9: Data LlC ar Renti | C9: 5700 | D9: 6300
B10: Arall | E10: =IF(OR('Rhaniad y Ddeiliadaeth (Cymru)'!$F$9='Rhaniad y Ddeiliadaeth (Cymru)'!$B$194,'Rhaniad y Ddeiliadaeth (Cymru)'!$F$9='Rhaniad y Ddeiliadaeth (Cymru)'!$B$195,'Rhaniad y Ddeiliadaeth (Cymru)'!$F$9='Rhaniad y Ddeiliadaeth (Cymru)'!$B$196),"","<< Ychwanegwch eich data fan hyn")
B12: Gogledd Cymru
C13: 30 Canradd | D13: Canolrifol
B14: Data LlC ar Renti | C14: 5940 | D14: 6600
B15: Arall | E15: =IF(OR('Rhaniad y Ddeiliadaeth (Gog)'!$F$9='Rhaniad y Ddeiliadaeth (Gog)'!$B$194,'Rhaniad y Ddeiliadaeth (Gog)'!$F$9='Rhaniad y Ddeiliadaeth (Gog)'!$B$195,'Rhaniad y Ddeiliadaeth (Gog)'!$F$9='Rhaniad y Ddeiliadaeth (Gog)'!$B$196),"","<< Ychwanegwch eich data fan hyn")
B17: Canolbarth a De-orllewin Cymru
C18: 30 Canradd | D18: Canolrifol
B19: Data LlC ar Renti | C19: 5400 | D19: 5940
B20: Arall | E20: =IF(OR('Rhaniad y Ddeiliadaeth (C&De-o)'!$F$9='Rhaniad y Ddeiliadaeth (C&De-o)'!$B$194,'Rhaniad y Ddeiliadaeth (C&De-o)'!$F$9='Rhaniad y Ddeiliadaeth (C&De-o)'!$B$195,'Rhaniad y Ddeiliadaeth (C&De-o)'!$F$9='Rhaniad y Ddeiliadaeth (C&De-o)'!$B$196),"","<< Ychwanegwch eich data fan hyn")
B22: De-ddwyrain Cymru
C23: 30 Canradd | D23: Canolrifol
B24: Data LlC ar Renti | C24: 5700.24 | D24: 6600
B25: Arall | E25: =IF(OR('Rhaniad y Ddeiliadaeth (De-ddn)'!$F$9='Rhaniad y Ddeiliadaeth (De-ddn)'!$B$194,'Rhaniad y Ddeiliadaeth (De-ddn)'!$F$9='Rhaniad y Ddeiliadaeth (De-ddn)'!$B$195,'Rhaniad y Ddeiliadaeth (De-ddn)'!$F$9='Rhaniad y Ddeiliadaeth (De-ddn)'!$B$196),"","<< Ychwanegwch eich data fan hyn")

Sheet Incwm (Cymru)
B2: Dosbarthiad Incwm Wedi'i Ragosod - Cymru | J2: Dosbarthiad prisiau tai defnyddwyr | U2: Dosbarthiad Incwm Defnyddwyr | AB2: Dosbarthiad Incwm a Ddewiswyd (unai LlC neu defnyddwyr)
B3: Canradd | C3: 2017 | D3: 2018 | E3: 2019 | F3: 2020 | G3: 2021 | H3: 2022 | L3: Canradd | M3: =K4 -> 0 | N3: Gwag? | U3: 2017 | V3: 2018 | W3: 2019 | X3: 2020 | Y3: 2021 | Z3: 2022 | AC3: 2018 | AD3: 2019 | AE3: 2020 | AF3: 2021 | AG3: 2022
B4: 10 | C4: 11621 | D4: =C4*(1+'Rhaniad y Ddeiliadaeth (Cymru)'!C$109)+(C$44*(-(50-$B4)*('Rhaniad y Ddeiliadaeth (Cymru)'!C$110/40))) -> 11773.828 | E4: =D4*(1+'Rhaniad y Ddeiliadaeth (Cymru)'!D$109)+(D$44*(-(50-$B4)*('Rhaniad y Ddeiliadaeth (Cymru)'!D$110/40))) -> 11809.117 | F4: =E4*(1+'Rhaniad y Ddeiliadaeth (Cymru)'!E$109)+(E$44*(-(50-$B4)*('Rhaniad y Ddeiliadaeth (Cymru)'!E$110/40))) -> 11922.185 | G4: =F4*(1+'Rhaniad y Ddeiliadaeth (Cymru)'!F$109)+(F$44*(-(50-$B4)*('Rhaniad y Ddeiliadaeth (Cymru)'!F$110/40))) -> 12081.025 | H4: =G4*(1+'Rhaniad y Ddeiliadaeth (Cymru)'!G$109)+(G$44*(-(50-$B4)*('Rhaniad y Ddeiliadaeth (Cymru)'!G$110/40))) -> 12247.045 | J4: =IF('Rhaniad y Ddeiliadaeth (Cymru)'!D8="Arall","Dewiswch data pa flwyddyn hoffech ei ychwanegu:","") | L4: =IF(ISBLANK($K$4),"",B4) | N4: =IF(ISBLANK(M4),1,0) -> 1 | O4: =IF(J4="","","<< Ychwanegwch ddata pob canradd fan hyn.") | T4: =B4 -> 10 | U4: =IF($M$3=$U$3,M4,"") | V4: =IF($V$3=$M$3,M4,U4*(1+'Rhaniad y Ddeiliadaeth (Cymru)'!C$109)+(U$44*(-(50-$T4)*('Rhaniad y Ddeiliadaeth (Cymru)'!C$110/40)))) -> #VALUE! | W4: =V4*(1+'Rhaniad y Ddeiliadaeth (Cymru)'!D$109)+(V$44*(-(50-$T4)*('Rhaniad y Ddeiliadaeth (Cymru)'!D$110/40))) -> #VALUE! | X4: =W4*(1+'Rhaniad y Ddeiliadaeth (Cymru)'!E$109)+(W$44*(-(50-$T4)*('Rhaniad y Ddeiliadaeth (Cymru)'!E$110/40))) -> #VALUE! | Y4: =X4*(1+'Rhaniad y Ddeiliadaeth (Cymru)'!F$109)+(X$44*(-(50-$T4)*('Rhaniad y Ddeiliadaeth (Cymru)'!F$110/40))) -> #VALUE! | Z4: =Y4*(1+'Rhaniad y Ddeiliadaeth (Cymru)'!G$109)+(Y$44*(-(50-$T4)*('Rhaniad y Ddeiliadaeth (Cymru)'!G$110/40))) -> #VALUE! | AB4: 10 | AC4: =IF('Rhaniad y Ddeiliadaeth (Cymru)'!$D$8="Amcangyfrifon LlC",'Incwm (Cymru)'!D4,'Incwm (Cymru)'!V4) -> 11773.828 | AD4: =IF('Rhaniad y Ddeiliadaeth (Cymru)'!$D$8="Amcangyfrifon LlC",'Incwm (Cymru)'!E4,'Incwm (Cymru)'!W4) -> 11809.117 | AE4: =IF('Rhaniad y Ddeiliadaeth (Cymru)'!$D$8="Amcangyfrifon LlC",'Incwm (Cymru)'!F4,'Incwm (Cymru)'!X4) -> 11922.185 | AF4: =IF('Rhaniad y Ddeiliadaeth (Cymru)'!$D$8="Amcangyfrifon LlC",'Incwm (Cymru)'!G4,'Incwm (Cymru)'!Y4) -> 12081.025 | AG4: =IF('Rhaniad y Ddeiliadaeth (Cymru)'!$D$8="Amcangyfrifon LlC",'Incwm (Cymru)'!H4,'Incwm (Cymru)'!Z4) -> 12247.045
B5: 11 | C5: 12235 | D5: =C5*(1+'Rhaniad y Ddeiliadaeth (Cymru)'!C$109)+(C$44*(-(50-$B5)*('Rhaniad y Ddeiliadaeth (Cymru)'!C$110/40))) -> 12416.007 | E5: =D5*(1+'Rhaniad y Ddeiliadaeth (Cymru)'!D$109)+(D$44*(-(50-$B5)*('Rhaniad y Ddeiliadaeth (Cymru)'!D$110/40))) -> 12474.493 | F5: =E5*(1+'Rhaniad y Ddeiliadaeth (Cymru)'!E$109)+(E$44*(-(50-$B5)*('Rhaniad y Ddeiliadaeth (Cymru)'!E$110/40))) -> 12616.245 | G5: =F5*(1+'Rhaniad y Ddeiliadaeth (Cymru)'!F$109)+(F$44*(-(50-$B5)*('Rhaniad y Ddeiliadaeth (Cymru)'!F$110/40))) -> 12807.908 | H5: =G5*(1+'Rhaniad y Ddeiliadaeth (Cymru)'!G$109)+(G$44*(-(50-$B5)*('Rhaniad y Ddeiliadaeth (Cymru)'!G$110/40))) -> 13008.94 | J5: =IF(J4="","","Dim ond data ar gyfer un flwyddyn sydd angen i chi ychwanegu (unai 2017 neu 2018)") | L5: =IF(ISBLANK($K$4),"",B5) | N5: =IF(ISBLANK(M5),1,0) -> 1 | T5: =B5 -> 11 | U5: =IF($M$3=$U$3,M5,"") | V5: =IF($V$3=$M$3,M5,U5*(1+'Rhaniad y Ddeiliadaeth (Cymru)'!C$109)+(U$44*(-(50-$T5)*('Rhaniad y Ddeiliadaeth (Cymru)'!C$110/40)))) -> #VALUE! | W5: =V5*(1+'Rhaniad y Ddeiliadaeth (Cymru)'!D$109)+(V$44*(-(50-$T5)*('Rhaniad y Ddeiliadaeth (Cymru)'!D$110/40))) -> #VALUE! | X5: =W5*(1+'Rhaniad y Ddeiliadaeth (Cymru)'!E$109)+(W$44*(-(50-$T5)*('Rhaniad y Ddeiliadaeth (Cymru)'!E$110/40))) -> #VALUE! | Y5: =X5*(1+'Rhaniad y Ddeiliadaeth (Cymru)'!F$109)+(X$44*(-(50-$T5)*('Rhaniad y Ddeiliadaeth (Cymru)'!F$110/40))) -> #VALUE! | Z5: =Y5*(1+'Rhaniad y Ddeiliadaeth (Cymru)'!G$109)+(Y$44*(-(50-$T5)*('Rhaniad y Ddeiliadaeth (Cymru)'!G$110/40))) -> #VALUE! | AB5: 11 | AC5: =IF('Rhaniad y Ddeiliadaeth (Cymru)'!$D$8="Amcangyfrifon LlC",'Incwm (Cymru)'!D5,'Incwm (Cymru)'!V5) -> 12416.007 | AD5: =IF('Rhaniad y Ddeiliadaeth (Cymru)'!$D$8="Amcangyfrifon LlC",'Incwm (Cymru)'!E5,'Incwm (Cymru)'!W5) -> 12474.493 | AE5: =IF('Rhaniad y Ddeiliadaeth (Cymru)'!$D$8="Amcangyfrifon LlC",'Incwm (Cymru)'!F5,'Incwm (Cymru)'!X5) -> 12616.245 | AF5: =IF('Rhaniad y Ddeiliadaeth (Cymru)'!$D$8="Amcangyfrifon LlC",'Incwm (Cymru)'!G5,'Incwm (Cymru)'!Y5) -> 12807.908 | AG5: =IF('Rhaniad y Ddeiliadaeth (Cymru)'!$D$8="Amcangyfrifon LlC",'Incwm (Cymru)'!H5,'Incwm (Cymru)'!Z5) -> 13008.94
B6: 12 | C6: 12633 | D6: =C6*(1+'Rhaniad y Ddeiliadaeth (Cymru)'!C$109)+(C$44*(-(50-$B6)*('Rhaniad y Ddeiliadaeth (Cymru)'!C$110/40))) -> 12834.544 | E6: =D6*(1+'Rhaniad y Ddeiliadaeth (Cymru)'!D$109)+(D$44*(-(50-$B6)*('Rhaniad y Ddeiliadaeth (Cymru)'!D$110/40))) -> 12910.477 | F6: =E6*(1+'Rhaniad y Ddeiliadaeth (Cymru)'!E$109)+(E$44*(-(50-$B6)*('Rhaniad y Ddeiliadaeth (Cymru)'!E$110/40))) -> 13073.389 | G6: =F6*(1+'Rhaniad y Ddeiliadaeth (Cymru)'!F$109)+(F$44*(-(50-$B6)*('Rhaniad y Ddeiliadaeth (Cymru)'!F$110/40))) -> 13289.088 | H6: =G6*(1+'Rhaniad y Ddeiliadaeth (Cymru)'!G$109)+(G$44*(-(50-$B6)*('Rhaniad y Ddeiliadaeth (Cymru)'!G$110/40))) -> 13515.78 | L6: =IF(ISBLANK($K$4),"",B6) | N6: =IF(ISBLANK(M6),1,0) -> 1 | T6: =B6 -> 12 | U6: =IF($M$3=$U$3,M6,"") | V6: =IF($V$3=$M$3,M6,U6*(1+'Rhaniad y Ddeiliadaeth (Cymru)'!C$109)+(U$44*(-(50-$T6)*('Rhaniad y Ddeiliadaeth (Cymru)'!C$110/40)))) -> #VALUE! | W6: =V6*(1+'Rhaniad y Ddeiliadaeth (Cymru)'!D$109)+(V$44*(-(50-$T6)*('Rhaniad y Ddeiliadaeth (Cymru)'!D$110/40))) -> #VALUE! | X6: =W6*(1+'Rhaniad y Ddeiliadaeth (Cymru)'!E$109)+(W$44*(-(50-$T6)*('Rhaniad y Ddeiliadaeth (Cymru)'!E$110/40))) -> #VALUE! | Y6: =X6*(1+'Rhaniad y Ddeiliadaeth (Cymru)'!F$109)+(X$44*(-(50-$T6)*('Rhaniad y Ddeiliadaeth (Cymru)'!F$110/40))) -> #VALUE! | Z6: =Y6*(1+'Rhaniad y Ddeiliadaeth (Cymru)'!G$109)+(Y$44*(-(50-$T6)*('Rhaniad y Ddeiliadaeth (Cymru)'!G$110/40))) -> #VALUE! | AB6: 12 | AC6: =IF('Rhaniad y Ddeiliadaeth (Cymru)'!$D$8="Amcangyfrifon LlC",'Incwm (Cymru)'!D6,'Incwm (Cymru)'!V6) -> 12834.544 | AD6: =IF('Rhaniad y Ddeiliadaeth (Cymru)'!$D$8="Amcangyfrifon LlC",'Incwm (Cymru)'!E6,'Incwm (Cymru)'!W6) -> 12910.477 | AE6: =IF('Rhaniad y Ddeiliadaeth (Cymru)'!$D$8="Amcangyfrifon LlC",'Incwm (Cymru)'!F6,'Incwm (Cymru)'!X6) -> 13073.389 | AF6: =IF('Rhaniad y Ddeiliadaeth (Cymru)'!$D$8="Amcangyfrifon LlC",'Incwm (Cymru)'!G6,'Incwm (Cymru)'!Y6) -> 13289.088 | AG6: =IF('Rhaniad y Ddeiliadaeth (Cymru)'!$D$8="Amcangyfrifon LlC",'Incwm (Cymru)'!H6,'Incwm (Cymru)'!Z6) -> 13515.78
B7: 13 | C7: 12919.2 | D7: =C7*(1+'Rhaniad y Ddeiliadaeth (Cymru)'!C$109)+(C$44*(-(50-$B7)*('Rhaniad y Ddeiliadaeth (Cymru)'!C$110/40))) -> 13137.327 | E7: =D7*(1+'Rhaniad y Ddeiliadaeth (Cymru)'!D$109)+(D$44*(-(50-$B7)*('Rhaniad y Ddeiliadaeth (Cymru)'!D$110/40))) -> 13227.73 | F7: =E7*(1+'Rhaniad y Ddeiliadaeth (Cymru)'!E$109)+(E$44*(-(50-$B7)*('Rhaniad y Ddeiliadaeth (Cymru)'!E$110/40))) -> 13407.906 | G7: =F7*(1+'Rhaniad y Ddeiliadaeth (Cymru)'!F$109)+(F$44*(-(50-$B7)*('Rhaniad y Ddeiliadaeth (Cymru)'!F$110/40))) -> 13643.093 | H7: =G7*(1+'Rhaniad y Ddeiliadaeth (Cymru)'!G$109)+(G$44*(-(50-$B7)*('Rhaniad y Ddeiliadaeth (Cymru)'!G$110/40))) -> 13890.605 | J7: =IF(J4="","",IF(N85=1,"Mewnbwn y defnyddiwr yn anghyflawn",IF(N85=0,"Mewnbwn y defnyddiwr yn gyflawn",""))) | L7: =IF(ISBLANK($K$4),"",B7) | N7: =IF(ISBLANK(M7),1,0) -> 1 | T7: =B7 -> 13 | U7: =IF($M$3=$U$3,M7,"") | V7: =IF($V$3=$M$3,M7,U7*(1+'Rhaniad y Ddeiliadaeth (Cymru)'!C$109)+(U$44*(-(50-$T7)*('Rhaniad y Ddeiliadaeth (Cymru)'!C$110/40)))) -> #VALUE! | W7: =V7*(1+'Rhaniad y Ddeiliadaeth (Cymru)'!D$109)+(V$44*(-(50-$T7)*('Rhaniad y Ddeiliadaeth (Cymru)'!D$110/40))) -> #VALUE! | X7: =W7*(1+'Rhaniad y Ddeiliadaeth (Cymru)'!E$109)+(W$44*(-(50-$T7)*('Rhaniad y Ddeiliadaeth (Cymru)'!E$110/40))) -> #VALUE! | Y7: =X7*(1+'Rhaniad y Ddeiliadaeth (Cymru)'!F$109)+(X$44*(-(50-$T7)*('Rhaniad y Ddeiliadaeth (Cymru)'!F$110/40))) -> #VALUE! | Z7: =Y7*(1+'Rhaniad y Ddeiliadaeth (Cymru)'!G$109)+(Y$44*(-(50-$T7)*('Rhaniad y Ddeiliadaeth (Cymru)'!G$110/40))) -> #VALUE! | AB7: 13 | AC7: =IF('Rhaniad y Ddeiliadaeth (Cymru)'!$D$8="Amcangyfrifon LlC",'Incwm (Cymru)'!D7,'Incwm (Cymru)'!V7) -> 13137.327 | AD7: =IF('Rhaniad y Ddeiliadaeth (Cymru)'!$D$8="Amcangyfrifon LlC",'Incwm (Cymru)'!E7,'Incwm (Cymru)'!W7) -> 13227.73 | AE7: =IF('Rhaniad y Ddeiliadaeth (Cymru)'!$D$8="Amcangyfrifon LlC",'Incwm (Cymru)'!F7,'Incwm (Cymru)'!X7) -> 13407.906 | AF7: =IF('Rhaniad y Ddeiliadaeth (Cymru)'!$D$8="Amcangyfrifon LlC",'Incwm (Cymru)'!G7,'Incwm (Cymru)'!Y7) -> 13643.093 | AG7: =IF('Rhaniad y Ddeiliadaeth (Cymru)'!$D$8="Amcangyfrifon LlC",'Incwm (Cymru)'!H7,'Incwm (Cymru)'!Z7) -> 13890.605
B8: 14 | C8: 12974.75 | D8: =C8*(1+'Rhaniad y Ddeiliadaeth (Cymru)'!C$109)+(C$44*(-(50-$B8)*('Rhaniad y Ddeiliadaeth (Cymru)'!C$110/40))) -> 13201.299 | E8: =D8*(1+'Rhaniad y Ddeiliadaeth (Cymru)'!D$109)+(D$44*(-(50-$B8)*('Rhaniad y Ddeiliadaeth (Cymru)'!D$110/40))) -> 13300.033 | F8: =E8*(1+'Rhaniad y Ddeiliadaeth (Cymru)'!E$109)+(E$44*(-(50-$B8)*('Rhaniad y Ddeiliadaeth (Cymru)'!E$110/40))) -> 13489.439 | G8: =F8*(1+'Rhaniad y Ddeiliadaeth (Cymru)'!F$109)+(F$44*(-(50-$B8)*('Rhaniad y Ddeiliadaeth (Cymru)'!F$110/40))) -> 13734.732 | H8: =G8*(1+'Rhaniad y Ddeiliadaeth (Cymru)'!G$109)+(G$44*(-(50-$B8)*('Rhaniad y Ddeiliadaeth (Cymru)'!G$110/40))) -> 13993.077 | L8: =IF(ISBLANK($K$4),"",B8) | N8: =IF(ISBLANK(M8),1,0) -> 1 | T8: =B8 -> 14 | U8: =IF($M$3=$U$3,M8,"") | V8: =IF($V$3=$M$3,M8,U8*(1+'Rhaniad y Ddeiliadaeth (Cymru)'!C$109)+(U$44*(-(50-$T8)*('Rhaniad y Ddeiliadaeth (Cymru)'!C$110/40)))) -> #VALUE! | W8: =V8*(1+'Rhaniad y Ddeiliadaeth (Cymru)'!D$109)+(V$44*(-(50-$T8)*('Rhaniad y Ddeiliadaeth (Cymru)'!D$110/40))) -> #VALUE! | X8: =W8*(1+'Rhaniad y Ddeiliadaeth (Cymru)'!E$109)+(W$44*(-(50-$T8)*('Rhaniad y Ddeiliadaeth (Cymru)'!E$110/40))) -> #VALUE! | Y8: =X8*(1+'Rhaniad y Ddeiliadaeth (Cymru)'!F$109)+(X$44*(-(50-$T8)*('Rhaniad y Ddeiliadaeth (Cymru)'!F$110/40))) -> #VALUE! | Z8: =Y8*(1+'Rhaniad y Ddeiliadaeth (Cymru)'!G$109)+(Y$44*(-(50-$T8)*('Rhaniad y Ddeiliadaeth (Cymru)'!G$110/40))) -> #VALUE! | AB8: 14 | AC8: =IF('Rhaniad y Ddeiliadaeth (Cymru)'!$D$8="Amcangyfrifon LlC",'Incwm (Cymru)'!D8,'Incwm (Cymru)'!V8) -> 13201.299 | AD8: =IF('Rhaniad y Ddeiliadaeth (Cymru)'!$D$8="Amcangyfrifon LlC",'Incwm (Cymru)'!E8,'Incwm (Cymru)'!W8) -> 13300.033 | AE8: =IF('Rhaniad y Ddeiliadaeth (Cymru)'!$D$8="Amcangyfrifon LlC",'Incwm (Cymru)'!F8,'Incwm (Cymru)'!X8) -> 13489.439 | AF8: =IF('Rhaniad y Ddeiliadaeth (Cymru)'!$D$8="Amcangyfrifon LlC",'Incwm (Cymru)'!G8,'Incwm (Cymru)'!Y8) -> 13734.732 | AG8: =IF('Rhaniad y Ddeiliadaeth (Cymru)'!$D$8="Amcangyfrifon LlC",'Incwm (Cymru)'!H8,'Incwm (Cymru)'!Z8) -> 13993.077
B9: 15 | C9: 13210.1 | D9: =C9*(1+'Rhaniad y Ddeiliadaeth (Cymru)'!C$109)+(C$44*(-(50-$B9)*('Rhaniad y Ddeiliadaeth (Cymru)'!C$110/40))) -> 13451.433 | E9: =D9*(1+'Rhaniad y Ddeiliadaeth (Cymru)'!D$109)+(D$44*(-(50-$B9)*('Rhaniad y Ddeiliadaeth (Cymru)'!D$110/40))) -> 13563.284 | F9: =E9*(1+'Rhaniad y Ddeiliadaeth (Cymru)'!E$109)+(E$44*(-(50-$B9)*('Rhaniad y Ddeiliadaeth (Cymru)'!E$110/40))) -> 13768.182 | G9: =F9*(1+'Rhaniad y Ddeiliadaeth (Cymru)'!F$109)+(F$44*(-(50-$B9)*('Rhaniad y Ddeiliadaeth (Cymru)'!F$110/40))) -> 14030.896 | H9: =G9*(1+'Rhaniad y Ddeiliadaeth (Cymru)'!G$109)+(G$44*(-(50-$B9)*('Rhaniad y Ddeiliadaeth (Cymru)'!G$110/40))) -> 14307.858 | J9: =IF(J4="","Os hoffech ddefnyddio data eich hunain ar gyfer dosbarthiad incwm, newidwch eich dewislen.","") -> Os hoffech ddefnyddio data eich hunain ar gyfer dosbarthiad incwm, newidwch eich dewislen. | L9: =IF(ISBLANK($K$4),"",B9) | N9: =IF(ISBLANK(M9),1,0) -> 1 | T9: =B9 -> 15 | U9: =IF($M$3=$U$3,M9,"") | V9: =IF($V$3=$M$3,M9,U9*(1+'Rhaniad y Ddeiliadaeth (Cymru)'!C$109)+(U$44*(-(50-$T9)*('Rhaniad y Ddeiliadaeth (Cymru)'!C$110/40)))) -> #VALUE! | W9: =V9*(1+'Rhaniad y Ddeiliadaeth (Cymru)'!D$109)+(V$44*(-(50-$T9)*('Rhaniad y Ddeiliadaeth (Cymru)'!D$110/40))) -> #VALUE! | X9: =W9*(1+'Rhaniad y Ddeiliadaeth (Cymru)'!E$109)+(W$44*(-(50-$T9)*('Rhaniad y Ddeiliadaeth (Cymru)'!E$110/40))) -> #VALUE! | Y9: =X9*(1+'Rhaniad y Ddeiliadaeth (Cymru)'!F$109)+(X$44*(-(50-$T9)*('Rhaniad y Ddeiliadaeth (Cymru)'!F$110/40))) -> #VALUE! | Z9: =Y9*(1+'Rhaniad y Ddeiliadaeth (Cymru)'!G$109)+(Y$44*(-(50-$T9)*('Rhaniad y Ddeiliadaeth (Cymru)'!G$110/40))) -> #VALUE! | AB9: 15 | AC9: =IF('Rhaniad y Ddeiliadaeth (Cymru)'!$D$8="Amcangyfrifon LlC",'Incwm (Cymru)'!D9,'Incwm (Cymru)'!V9) -> 13451.433 | AD9: =IF('Rhaniad y Ddeiliadaeth (Cymru)'!$D$8="Amcangyfrifon LlC",'Incwm (Cymru)'!E9,'Incwm (Cymru)'!W9) -> 13563.284 | AE9: =IF('Rhaniad y Ddeiliadaeth (Cymru)'!$D$8="Amcangyfrifon LlC",'Incwm (Cymru)'!F9,'Incwm (Cymru)'!X9) -> 13768.182 | AF9: =IF('Rhaniad y Ddeiliadaeth (Cymru)'!$D$8="Amcangyfrifon LlC",'Incwm (Cymru)'!G9,'Incwm (Cymru)'!Y9) -> 14030.896 | AG9: =IF('Rhaniad y Ddeiliadaeth (Cymru)'!$D$8="Amcangyfrifon LlC",'Incwm (Cymru)'!H9,'Incwm (Cymru)'!Z9) -> 14307.858
B10: 16 | C10: 13605.1 | D10: =C10*(1+'Rhaniad y Ddeiliadaeth (Cymru)'!C$109)+(C$44*(-(50-$B10)*('Rhaniad y Ddeiliadaeth (Cymru)'!C$110/40))) -> 13866.864 | E10: =D10*(1+'Rhaniad y Ddeiliadaeth (Cymru)'!D$109)+(D$44*(-(50-$B10)*('Rhaniad y Ddeiliadaeth (Cymru)'!D$110/40))) -> 13996.082 | F10: =E10*(1+'Rhaniad y Ddeiliadaeth (Cymru)'!E$109)+(E$44*(-(50-$B10)*('Rhaniad y Ddeiliadaeth (Cymru)'!E$110/40))) -> 14222.035 | G10: =F10*(1+'Rhaniad y Ddeiliadaeth (Cymru)'!F$109)+(F$44*(-(50-$B10)*('Rhaniad y Ddeiliadaeth (Cymru)'!F$110/40))) -> 14508.663 | H10: =G10*(1+'Rhaniad y Ddeiliadaeth (Cymru)'!G$109)+(G$44*(-(50-$B10)*('Rhaniad y Ddeiliadaeth (Cymru)'!G$110/40))) -> 14811.156 | L10: =IF(ISBLANK($K$4),"",B10) | N10: =IF(ISBLANK(M10),1,0) -> 1 | T10: =B10 -> 16 | U10: =IF($M$3=$U$3,M10,"") | V10: =IF($V$3=$M$3,M10,U10*(1+'Rhaniad y Ddeiliadaeth (Cymru)'!C$109)+(U$44*(-(50-$T10)*('Rhaniad y Ddeiliadaeth (Cymru)'!C$110/40)))) -> #VALUE! | W10: =V10*(1+'Rhaniad y Ddeiliadaeth (Cymru)'!D$109)+(V$44*(-(50-$T10)*('Rhaniad y Ddeiliadaeth (Cymru)'!D$110/40))) -> #VALUE! | X10: =W10*(1+'Rhaniad y Ddeiliadaeth (Cymru)'!E$109)+(W$44*(-(50-$T10)*('Rhaniad y Ddeiliadaeth (Cymru)'!E$110/40))) -> #VALUE! | Y10: =X10*(1+'Rhaniad y Ddeiliadaeth (Cymru)'!F$109)+(X$44*(-(50-$T10)*('Rhaniad y Ddeiliadaeth (Cymru)'!F$110/40))) -> #VALUE! | Z10: =Y10*(1+'Rhaniad y Ddeiliadaeth (Cymru)'!G$109)+(Y$44*(-(50-$T10)*('Rhaniad y Ddeiliadaeth (Cymru)'!G$110/40))) -> #VALUE! | AB10: 16 | AC10: =IF('Rhaniad y Ddeiliadaeth (Cymru)'!$D$8="Amcangyfrifon LlC",'Incwm (Cymru)'!D10,'Incwm (Cymru)'!V10) -> 13866.864 | AD10: =IF('Rhaniad y Ddeiliadaeth (Cymru)'!$D$8="Amcangyfrifon LlC",'Incwm (Cymru)'!E10,'Incwm (Cymru)'!W10) -> 13996.082 | AE10: =IF('Rhaniad y Ddeiliadaeth (Cymru)'!$D$8="Amcangyfrifon LlC",'Incwm (Cymru)'!F10,'Incwm (Cymru)'!X10) -> 14222.035 | AF10: =IF('Rhaniad y Ddeiliadaeth (Cymru)'!$D$8="Amcangyfrifon LlC",'Incwm (Cymru)'!G10,'Incwm (Cymru)'!Y10) -> 14508.663 | AG10: =IF('Rhaniad y Ddeiliadaeth (Cymru)'!$D$8="Amcangyfrifon LlC",'Incwm (Cymru)'!H10,'Incwm (Cymru)'!Z10) -> 14811.156
B11: 17 | C11: 13977.5 | D11: =C11*(1+'Rhaniad y Ddeiliadaeth (Cymru)'!C$109)+(C$44*(-(50-$B11)*('Rhaniad y Ddeiliadaeth (Cymru)'!C$110/40))) -> 14258.896 | E11: =D11*(1+'Rhaniad y Ddeiliadaeth (Cymru)'!D$109)+(D$44*(-(50-$B11)*('Rhaniad y Ddeiliadaeth (Cymru)'!D$110/40))) -> 14404.879 | F11: =E11*(1+'Rhaniad y Ddeiliadaeth (Cymru)'!E$109)+(E$44*(-(50-$B11)*('Rhaniad y Ddeiliadaeth (Cymru)'!E$110/40))) -> 14651.1 | G11: =F11*(1+'Rhaniad y Ddeiliadaeth (Cymru)'!F$109)+(F$44*(-(50-$B11)*('Rhaniad y Ddeiliadaeth (Cymru)'!F$110/40))) -> 14960.722 | H11: =G11*(1+'Rhaniad y Ddeiliadaeth (Cymru)'!G$109)+(G$44*(-(50-$B11)*('Rhaniad y Ddeiliadaeth (Cymru)'!G$110/40))) -> 15287.767 | L11: =IF(ISBLANK($K$4),"",B11) | N11: =IF(ISBLANK(M11),1,0) -> 1 | T11: =B11 -> 17 | U11: =IF($M$3=$U$3,M11,"") | V11: =IF($V$3=$M$3,M11,U11*(1+'Rhaniad y Ddeiliadaeth (Cymru)'!C$109)+(U$44*(-(50-$T11)*('Rhaniad y Ddeiliadaeth (Cymru)'!C$110/40)))) -> #VALUE! | W11: =V11*(1+'Rhaniad y Ddeiliadaeth (Cymru)'!D$109)+(V$44*(-(50-$T11)*('Rhaniad y Ddeiliadaeth (Cymru)'!D$110/40))) -> #VALUE! | X11: =W11*(1+'Rhaniad y Ddeiliadaeth (Cymru)'!E$109)+(W$44*(-(50-$T11)*('Rhaniad y Ddeiliadaeth (Cymru)'!E$110/40))) -> #VALUE! | Y11: =X11*(1+'Rhaniad y Ddeiliadaeth (Cymru)'!F$109)+(X$44*(-(50-$T11)*('Rhaniad y Ddeiliadaeth (Cymru)'!F$110/40))) -> #VALUE! | Z11: =Y11*(1+'Rhaniad y Ddeiliadaeth (Cymru)'!G$109)+(Y$44*(-(50-$T11)*('Rhaniad y Ddeiliadaeth (Cymru)'!G$110/40))) -> #VALUE! | AB11: 17 | AC11: =IF('Rhaniad y Ddeiliadaeth (Cymru)'!$D$8="Amcangyfrifon LlC",'Incwm (Cymru)'!D11,'Incwm (Cymru)'!V11) -> 14258.896 | AD11: =IF('Rhaniad y Ddeiliadaeth (Cymru)'!$D$8="Amcangyfrifon LlC",'Incwm (Cymru)'!E11,'Incwm (Cymru)'!W11) -> 14404.879 | AE11: =IF('Rhaniad y Ddeiliadaeth (Cymru)'!$D$8="Amcangyfrifon LlC",'Incwm (Cymru)'!F11,'Incwm (Cymru)'!X11) -> 14651.1 | AF11: =IF('Rhaniad y Ddeiliadaeth (Cymru)'!$D$8="Amcangyfrifon LlC",'Incwm (Cymru)'!G11,'Incwm (Cymru)'!Y11) -> 14960.722 | AG11: =IF('Rhaniad y Ddeiliadaeth (Cymru)'!$D$8="Amcangyfrifon LlC",'Incwm (Cymru)'!H11,'Incwm (Cymru)'!Z11) -> 15287.767
B12: 18 | C12: 14242.75 | D12: =C12*(1+'Rhaniad y Ddeiliadaeth (Cymru)'!C$109)+(C$44*(-(50-$B12)*('Rhaniad y Ddeiliadaeth (Cymru)'!C$110/40))) -> 14539.987 | E12: =D12*(1+'Rhaniad y Ddeiliadaeth (Cymru)'!D$109)+(D$44*(-(50-$B12)*('Rhaniad y Ddeiliadaeth (Cymru)'!D$110/40))) -> 14699.883 | F12: =E12*(1+'Rhaniad y Ddeiliadaeth (Cymru)'!E$109)+(E$44*(-(50-$B12)*('Rhaniad y Ddeiliadaeth (Cymru)'!E$110/40))) -> 14962.639 | G12: =F12*(1+'Rhaniad y Ddeiliadaeth (Cymru)'!F$109)+(F$44*(-(50-$B12)*('Rhaniad y Ddeiliadaeth (Cymru)'!F$110/40))) -> 15290.898 | H12: =G12*(1+'Rhaniad y Ddeiliadaeth (Cymru)'!G$109)+(G$44*(-(50-$B12)*('Rhaniad y Ddeiliadaeth (Cymru)'!G$110/40))) -> 15637.854 | L12: =IF(ISBLANK($K$4),"",B12) | N12: =IF(ISBLANK(M12),1,0) -> 1 | T12: =B12 -> 18 | U12: =IF($M$3=$U$3,M12,"") | V12: =IF($V$3=$M$3,M12,U12*(1+'Rhaniad y Ddeiliadaeth (Cymru)'!C$109)+(U$44*(-(50-$T12)*('Rhaniad y Ddeiliadaeth (Cymru)'!C$110/40)))) -> #VALUE! | W12: =V12*(1+'Rhaniad y Ddeiliadaeth (Cymru)'!D$109)+(V$44*(-(50-$T12)*('Rhaniad y Ddeiliadaeth (Cymru)'!D$110/40))) -> #VALUE! | X12: =W12*(1+'Rhaniad y Ddeiliadaeth (Cymru)'!E$109)+(W$44*(-(50-$T12)*('Rhaniad y Ddeiliadaeth (Cymru)'!E$110/40))) -> #VALUE! | Y12: =X12*(1+'Rhaniad y Ddeiliadaeth (Cymru)'!F$109)+(X$44*(-(50-$T12)*('Rhaniad y Ddeiliadaeth (Cymru)'!F$110/40))) -> #VALUE! | Z12: =Y12*(1+'Rhaniad y Ddeiliadaeth (Cymru)'!G$109)+(Y$44*(-(50-$T12)*('Rhaniad y Ddeiliadaeth (Cymru)'!G$110/40))) -> #VALUE! | AB12: 18 | AC12: =IF('Rhaniad y Ddeiliadaeth (Cymru)'!$D$8="Amcangyfrifon LlC",'Incwm (Cymru)'!D12,'Incwm (Cymru)'!V12) -> 14539.987 | AD12: =IF('Rhaniad y Ddeiliadaeth (Cymru)'!$D$8="Amcangyfrifon LlC",'Incwm (Cymru)'!E12,'Incwm (Cymru)'!W12) -> 14699.883 | AE12: =IF('Rhaniad y Ddeiliadaeth (Cymru)'!$D$8="Amcangyfrifon LlC",'Incwm (Cymru)'!F12,'Incwm (Cymru)'!X12) -> 14962.639 | AF12: =IF('Rhaniad y Ddeiliadaeth (Cymru)'!$D$8="Amcangyfrifon LlC",'Incwm (Cymru)'!G12,'Incwm (Cymru)'!Y12) -> 15290.898 | AG12: =IF('Rhaniad y Ddeiliadaeth (Cymru)'!$D$8="Amcangyfrifon LlC",'Incwm (Cymru)'!H12,'Incwm (Cymru)'!Z12) -> 15637.854
B13: 19 | C13: 14642.5 | D13: =C13*(1+'Rhaniad y Ddeiliadaeth (Cymru)'!C$109)+(C$44*(-(50-$B13)*('Rhaniad y Ddeiliadaeth (Cymru)'!C$110/40))) -> 14960.336 | E13: =D13*(1+'Rhaniad y Ddeiliadaeth (Cymru)'!D$109)+(D$44*(-(50-$B13)*('Rhaniad y Ddeiliadaeth (Cymru)'!D$110/40))) -> 15137.726 | F13: =E13*(1+'Rhaniad y Ddeiliadaeth (Cymru)'!E$109)+(E$44*(-(50-$B13)*('Rhaniad y Ddeiliadaeth (Cymru)'!E$110/40))) -> 15421.702 | G13: =F13*(1+'Rhaniad y Ddeiliadaeth (Cymru)'!F$109)+(F$44*(-(50-$B13)*('Rhaniad y Ddeiliadaeth (Cymru)'!F$110/40))) -> 15774.068 | H13: =G13*(1+'Rhaniad y Ddeiliadaeth (Cymru)'!G$109)+(G$44*(-(50-$B13)*('Rhaniad y Ddeiliadaeth (Cymru)'!G$110/40))) -> 16146.761 | L13: =IF(ISBLANK($K$4),"",B13) | N13: =IF(ISBLANK(M13),1,0) -> 1 | T13: =B13 -> 19 | U13: =IF($M$3=$U$3,M13,"") | V13: =IF($V$3=$M$3,M13,U13*(1+'Rhaniad y Ddeiliadaeth (Cymru)'!C$109)+(U$44*(-(50-$T13)*('Rhaniad y Ddeiliadaeth (Cymru)'!C$110/40)))) -> #VALUE! | W13: =V13*(1+'Rhaniad y Ddeiliadaeth (Cymru)'!D$109)+(V$44*(-(50-$T13)*('Rhaniad y Ddeiliadaeth (Cymru)'!D$110/40))) -> #VALUE! | X13: =W13*(1+'Rhaniad y Ddeiliadaeth (Cymru)'!E$109)+(W$44*(-(50-$T13)*('Rhaniad y Ddeiliadaeth (Cymru)'!E$110/40))) -> #VALUE! | Y13: =X13*(1+'Rhaniad y Ddeiliadaeth (Cymru)'!F$109)+(X$44*(-(50-$T13)*('Rhaniad y Ddeiliadaeth (Cymru)'!F$110/40))) -> #VALUE! | Z13: =Y13*(1+'Rhaniad y Ddeiliadaeth (Cymru)'!G$109)+(Y$44*(-(50-$T13)*('Rhaniad y Ddeiliadaeth (Cymru)'!G$110/40))) -> #VALUE! | AB13: 19 | AC13: =IF('Rhaniad y Ddeiliadaeth (Cymru)'!$D$8="Amcangyfrifon LlC",'Incwm (Cymru)'!D13,'Incwm (Cymru)'!V13) -> 14960.336 | AD13: =IF('Rhaniad y Ddeiliadaeth (Cymru)'!$D$8="Amcangyfrifon LlC",'Incwm (Cymru)'!E13,'Incwm (Cymru)'!W13) -> 15137.726 | AE13: =IF('Rhaniad y Ddeiliadaeth (Cymru)'!$D$8="Amcangyfrifon LlC",'Incwm (Cymru)'!F13,'Incwm (Cymru)'!X13) -> 15421.702 | AF13: =IF('Rhaniad y Ddeiliadaeth (Cymru)'!$D$8="Amcangyfrifon LlC",'Incwm (Cymru)'!G13,'Incwm (Cymru)'!Y13) -> 15774.068 | AG13: =IF('Rhaniad y Ddeiliadaeth (Cymru)'!$D$8="Amcangyfrifon LlC",'Incwm (Cymru)'!H13,'Incwm (Cymru)'!Z13) -> 16146.761
B14: 20 | C14: 14900 | D14: =C14*(1+'Rhaniad y Ddeiliadaeth (Cymru)'!C$109)+(C$44*(-(50-$B14)*('Rhaniad y Ddeiliadaeth (Cymru)'!C$110/40))) -> 15233.403 | E14: =D14*(1+'Rhaniad y Ddeiliadaeth (Cymru)'!D$109)+(D$44*(-(50-$B14)*('Rhaniad y Ddeiliadaeth (Cymru)'!D$110/40))) -> 15424.5 | F14: =E14*(1+'Rhaniad y Ddeiliadaeth (Cymru)'!E$109)+(E$44*(-(50-$B14)*('Rhaniad y Ddeiliadaeth (Cymru)'!E$110/40))) -> 15724.74 | G14: =F14*(1+'Rhaniad y Ddeiliadaeth (Cymru)'!F$109)+(F$44*(-(50-$B14)*('Rhaniad y Ddeiliadaeth (Cymru)'!F$110/40))) -> 16095.427 | H14: =G14*(1+'Rhaniad y Ddeiliadaeth (Cymru)'!G$109)+(G$44*(-(50-$B14)*('Rhaniad y Ddeiliadaeth (Cymru)'!G$110/40))) -> 16487.697 | L14: =IF(ISBLANK($K$4),"",B14) | N14: =IF(ISBLANK(M14),1,0) -> 1 | T14: =B14 -> 20 | U14: =IF($M$3=$U$3,M14,"") | V14: =IF($V$3=$M$3,M14,U14*(1+'Rhaniad y Ddeiliadaeth (Cymru)'!C$109)+(U$44*(-(50-$T14)*('Rhaniad y Ddeiliadaeth (Cymru)'!C$110/40)))) -> #VALUE! | W14: =V14*(1+'Rhaniad y Ddeiliadaeth (Cymru)'!D$109)+(V$44*(-(50-$T14)*('Rhaniad y Ddeiliadaeth (Cymru)'!D$110/40))) -> #VALUE! | X14: =W14*(1+'Rhaniad y Ddeiliadaeth (Cymru)'!E$109)+(W$44*(-(50-$T14)*('Rhaniad y Ddeiliadaeth (Cymru)'!E$110/40))) -> #VALUE! | Y14: =X14*(1+'Rhaniad y Ddeiliadaeth (Cymru)'!F$109)+(X$44*(-(50-$T14)*('Rhaniad y Ddeiliadaeth (Cymru)'!F$110/40))) -> #VALUE! | Z14: =Y14*(1+'Rhaniad y Ddeiliadaeth (Cymru)'!G$109)+(Y$44*(-(50-$T14)*('Rhaniad y Ddeiliadaeth (Cymru)'!G$110/40))) -> #VALUE! | AB14: 20 | AC14: =IF('Rhaniad y Ddeiliadaeth (Cymru)'!$D$8="Amcangyfrifon LlC",'Incwm (Cymru)'!D14,'Incwm (Cymru)'!V14) -> 15233.403 | AD14: =IF('Rhaniad y Ddeiliadaeth (Cymru)'!$D$8="Amcangyfrifon LlC",'Incwm (Cymru)'!E14,'Incwm (Cymru)'!W14) -> 15424.5 | AE14: =IF('Rhaniad y Ddeiliadaeth (Cymru)'!$D$8="Amcangyfrifon LlC",'Incwm (Cymru)'!F14,'Incwm (Cymru)'!X14) -> 15724.74 | AF14: =IF('Rhaniad y Ddeiliadaeth (Cymru)'!$D$8="Amcangyfrifon LlC",'Incwm (Cymru)'!G14,'Incwm (Cymru)'!Y14) -> 16095.427 | AG14: =IF('Rhaniad y Ddeiliadaeth (Cymru)'!$D$8="Amcangyfrifon LlC",'Incwm (Cymru)'!H14,'Incwm (Cymru)'!Z14) -> 16487.697
B15: 21 | C15: 14970.1 | D15: =C15*(1+'Rhaniad y Ddeiliadaeth (Cymru)'!C$109)+(C$44*(-(50-$B15)*('Rhaniad y Ddeiliadaeth (Cymru)'!C$110/40))) -> 15312.441 | E15: =D15*(1+'Rhaniad y Ddeiliadaeth (Cymru)'!D$109)+(D$44*(-(50-$B15)*('Rhaniad y Ddeiliadaeth (Cymru)'!D$110/40))) -> 15512.255 | F15: =E15*(1+'Rhaniad y Ddeiliadaeth (Cymru)'!E$109)+(E$44*(-(50-$B15)*('Rhaniad y Ddeiliadaeth (Cymru)'!E$110/40))) -> 15822.232 | G15: =F15*(1+'Rhaniad y Ddeiliadaeth (Cymru)'!F$109)+(F$44*(-(50-$B15)*('Rhaniad y Ddeiliadaeth (Cymru)'!F$110/40))) -> 16203.617 | H15: =G15*(1+'Rhaniad y Ddeiliadaeth (Cymru)'!G$109)+(G$44*(-(50-$B15)*('Rhaniad y Ddeiliadaeth (Cymru)'!G$110/40))) -> 16607.35 | L15: =IF(ISBLANK($K$4),"",B15) | N15: =IF(ISBLANK(M15),1,0) -> 1 | T15: =B15 -> 21 | U15: =IF($M$3=$U$3,M15,"") | V15: =IF($V$3=$M$3,M15,U15*(1+'Rhaniad y Ddeiliadaeth (Cymru)'!C$109)+(U$44*(-(50-$T15)*('Rhaniad y Ddeiliadaeth (Cymru)'!C$110/40)))) -> #VALUE! | W15: =V15*(1+'Rhaniad y Ddeiliadaeth (Cymru)'!D$109)+(V$44*(-(50-$T15)*('Rhaniad y Ddeiliadaeth (Cymru)'!D$110/40))) -> #VALUE! | X15: =W15*(1+'Rhaniad y Ddeiliadaeth (Cymru)'!E$109)+(W$44*(-(50-$T15)*('Rhaniad y Ddeiliadaeth (Cymru)'!E$110/40))) -> #VALUE! | Y15: =X15*(1+'Rhaniad y Ddeiliadaeth (Cymru)'!F$109)+(X$44*(-(50-$T15)*('Rhaniad y Ddeiliadaeth (Cymru)'!F$110/40))) -> #VALUE! | Z15: =Y15*(1+'Rhaniad y Ddeiliadaeth (Cymru)'!G$109)+(Y$44*(-(50-$T15)*('Rhaniad y Ddeiliadaeth (Cymru)'!G$110/40))) -> #VALUE! | AB15: 21 | AC15: =IF('Rhaniad y Ddeiliadaeth (Cymru)'!$D$8="Amcangyfrifon LlC",'Incwm (Cymru)'!D15,'Incwm (Cymru)'!V15) -> 15312.441 | AD15: =IF('Rhaniad y Ddeiliadaeth (Cymru)'!$D$8="Amcangyfrifon LlC",'Incwm (Cymru)'!E15,'Incwm (Cymru)'!W15) -> 15512.255 | AE15: =IF('Rhaniad y Ddeiliadaeth (Cymru)'!$D$8="Amcangyfrifon LlC",'Incwm (Cymru)'!F15,'Incwm (Cymru)'!X15) -> 15822.232 | AF15: =IF('Rhaniad y Ddeiliadaeth (Cymru)'!$D$8="Amcangyfrifon LlC",'Incwm (Cymru)'!G15,'Incwm (Cymru)'!Y15) -> 16203.617 | AG15: =IF('Rhaniad y Ddeiliadaeth (Cymru)'!$D$8="Amcangyfrifon LlC",'Incwm (Cymru)'!H15,'Incwm (Cymru)'!Z15) -> 16607.35
B16: 22 | C16: 15070.1 | D16: =C16*(1+'Rhaniad y Ddeiliadaeth (Cymru)'!C$109)+(C$44*(-(50-$B16)*('Rhaniad y Ddeiliadaeth (Cymru)'!C$110/40))) -> 15422.436 | E16: =D16*(1+'Rhaniad y Ddeiliadaeth (Cymru)'!D$109)+(D$44*(-(50-$B16)*('Rhaniad y Ddeiliadaeth (Cymru)'!D$110/40))) -> 15631.764 | F16: =E16*(1+'Rhaniad y Ddeiliadaeth (Cymru)'!E$109)+(E$44*(-(50-$B16)*('Rhaniad y Ddeiliadaeth (Cymru)'!E$110/40))) -> 15952.518 | G16: =F16*(1+'Rhaniad y Ddeiliadaeth (Cymru)'!F$109)+(F$44*(-(50-$B16)*('Rhaniad y Ddeiliadaeth (Cymru)'!F$110/40))) -> 16345.818 | H16: =G16*(1+'Rhaniad y Ddeiliadaeth (Cymru)'!G$109)+(G$44*(-(50-$B16)*('Rhaniad y Ddeiliadaeth (Cymru)'!G$110/40))) -> 16762.309 | L16: =IF(ISBLANK($K$4),"",B16) | N16: =IF(ISBLANK(M16),1,0) -> 1 | T16: =B16 -> 22 | U16: =IF($M$3=$U$3,M16,"") | V16: =IF($V$3=$M$3,M16,U16*(1+'Rhaniad y Ddeiliadaeth (Cymru)'!C$109)+(U$44*(-(50-$T16)*('Rhaniad y Ddeiliadaeth (Cymru)'!C$110/40)))) -> #VALUE! | W16: =V16*(1+'Rhaniad y Ddeiliadaeth (Cymru)'!D$109)+(V$44*(-(50-$T16)*('Rhaniad y Ddeiliadaeth (Cymru)'!D$110/40))) -> #VALUE! | X16: =W16*(1+'Rhaniad y Ddeiliadaeth (Cymru)'!E$109)+(W$44*(-(50-$T16)*('Rhaniad y Ddeiliadaeth (Cymru)'!E$110/40))) -> #VALUE! | Y16: =X16*(1+'Rhaniad y Ddeiliadaeth (Cymru)'!F$109)+(X$44*(-(50-$T16)*('Rhaniad y Ddeiliadaeth (Cymru)'!F$110/40))) -> #VALUE! | Z16: =Y16*(1+'Rhaniad y Ddeiliadaeth (Cymru)'!G$109)+(Y$44*(-(50-$T16)*('Rhaniad y Ddeiliadaeth (Cymru)'!G$110/40))) -> #VALUE! | AB16: 22 | AC16: =IF('Rhaniad y Ddeiliadaeth (Cymru)'!$D$8="Amcangyfrifon LlC",'Incwm (Cymru)'!D16,'Incwm (Cymru)'!V16) -> 15422.436 | AD16: =IF('Rhaniad y Ddeiliadaeth (Cymru)'!$D$8="Amcangyfrifon LlC",'Incwm (Cymru)'!E16,'Incwm (Cymru)'!W16) -> 15631.764 | AE16: =IF('Rhaniad y Ddeiliadaeth (Cymru)'!$D$8="Amcangyfrifon LlC",'Incwm (Cymru)'!F16,'Incwm (Cymru)'!X16) -> 15952.518 | AF16: =IF('Rhaniad y Ddeiliadaeth (Cymru)'!$D$8="Amcangyfrifon LlC",'Incwm (Cymru)'!G16,'Incwm (Cymru)'!Y16) -> 16345.818 | AG16: =IF('Rhaniad y Ddeiliadaeth (Cymru)'!$D$8="Amcangyfrifon LlC",'Incwm (Cymru)'!H16,'Incwm (Cymru)'!Z16) -> 16762.309
B17: 23 | C17: 15280 | D17: =C17*(1+'Rhaniad y Ddeiliadaeth (Cymru)'!C$109)+(C$44*(-(50-$B17)*('Rhaniad y Ddeiliadaeth (Cymru)'!C$110/40))) -> 15646.219 | E17: =D17*(1+'Rhaniad y Ddeiliadaeth (Cymru)'!D$109)+(D$44*(-(50-$B17)*('Rhaniad y Ddeiliadaeth (Cymru)'!D$110/40))) -> 15867.986 | F17: =E17*(1+'Rhaniad y Ddeiliadaeth (Cymru)'!E$109)+(E$44*(-(50-$B17)*('Rhaniad y Ddeiliadaeth (Cymru)'!E$110/40))) -> 16203.347 | G17: =F17*(1+'Rhaniad y Ddeiliadaeth (Cymru)'!F$109)+(F$44*(-(50-$B17)*('Rhaniad y Ddeiliadaeth (Cymru)'!F$110/40))) -> 16613.032 | H17: =G17*(1+'Rhaniad y Ddeiliadaeth (Cymru)'!G$109)+(G$44*(-(50-$B17)*('Rhaniad y Ddeiliadaeth (Cymru)'!G$110/40))) -> 17047.039 | L17: =IF(ISBLANK($K$4),"",B17) | N17: =IF(ISBLANK(M17),1,0) -> 1 | T17: =B17 -> 23 | U17: =IF($M$3=$U$3,M17,"") | V17: =IF($V$3=$M$3,M17,U17*(1+'Rhaniad y Ddeiliadaeth (Cymru)'!C$109)+(U$44*(-(50-$T17)*('Rhaniad y Ddeiliadaeth (Cymru)'!C$110/40)))) -> #VALUE! | W17: =V17*(1+'Rhaniad y Ddeiliadaeth (Cymru)'!D$109)+(V$44*(-(50-$T17)*('Rhaniad y Ddeiliadaeth (Cymru)'!D$110/40))) -> #VALUE! | X17: =W17*(1+'Rhaniad y Ddeiliadaeth (Cymru)'!E$109)+(W$44*(-(50-$T17)*('Rhaniad y Ddeiliadaeth (Cymru)'!E$110/40))) -> #VALUE! | Y17: =X17*(1+'Rhaniad y Ddeiliadaeth (Cymru)'!F$109)+(X$44*(-(50-$T17)*('Rhaniad y Ddeiliadaeth (Cymru)'!F$110/40))) -> #VALUE! | Z17: =Y17*(1+'Rhaniad y Ddeiliadaeth (Cymru)'!G$109)+(Y$44*(-(50-$T17)*('Rhaniad y Ddeiliadaeth (Cymru)'!G$110/40))) -> #VALUE! | AB17: 23 | AC17: =IF('Rhaniad y Ddeiliadaeth (Cymru)'!$D$8="Amcangyfrifon LlC",'Incwm (Cymru)'!D17,'Incwm (Cymru)'!V17) -> 15646.219 | AD17: =IF('Rhaniad y Ddeiliadaeth (Cymru)'!$D$8="Amcangyfrifon LlC",'Incwm (Cymru)'!E17,'Incwm (Cymru)'!W17) -> 15867.986 | AE17: =IF('Rhaniad y Ddeiliadaeth (Cymru)'!$D$8="Amcangyfrifon LlC",'Incwm (Cymru)'!F17,'Incwm (Cymru)'!X17) -> 16203.347 | AF17: =IF('Rhaniad y Ddeiliadaeth (Cymru)'!$D$8="Amcangyfrifon LlC",'Incwm (Cymru)'!G17,'Incwm (Cymru)'!Y17) -> 16613.032 | AG17: =IF('Rhaniad y Ddeiliadaeth (Cymru)'!$D$8="Amcangyfrifon LlC",'Incwm (Cymru)'!H17,'Incwm (Cymru)'!Z17) -> 17047.039
B18: 24 | C18: 15600 | D18: =C18*(1+'Rhaniad y Ddeiliadaeth (Cymru)'!C$109)+(C$44*(-(50-$B18)*('Rhaniad y Ddeiliadaeth (Cymru)'!C$110/40))) -> 15983.997 | E18: =D18*(1+'Rhaniad y Ddeiliadaeth (Cymru)'!D$109)+(D$44*(-(50-$B18)*('Rhaniad y Ddeiliadaeth (Cymru)'!D$110/40))) -> 16221.135 | F18: =E18*(1+'Rhaniad y Ddeiliadaeth (Cymru)'!E$109)+(E$44*(-(50-$B18)*('Rhaniad y Ddeiliadaeth (Cymru)'!E$110/40))) -> 16574.938 | G18: =F18*(1+'Rhaniad y Ddeiliadaeth (Cymru)'!F$109)+(F$44*(-(50-$B18)*('Rhaniad y Ddeiliadaeth (Cymru)'!F$110/40))) -> 17005.486 | H18: =G18*(1+'Rhaniad y Ddeiliadaeth (Cymru)'!G$109)+(G$44*(-(50-$B18)*('Rhaniad y Ddeiliadaeth (Cymru)'!G$110/40))) -> 17461.775 | L18: =IF(ISBLANK($K$4),"",B18) | N18: =IF(ISBLANK(M18),1,0) -> 1 | T18: =B18 -> 24 | U18: =IF($M$3=$U$3,M18,"") | V18: =IF($V$3=$M$3,M18,U18*(1+'Rhaniad y Ddeiliadaeth (Cymru)'!C$109)+(U$44*(-(50-$T18)*('Rhaniad y Ddeiliadaeth (Cymru)'!C$110/40)))) -> #VALUE! | W18: =V18*(1+'Rhaniad y Ddeiliadaeth (Cymru)'!D$109)+(V$44*(-(50-$T18)*('Rhaniad y Ddeiliadaeth (Cymru)'!D$110/40))) -> #VALUE! | X18: =W18*(1+'Rhaniad y Ddeiliadaeth (Cymru)'!E$109)+(W$44*(-(50-$T18)*('Rhaniad y Ddeiliadaeth (Cymru)'!E$110/40))) -> #VALUE! | Y18: =X18*(1+'Rhaniad y Ddeiliadaeth (Cymru)'!F$109)+(X$44*(-(50-$T18)*('Rhaniad y Ddeiliadaeth (Cymru)'!F$110/40))) -> #VALUE! | Z18: =Y18*(1+'Rhaniad y Ddeiliadaeth (Cymru)'!G$109)+(Y$44*(-(50-$T18)*('Rhaniad y Ddeiliadaeth (Cymru)'!G$110/40))) -> #VALUE! | AB18: 24 | AC18: =IF('Rhaniad y Ddeiliadaeth (Cymru)'!$D$8="Amcangyfrifon LlC",'Incwm (Cymru)'!D18,'Incwm (Cymru)'!V18) -> 15983.997 | AD18: =IF('Rhaniad y Ddeiliadaeth (Cymru)'!$D$8="Amcangyfrifon LlC",'Incwm (Cymru)'!E18,'Incwm (Cymru)'!W18) -> 16221.135 | AE18: =IF('Rhaniad y Ddeiliadaeth (Cymru)'!$D$8="Amcangyfrifon LlC",'Incwm (Cymru)'!F18,'Incwm (Cymru)'!X18) -> 16574.938 | AF18: =IF('Rhaniad y Ddeiliadaeth (Cymru)'!$D$8="Amcangyfrifon LlC",'Incwm (Cymru)'!G18,'Incwm (Cymru)'!Y18) -> 17005.486 | AG18: =IF('Rhaniad y Ddeiliadaeth (Cymru)'!$D$8="Amcangyfrifon LlC",'Incwm (Cymru)'!H18,'Incwm (Cymru)'!Z18) -> 17461.775
B19: 25 | C19: 15838 | D19: =C19*(1+'Rhaniad y Ddeiliadaeth (Cymru)'!C$109)+(C$44*(-(50-$B19)*('Rhaniad y Ddeiliadaeth (Cymru)'!C$110/40))) -> 16236.874 | E19: =D19*(1+'Rhaniad y Ddeiliadaeth (Cymru)'!D$109)+(D$44*(-(50-$B19)*('Rhaniad y Ddeiliadaeth (Cymru)'!D$110/40))) -> 16487.199 | F19: =E19*(1+'Rhaniad y Ddeiliadaeth (Cymru)'!E$109)+(E$44*(-(50-$B19)*('Rhaniad y Ddeiliadaeth (Cymru)'!E$110/40))) -> 16856.588 | G19: =F19*(1+'Rhaniad y Ddeiliadaeth (Cymru)'!F$109)+(F$44*(-(50-$B19)*('Rhaniad y Ddeiliadaeth (Cymru)'!F$110/40))) -> 17304.664 | H19: =G19*(1+'Rhaniad y Ddeiliadaeth (Cymru)'!G$109)+(G$44*(-(50-$B19)*('Rhaniad y Ddeiliadaeth (Cymru)'!G$110/40))) -> 17779.686 | L19: =IF(ISBLANK($K$4),"",B19) | N19: =IF(ISBLANK(M19),1,0) -> 1 | T19: =B19 -> 25 | U19: =IF($M$3=$U$3,M19,"") | V19: =IF($V$3=$M$3,M19,U19*(1+'Rhaniad y Ddeiliadaeth (Cymru)'!C$109)+(U$44*(-(50-$T19)*('Rhaniad y Ddeiliadaeth (Cymru)'!C$110/40)))) -> #VALUE! | W19: =V19*(1+'Rhaniad y Ddeiliadaeth (Cymru)'!D$109)+(V$44*(-(50-$T19)*('Rhaniad y Ddeiliadaeth (Cymru)'!D$110/40))) -> #VALUE! | X19: =W19*(1+'Rhaniad y Ddeiliadaeth (Cymru)'!E$109)+(W$44*(-(50-$T19)*('Rhaniad y Ddeiliadaeth (Cymru)'!E$110/40))) -> #VALUE! | Y19: =X19*(1+'Rhaniad y Ddeiliadaeth (Cymru)'!F$109)+(X$44*(-(50-$T19)*('Rhaniad y Ddeiliadaeth (Cymru)'!F$110/40))) -> #VALUE! | Z19: =Y19*(1+'Rhaniad y Ddeiliadaeth (Cymru)'!G$109)+(Y$44*(-(50-$T19)*('Rhaniad y Ddeiliadaeth (Cymru)'!G$110/40))) -> #VALUE! | AB19: 25 | AC19: =IF('Rhaniad y Ddeiliadaeth (Cymru)'!$D$8="Amcangyfrifon LlC",'Incwm (Cymru)'!D19,'Incwm (Cymru)'!V19) -> 16236.874 | AD19: =IF('Rhaniad y Ddeiliadaeth (Cymru)'!$D$8="Amcangyfrifon LlC",'Incwm (Cymru)'!E19,'Incwm (Cymru)'!W19) -> 16487.199 | AE19: =IF('Rhaniad y Ddeiliadaeth (Cymru)'!$D$8="Amcangyfrifon LlC",'Incwm (Cymru)'!F19,'Incwm (Cymru)'!X19) -> 16856.588 | AF19: =IF('Rhaniad y Ddeiliadaeth (Cymru)'!$D$8="Amcangyfrifon LlC",'Incwm (Cymru)'!G19,'Incwm (Cymru)'!Y19) -> 17304.664 | AG19: =IF('Rhaniad y Ddeiliadaeth (Cymru)'!$D$8="Amcangyfrifon LlC",'Incwm (Cymru)'!H19,'Incwm (Cymru)'!Z19) -> 17779.686
B20: 26 | C20: 16122.6 | D20: =C20*(1+'Rhaniad y Ddeiliadaeth (Cymru)'!C$109)+(C$44*(-(50-$B20)*('Rhaniad y Ddeiliadaeth (Cymru)'!C$110/40))) -> 16538 | E20: =D20*(1+'Rhaniad y Ddeiliadaeth (Cymru)'!D$109)+(D$44*(-(50-$B20)*('Rhaniad y Ddeiliadaeth (Cymru)'!D$110/40))) -> 16802.753 | F20: =E20*(1+'Rhaniad y Ddeiliadaeth (Cymru)'!E$109)+(E$44*(-(50-$B20)*('Rhaniad y Ddeiliadaeth (Cymru)'!E$110/40))) -> 17189.35 | G20: =F20*(1+'Rhaniad y Ddeiliadaeth (Cymru)'!F$109)+(F$44*(-(50-$B20)*('Rhaniad y Ddeiliadaeth (Cymru)'!F$110/40))) -> 17656.85 | H20: =G20*(1+'Rhaniad y Ddeiliadaeth (Cymru)'!G$109)+(G$44*(-(50-$B20)*('Rhaniad y Ddeiliadaeth (Cymru)'!G$110/40))) -> 18152.622 | L20: =IF(ISBLANK($K$4),"",B20) | N20: =IF(ISBLANK(M20),1,0) -> 1 | T20: =B20 -> 26 | U20: =IF($M$3=$U$3,M20,"") | V20: =IF($V$3=$M$3,M20,U20*(1+'Rhaniad y Ddeiliadaeth (Cymru)'!C$109)+(U$44*(-(50-$T20)*('Rhaniad y Ddeiliadaeth (Cymru)'!C$110/40)))) -> #VALUE! | W20: =V20*(1+'Rhaniad y Ddeiliadaeth (Cymru)'!D$109)+(V$44*(-(50-$T20)*('Rhaniad y Ddeiliadaeth (Cymru)'!D$110/40))) -> #VALUE! | X20: =W20*(1+'Rhaniad y Ddeiliadaeth (Cymru)'!E$109)+(W$44*(-(50-$T20)*('Rhaniad y Ddeiliadaeth (Cymru)'!E$110/40))) -> #VALUE! | Y20: =X20*(1+'Rhaniad y Ddeiliadaeth (Cymru)'!F$109)+(X$44*(-(50-$T20)*('Rhaniad y Ddeiliadaeth (Cymru)'!F$110/40))) -> #VALUE! | Z20: =Y20*(1+'Rhaniad y Ddeiliadaeth (Cymru)'!G$109)+(Y$44*(-(50-$T20)*('Rhaniad y Ddeiliadaeth (Cymru)'!G$110/40))) -> #VALUE! | AB20: 26 | AC20: =IF('Rhaniad y Ddeiliadaeth (Cymru)'!$D$8="Amcangyfrifon LlC",'Incwm (Cymru)'!D20,'Incwm (Cymru)'!V20) -> 16538 | AD20: =IF('Rhaniad y Ddeiliadaeth (Cymru)'!$D$8="Amcangyfrifon LlC",'Incwm (Cymru)'!E20,'Incwm (Cymru)'!W20) -> 16802.753 | AE20: =IF('Rhaniad y Ddeiliadaeth (Cymru)'!$D$8="Amcangyfrifon LlC",'Incwm (Cymru)'!F20,'Incwm (Cymru)'!X20) -> 17189.35 | AF20: =IF('Rhaniad y Ddeiliadaeth (Cymru)'!$D$8="Amcangyfrifon LlC",'Incwm (Cymru)'!G20,'Incwm (Cymru)'!Y20) -> 17656.85 | AG20: =IF('Rhaniad y Ddeiliadaeth (Cymru)'!$D$8="Amcangyfrifon LlC",'Incwm (Cymru)'!H20,'Incwm (Cymru)'!Z20) -> 18152.622
B21: 27 | C21: 16424 | D21: =C21*(1+'Rhaniad y Ddeiliadaeth (Cymru)'!C$109)+(C$44*(-(50-$B21)*('Rhaniad y Ddeiliadaeth (Cymru)'!C$110/40))) -> 16856.52 | E21: =D21*(1+'Rhaniad y Ddeiliadaeth (Cymru)'!D$109)+(D$44*(-(50-$B21)*('Rhaniad y Ddeiliadaeth (Cymru)'!D$110/40))) -> 17136.149 | F21: =E21*(1+'Rhaniad y Ddeiliadaeth (Cymru)'!E$109)+(E$44*(-(50-$B21)*('Rhaniad y Ddeiliadaeth (Cymru)'!E$110/40))) -> 17540.54 | G21: =F21*(1+'Rhaniad y Ddeiliadaeth (Cymru)'!F$109)+(F$44*(-(50-$B21)*('Rhaniad y Ddeiliadaeth (Cymru)'!F$110/40))) -> 18028.146 | H21: =G21*(1+'Rhaniad y Ddeiliadaeth (Cymru)'!G$109)+(G$44*(-(50-$B21)*('Rhaniad y Ddeiliadaeth (Cymru)'!G$110/40))) -> 18545.396 | L21: =IF(ISBLANK($K$4),"",B21) | N21: =IF(ISBLANK(M21),1,0) -> 1 | T21: =B21 -> 27 | U21: =IF($M$3=$U$3,M21,"") | V21: =IF($V$3=$M$3,M21,U21*(1+'Rhaniad y Ddeiliadaeth (Cymru)'!C$109)+(U$44*(-(50-$T21)*('Rhaniad y Ddeiliadaeth (Cymru)'!C$110/40)))) -> #VALUE! | W21: =V21*(1+'Rhaniad y Ddeiliadaeth (Cymru)'!D$109)+(V$44*(-(50-$T21)*('Rhaniad y Ddeiliadaeth (Cymru)'!D$110/40))) -> #VALUE! | X21: =W21*(1+'Rhaniad y Ddeiliadaeth (Cymru)'!E$109)+(W$44*(-(50-$T21)*('Rhaniad y Ddeiliadaeth (Cymru)'!E$110/40))) -> #VALUE! | Y21: =X21*(1+'Rhaniad y Ddeiliadaeth (Cymru)'!F$109)+(X$44*(-(50-$T21)*('Rhaniad y Ddeiliadaeth (Cymru)'!F$110/40))) -> #VALUE! | Z21: =Y21*(1+'Rhaniad y Ddeiliadaeth (Cymru)'!G$109)+(Y$44*(-(50-$T21)*('Rhaniad y Ddeiliadaeth (Cymru)'!G$110/40))) -> #VALUE! | AB21: 27 | AC21: =IF('Rhaniad y Ddeiliadaeth (Cymru)'!$D$8="Amcangyfrifon LlC",'Incwm (Cymru)'!D21,'Incwm (Cymru)'!V21) -> 16856.52 | AD21: =IF('Rhaniad y Ddeiliadaeth (Cymru)'!$D$8="Amcangyfrifon LlC",'Incwm (Cymru)'!E21,'Incwm (Cymru)'!W21) -> 17136.149 | AE21: =IF('Rhaniad y Ddeiliadaeth (Cymru)'!$D$8="Amcangyfrifon LlC",'Incwm (Cymru)'!F21,'Incwm (Cymru)'!X21) -> 17540.54 | AF21: =IF('Rhaniad y Ddeiliadaeth (Cymru)'!$D$8="Amcangyfrifon LlC",'Incwm (Cymru)'!G21,'Incwm (Cymru)'!Y21) -> 18028.146 | AG21: =IF('Rhaniad y Ddeiliadaeth (Cymru)'!$D$8="Amcangyfrifon LlC",'Incwm (Cymru)'!H21,'Incwm (Cymru)'!Z21) -> 18545.396
... B84: 90 | C84: 66980.1 | D84: =C84*(1+'Rhaniad y Ddeiliadaeth (Cymru)'!C$109)+(C$44*(-(50-$B84)*('Rhaniad y Ddeiliadaeth (Cymru)'!C$110/40))) -> 69607.972 | E84: =D84*(1+'Rhaniad y Ddeiliadaeth (Cymru)'!D$109)+(D$44*(-(50-$B84)*('Rhaniad y Ddeiliadaeth (Cymru)'!D$110/40))) -> 71665.106 | F84: =E84*(1+'Rhaniad y Ddeiliadaeth (Cymru)'!E$109)+(E$44*(-(50-$B84)*('Rhaniad y Ddeiliadaeth (Cymru)'!E$110/40))) -> 74290.244 | G84: =F84*(1+'Rhaniad y Ddeiliadaeth (Cymru)'!F$109)+(F$44*(-(50-$B84)*('Rhaniad y Ddeiliadaeth (Cymru)'!F$110/40))) -> 77328.665 | H84: =G84*(1+'Rhaniad y Ddeiliadaeth (Cymru)'!G$109)+(G$44*(-(50-$B84)*('Rhaniad y Ddeiliadaeth (Cymru)'!G$110/40))) -> 80565.776 | L84: =IF(ISBLANK($K$4),"",B84) | N84: =IF(ISBLANK(M84),1,0) -> 1 | T84: =B84 -> 90 | U84: =IF($M$3=$U$3,M84,"") | V84: =IF($V$3=$M$3,M84,U84*(1+'Rhaniad y Ddeiliadaeth (Cymru)'!C$109)+(U$44*(-(50-$T84)*('Rhaniad y Ddeiliadaeth (Cymru)'!C$110/40)))) -> #VALUE! | W84: =V84*(1+'Rhaniad y Ddeiliadaeth (Cymru)'!D$109)+(V$44*(-(50-$T84)*('Rhaniad y Ddeiliadaeth (Cymru)'!D$110/40))) -> #VALUE! | X84: =W84*(1+'Rhaniad y Ddeiliadaeth (Cymru)'!E$109)+(W$44*(-(50-$T84)*('Rhaniad y Ddeiliadaeth (Cymru)'!E$110/40))) -> #VALUE! | Y84: =X84*(1+'Rhaniad y Ddeiliadaeth (Cymru)'!F$109)+(X$44*(-(50-$T84)*('Rhaniad y Ddeiliadaeth (Cymru)'!F$110/40))) -> #VALUE! | Z84: =Y84*(1+'Rhaniad y Ddeiliadaeth (Cymru)'!G$109)+(Y$44*(-(50-$T84)*('Rhaniad y Ddeiliadaeth (Cymru)'!G$110/40))) -> #VALUE! | AB84: 90 | AC84: =IF('Rhaniad y Ddeiliadaeth (Cymru)'!$D$8="Amcangyfrifon LlC",'Incwm (Cymru)'!D84,'Incwm (Cymru)'!V84) -> 69607.972 | AD84: =IF('Rhaniad y Ddeiliadaeth (Cymru)'!$D$8="Amcangyfrifon LlC",'Incwm (Cymru)'!E84,'Incwm (Cymru)'!W84) -> 71665.106 | AE84: =IF('Rhaniad y Ddeiliadaeth (Cymru)'!$D$8="Amcangyfrifon LlC",'Incwm (Cymru)'!F84,'Incwm (Cymru)'!X84) -> 74290.244 | AF84: =IF('Rhaniad y Ddeiliadaeth (Cymru)'!$D$8="Amcangyfrifon LlC",'Incwm (Cymru)'!G84,'Incwm (Cymru)'!Y84) -> 77328.665 | AG84: =IF('Rhaniad y Ddeiliadaeth (Cymru)'!$D$8="Amcangyfrifon LlC",'Incwm (Cymru)'!H84,'Incwm (Cymru)'!Z84) -> 80565.776
N85: =IF(SUM(N4:N84)>0,1,0) -> 1

Sheet Incwm (Gogledd)
B2: Dosbarthiad Incwm Wedi'i Ragosod (Gogledd Cymru) | J2: Dosbarthiad prisiau tai defnyddwyr | U2: Dosbarthiad Incwm Defnyddwyr | AB2: Dosbarthiad Incwm a Ddewiswyd (unai LlC neu defnyddwyr)
B3: Canradd | C3: 2017 | D3: 2018 | E3: 2019 | F3: 2020 | G3: 2021 | H3: 2022 | L3: Canradd | M3: =K4 -> 0 | N3: Gwag? | U3: 2017 | V3: 2018 | W3: 2019 | X3: 2020 | Y3: 2021 | Z3: 2022 | AC3: 2018 | AD3: 2019 | AE3: 2020 | AF3: 2021 | AG3: 2022
B4: 10 | C4: 11519 | D4: =C4*(1+'Rhaniad y Ddeiliadaeth (Gog)'!C$109)+(C$44*(-(50-$B4)*('Rhaniad y Ddeiliadaeth (Gog)'!C$110/40))) -> 11671.862 | E4: =D4*(1+'Rhaniad y Ddeiliadaeth (Gog)'!D$109)+(D$44*(-(50-$B4)*('Rhaniad y Ddeiliadaeth (Gog)'!D$110/40))) -> 11708.301 | F4: =E4*(1+'Rhaniad y Ddeiliadaeth (Gog)'!E$109)+(E$44*(-(50-$B4)*('Rhaniad y Ddeiliadaeth (Gog)'!E$110/40))) -> 11821.93 | G4: =F4*(1+'Rhaniad y Ddeiliadaeth (Gog)'!F$109)+(F$44*(-(50-$B4)*('Rhaniad y Ddeiliadaeth (Gog)'!F$110/40))) -> 11981.048 | H4: =G4*(1+'Rhaniad y Ddeiliadaeth (Gog)'!G$109)+(G$44*(-(50-$B4)*('Rhaniad y Ddeiliadaeth (Gog)'!G$110/40))) -> 12147.405 | J4: =IF('Rhaniad y Ddeiliadaeth (Cymru)'!D8="Arall","Dewiswch data pa flwyddyn hoffech ei ychwanegu:","") | L4: =IF(ISBLANK($K$4),"",B4) | N4: =IF(ISBLANK(M4),1,0) -> 1 | O4: =IF(J4="","","<< Ychwanegwch ddata pob canradd fan hyn.") | T4: =B4 -> 10 | U4: =IF($M$3=$U$3,M4,"") | V4: =IF($V$3=$M$3,M4,U4*(1+'Rhaniad y Ddeiliadaeth (Gog)'!C$109)+(U$44*(-(50-$T4)*('Rhaniad y Ddeiliadaeth (Gog)'!C$110/40)))) -> #VALUE! | W4: =V4*(1+'Rhaniad y Ddeiliadaeth (Gog)'!D$109)+(V$44*(-(50-$T4)*('Rhaniad y Ddeiliadaeth (Gog)'!D$110/40))) -> #VALUE! | X4: =W4*(1+'Rhaniad y Ddeiliadaeth (Gog)'!E$109)+(W$44*(-(50-$T4)*('Rhaniad y Ddeiliadaeth (Gog)'!E$110/40))) -> #VALUE! | Y4: =X4*(1+'Rhaniad y Ddeiliadaeth (Gog)'!F$109)+(X$44*(-(50-$T4)*('Rhaniad y Ddeiliadaeth (Gog)'!F$110/40))) -> #VALUE! | Z4: =Y4*(1+'Rhaniad y Ddeiliadaeth (Gog)'!G$109)+(Y$44*(-(50-$T4)*('Rhaniad y Ddeiliadaeth (Gog)'!G$110/40))) -> #VALUE! | AB4: 10 | AC4: =IF('Rhaniad y Ddeiliadaeth (Cymru)'!$D$8="Amcangyfrifon LlC",'Incwm (Gogledd)'!D4,'Incwm (Gogledd)'!V4) -> 11671.862 | AD4: =IF('Rhaniad y Ddeiliadaeth (Cymru)'!$D$8="Amcangyfrifon LlC",'Incwm (Gogledd)'!E4,'Incwm (Gogledd)'!W4) -> 11708.301 | AE4: =IF('Rhaniad y Ddeiliadaeth (Cymru)'!$D$8="Amcangyfrifon LlC",'Incwm (Gogledd)'!F4,'Incwm (Gogledd)'!X4) -> 11821.93 | AF4: =IF('Rhaniad y Ddeiliadaeth (Cymru)'!$D$8="Amcangyfrifon LlC",'Incwm (Gogledd)'!G4,'Incwm (Gogledd)'!Y4) -> 11981.048 | AG4: =IF('Rhaniad y Ddeiliadaeth (Cymru)'!$D$8="Amcangyfrifon LlC",'Incwm (Gogledd)'!H4,'Incwm (Gogledd)'!Z4) -> 12147.405
B5: 11 | C5: 12038 | D5: =C5*(1+'Rhaniad y Ddeiliadaeth (Gog)'!C$109)+(C$44*(-(50-$B5)*('Rhaniad y Ddeiliadaeth (Gog)'!C$110/40))) -> 12215.589 | E5: =D5*(1+'Rhaniad y Ddeiliadaeth (Gog)'!D$109)+(D$44*(-(50-$B5)*('Rhaniad y Ddeiliadaeth (Gog)'!D$110/40))) -> 12272.599 | F5: =E5*(1+'Rhaniad y Ddeiliadaeth (Gog)'!E$109)+(E$44*(-(50-$B5)*('Rhaniad y Ddeiliadaeth (Gog)'!E$110/40))) -> 12411.5 | G5: =F5*(1+'Rhaniad y Ddeiliadaeth (Gog)'!F$109)+(F$44*(-(50-$B5)*('Rhaniad y Ddeiliadaeth (Gog)'!F$110/40))) -> 12599.465 | H5: =G5*(1+'Rhaniad y Ddeiliadaeth (Gog)'!G$109)+(G$44*(-(50-$B5)*('Rhaniad y Ddeiliadaeth (Gog)'!G$110/40))) -> 12796.603 | J5: =IF(J4="","","Dim ond data ar gyfer un flwyddyn sydd angen i chi ychwanegu (unai 2017 neu 2018)") | L5: =IF(ISBLANK($K$4),"",B5) | N5: =IF(ISBLANK(M5),1,0) -> 1 | T5: =B5 -> 11 | U5: =IF($M$3=$U$3,M5,"") | V5: =IF($V$3=$M$3,M5,U5*(1+'Rhaniad y Ddeiliadaeth (Gog)'!C$109)+(U$44*(-(50-$T5)*('Rhaniad y Ddeiliadaeth (Gog)'!C$110/40)))) -> #VALUE! | W5: =V5*(1+'Rhaniad y Ddeiliadaeth (Gog)'!D$109)+(V$44*(-(50-$T5)*('Rhaniad y Ddeiliadaeth (Gog)'!D$110/40))) -> #VALUE! | X5: =W5*(1+'Rhaniad y Ddeiliadaeth (Gog)'!E$109)+(W$44*(-(50-$T5)*('Rhaniad y Ddeiliadaeth (Gog)'!E$110/40))) -> #VALUE! | Y5: =X5*(1+'Rhaniad y Ddeiliadaeth (Gog)'!F$109)+(X$44*(-(50-$T5)*('Rhaniad y Ddeiliadaeth (Gog)'!F$110/40))) -> #VALUE! | Z5: =Y5*(1+'Rhaniad y Ddeiliadaeth (Gog)'!G$109)+(Y$44*(-(50-$T5)*('Rhaniad y Ddeiliadaeth (Gog)'!G$110/40))) -> #VALUE! | AB5: 11 | AC5: =IF('Rhaniad y Ddeiliadaeth (Cymru)'!$D$8="Amcangyfrifon LlC",'Incwm (Gogledd)'!D5,'Incwm (Gogledd)'!V5) -> 12215.589 | AD5: =IF('Rhaniad y Ddeiliadaeth (Cymru)'!$D$8="Amcangyfrifon LlC",'Incwm (Gogledd)'!E5,'Incwm (Gogledd)'!W5) -> 12272.599 | AE5: =IF('Rhaniad y Ddeiliadaeth (Cymru)'!$D$8="Amcangyfrifon LlC",'Incwm (Gogledd)'!F5,'Incwm (Gogledd)'!X5) -> 12411.5 | AF5: =IF('Rhaniad y Ddeiliadaeth (Cymru)'!$D$8="Amcangyfrifon LlC",'Incwm (Gogledd)'!G5,'Incwm (Gogledd)'!Y5) -> 12599.465 | AG5: =IF('Rhaniad y Ddeiliadaeth (Cymru)'!$D$8="Amcangyfrifon LlC",'Incwm (Gogledd)'!H5,'Incwm (Gogledd)'!Z5) -> 12796.603
